Workbook

Sheet Monitoring_eng
A1: questionID | B1: question | C1: Bakhmut | D1: Bakhmut_comment | E1: Berdychiv | F1: Berdychiv_comment | G1: Berdiansk | H1: Berdiansk_comment | I1: Bila Tserkva | J1: Bila Tserkva_comment | K1: Brovary | L1: Brovary_comment | M1: Vinnytsia | N1: Vinnytsia_comment | O1: Dnipro | P1: Dnipro_comment | Q1: Drohobych | R1: Drohobych_comment | S1: Zhytomyr | T1: Zhytomyr_comment | U1: Zaporizhzhia | V1: Zaporizhzhia_comment | W1: Ivano-Frankivsk | X1: Ivano-Frankivsk_comment | Y1: Izmail | Z1: Izmail_comment | AA1: Kamianets-Podilskyi | AB1: Kamianets-Podilskyi_comment | AC1: Kamianske | AD1: Kamianske_comment | AE1: Kyiv | AF1: Kyiv_comment | AG1: Kovel | AH1: Kovel_comment | AI1: Konotop | AJ1: Konotop_comment | AK1: Kostiantynivka | AL1: Kostiantynivka_comment | AM1: Kramatorsk | AN1: Kramatorsk_comment | AO1: Kremenchuk | AP1: Kremenchuk_comment | AQ1: Kryvyi Rih | AR1: Kryvyi Rih_comment | AS1: Kropyvnytskyi | AT1: Kropyvnytskyi_comment | AU1: Lysychansk | AV1: Lysychansk_comment | AW1: Lutsk | AX1: Lutsk_comment | AY1: Lviv | AZ1: Lviv_comment | BA1: Mariupol | BB1: Mariupol_comment | BC1: Melitopol | BD1: Melitopol_comment | BE1: Mykolaiv | BF1: Mykolaiv_comment | BG1: Mukacheve | BH1: Mukacheve_comment | BI1: Nizhyn | BJ1: Nizhyn_comment | BK1: Nikopol | BL1: Nikopol_comment | BM1: Novomoskovsk | BN1: Novomoskovsk_comment | BO1: Odesa | BP1: Odesa_comment | BQ1: Oleksandriia | BR1: Oleksandriia_comment | BS1: Pavlohrad | BT1: Pavlohrad_comment | BU1: Poltava | BV1: Poltava_comment | BW1: Rivne | BX1: Rivne_comment | BY1: Sievierodonetsk | BZ1: Sievierodonetsk_comment | CA1: Sloviansk | CB1: Sloviansk_comment | CC1: Sumy | CD1: Sumy_comment | CE1: Ternopil | CF1: Ternopil_comment | CG1: Uzhhorod | CH1: Uzhhorod_comment | CI1: Uman | CJ1: Uman_comment | CK1: Kharkiv | CL1: Kharkiv_comment | CM1: Kherson | CN1: Kherson_comment | CO1: Khmelnytskyi | CP1: Khmelnytskyi_comment | CQ1: Cherkasy | CR1: Cherkasy_comment | CS1: Chernivtsi | CT1: Chernivtsi_comment | CU1: Chernihiv | CV1: Chernihiv_comment | CW1: Shostka | CX1: Shostka_comment
A2: Q1 | B2: Is there an online platform for communication between citizens and the City Council available on the City Council website for filing complaints, suggestions and appeals, as well as requests for information? | C2: yes | D2: http://artemrada.gov.ua/8587 | E2: yes | F2: http://www.berdychiv.com.ua/index.php?do=feedback | G2: yes | H2: https://bmr.gov.ua/index.php?id=521 http://petition.bmr.gov.ua https://bmr.gov.ua/index.php?id=800000253 https://bmr.gov.ua/index.php?id=800000267 | I2: yes | J2: "For citizens" - "Electronic application" | K2: yes | L2: http://brovary-rada.gov.ua/content/centr-nadannya-administrativnih-poslug.html | M2: yes | N2: https://www.vmr.gov.ua/Lists/Officials/Default.aspx https://1560.vmr.gov.ua/default.aspx; | O2: yes | P2: http://dmr.dp.ua/dniprorada/ | Q2: yes | R2: http://drohobych-rada.gov.ua/servisy/ | S2: no | U2: yes | V2: http://ep.zp.gov.ua/uk/ https://1580.zp.gov.ua/ https://zp.gov.ua/uk/page/contact-form | W2: yes | X2: http://www.emvk.if.ua/, http://www.emvk.if.ua/stan , http://www.mvk.if.ua/advisor http://petition.mvk.if.ua/ | Y2: yes | Z2: http://izmail-rada.gov.ua/component/content/article/164-2011-01-31-07-52-55/2448-2012-08-14-05-12-27 | AA2: yes | AB2: http://kam-pod.gov.ua/gromadianam/zapitannia-do-vladi | AC2: yes | AD2: http://ez.kam.gov.ua/ | AE2: yes | AF2: https://kyivcity.gov.ua/publichna_informatsiya_257928/podati_zapit_onlayn_257949.html https://1551.gov.ua/ zvernen@kmda.gov.ua https://kmr.gov.ua/uk/content/korysna-informaciya; zapyt@kmr.gov.ua 202-71-14, 202-70-03 | AG2: yes | AH2: http://kovelrada.gov.ua/appeals_citizens.html | AI2: yes | AJ2: https://docs.google.com/forms/d/1Cb5t84396zF9PXD9wvw5 uLj_xTDafPJ91I0WCMYaqnQ | AK2: yes | AL2: http://konstrada.gov.ua/zvernennya-gromadyan | AM2: yes | AN2: http://www.krm.gov.ua/zapit/view/135 http://www.krm.gov.ua/zapit/view/29 | AO2: yes | AP2: https://petition.kremen.gov.ua/ | AQ2: yes | AR2: http://kr.gov.ua/ua/consultationform/ http://krmisto.gov.ua/ua/komcentr/register/komcentr.html | AS2: yes | AT2: http://www.kr-rada.gov.ua/contacts_g/ http://kr-rada.gov.ua/contacts/ | AU2: yes | AV2: Unified system of electronic petitions "Appeals" complaint@lis.gov.ua | AW2: yes | AX2: https://www.lutskrada.gov.ua/public-information/request https://www.lutskrada.gov.ua/pages/elektronne-zvernennia | AY2: yes | AZ2: https://city-adm.lviv.ua/services/application | BA2: yes | BB2: https://drive.google.com/open?id=1kA-Ystqzv3wQ4vIFGkkWsCODFN4NMjaf | BC2: yes | BD2: http://petition.mlt.gov.ua/index.php/uk/elektronni-petitsiii-ta-zvernennya | BE2: yes | BF2: https://mkrada.gov.ua/ | BG2: no | BI2: yes | BJ2: http://nizhynrada.gov.ua/article/1529/-msto.html | BK2: yes | BL2: http://nikopol-mrada.dp.gov.ua/servisi/pytannia-meru | BM2: no | BO2: yes | BP2: https://1535.odessa.ua/ https://www.omr.gov.ua/ua/city/departments/gorzdrav/appeal/ | BQ2: yes | BR2: http://olexrada.gov.ua/zapmg | BS2: partially | BT2: https://pavlogradmrada.dp.gov.ua/napisat-pismo-mehru | BU2: yes | BV2: http://www.rada-poltava.gov.ua/petition/ | BW2: yes | BX2: www.city-adm.rv.ua http://medrivne.com.ua | BY2: yes | BZ2: http://sed-rada.org.ua/zvorotniy-zvyazok | CA2: yes | CB2: http://ez.slavrada.gov.ua/ | CC2: partially | CD2: https://smr.gov.ua/uk/elektronne-zvernennia/8179-elektronne-zvernennya.html https://smr.gov.ua/uk/dokumenti/dostup-do-publichnoji-informatsiji/2180-pro-dostup-do-publichnoji-informatsiji-u-sumskij-miskij-radi.html | CE2: partially | CF2: http://rada.te.ua/pytannia-vidpovidi/ ternopil_rada@ukr.net | CG2: yes | CH2: https://rada-uzhgorod.gov.ua/zvernennya-gromadyan/ https://opencity.in.ua/issuelist#r=UA2110100000 https://rada-uzhgorod.gov.ua/dostup-do-publichnoyi-informatsiyi/ https://rada-uzhgorod.gov.ua/zvernennya-gromadyan/ https://opencity.in.ua/issuelist#r=UA2110100000 https://rada-uzhgorod.gov.ua/dostup-do-publichnoyi-informatsiyi/ https://rada-uzhgorod.gov.ua/zvernennya-gromadyan/ https://opencity.in.ua/issuelist#r=UA2110100000 https://rada-uzhgorod.gov.ua/dostup-do-publichnoyi-informatsiyi/ https://rada-uzhgorod.gov.ua/zvernennya-gromadyan/ https://opencity.in.ua/issuelist#r=UA2110100000 https://rada-uzhgorod.gov.ua/dostup-do-publichnoyi-informatsiyi/ | CI2: yes | CJ2: http://uman-rada.gov.ua/index.php/elektronna-hromadska-pryimalnia | CK2: yes | CL2: http://www.citv.kharkov.ua/uk/gorodskava-vlast/gorodskoi-golova/obratnava-svyaz/vopros-gorodskomu-golove.html http://www.citv.kharkov.ua/ukypublichnava-infonnacziva.html http://cdr.citynet.kharkov.ua/webdocprof | CM2: yes | CN2: http://mvk.kherson.ua/zvernenya | CO2: yes | CP2: https://khm.gov.ua/uk/content/elektronni-zvernennya | CQ2: yes | CR2: http://chmr.gov.ua/ua/text.php?s=4&s1=34 | CS2: yes | CT2: http://zvernennya.chernivtsy.eu/ | CU2: yes | CV2: http://e-dem.in.ua/chernihiv https://igov.org.ua/service/659/general | CW2: yes | CX2: http://shostka-smartcity.com/
A3: Q2 | B3: Do the responds to citizens' appeals, suggestions, and complaints are available on the respective online platform for public observation? | C3: no | E3: no | G3: no | I3: no | K3: yes | L3: drive.google.com/file/d/1f_9cYojWa7Yn-zeMI Pwyaqc_dAqTIuz/view | M3: yes | N3: https://www.vmr.gov.ua/Lists/CitizenAddressResponses/Default.aspx http://maps2.vmr.gov.ua/ | O3: no | Q3: no | S3: no | U3: no | W3: no | Y3: yes | Z3: http://izmail-rada.gov.ua/component/content/article/164-2011-01-31-07-52-55/2448-2012-08-14-05-12-27 | AA3: yes | AB3: http://kam-pod.gov.ua/gromadianam/zapitannia-do-vladi | AC3: no | AE3: yes | AF3: https://old.kyivcity.gov.ua/public-info/ | AG3: no | AI3: no | AK3: no | AM3: no | AO3: no | AQ3: yes | AR3: http://krmisto.gov.ua/ua/komcentr/publics.html | AS3: no | AU3: yes | AV3: http://lis.gov.ua/2011-03-25-08-36-56/2011-06-10-10-24-37.html | AW3: yes | AX3: https://www.lutskrada.gov.ua/search?q=%D0%B2%D1%96%D0%B4%D0%BF%D0%BE%D0%B2%D1%96%D0%B4%D1%8C+%D0%BD%D0%B0+%D1%81%D0%BA%D0%B0%D1%80%D0%B3%D0%B8 | AY3: no | BA3: no | BC3: no | BE3: no | BG3: no | BI3: yes | BJ3: https://e-dem.in.ua/nizhyn/petition/consider/all | BK3: yes | BL3: http://nikopol-mrada.dp.gov.ua/servisi/vidpovidi | BM3: no | BO3: yes | BP3: https://1535.odessa.ua https://1535.odessa.ua/petition/i-MjgxMTQ3/ | BQ3: no | BS3: yes | BT3: https://pavlogradmrada.dp.gov.ua/category/otvety-mehra-zhitelyam-goroda | BU3: no | BW3: no | BY3: no | CA3: no | CC3: no | CE3: partially | CF3: http://rada.te.ua/pytannia-vidpovidi/ | CG3: partially | CH3: https://opencity.in.ua/issuelist#r=UA2110100000 | CI3: no | CK3: no | CM3: no | CO3: yes | CP3: https://opencity.in.ua/issuelist#r=UA6810100000 | CQ3: no | CS3: yes | CT3: http://zvernennya.chernivtsy.eu/ | CU3: yes | CV3: https://igov.org.ua/service/659/general | CW3: no
A4: Q3 | B4: Are the responds to citizens' appeals, suggestions, and complaints sent/published on the respective online platform within ten working days? | C4: no | E4: yes | G4: no | I4: no | K4: no | M4: yes | N4: http://maps2.vmr.gov.ua/ | O4: no | Q4: no | S4: yes | T4: http://zt-rada.gov.ua | U4: no | W4: no | X4: http://www.emvk.if.ua/stan | Y4: partially | Z4: http://izmail-rada.gov.ua/component/content/article/164-2011-01-31-07-52-55/2448-2012-08-14-05-12-27 | AA4: yes | AB4: http://kam-pod.gov.ua/gromadianam/zapitannia-do-vladi http://kam-pod.gov.ua/gromadianam/zapitannia-do-vladi http://kam-pod.gov.ua/gromadianam/zapitannia-do-vladi | AC4: yes | AE4: yes | AF4: https://old.kyivcity.gov.ua/public-info/ | AG4: yes | AI4: no | AK4: no | AM4: no | AO4: no | AQ4: yes | AR4: http://krmisto.gov.ua/ua/komcentr/publics.html | AS4: no | AU4: no | AW4: no | AY4: no | BA4: no | BC4: no | BE4: no | BG4: no | BI4: yes | BJ4: https://e-dem.in.ua/nizhyn/petition/consider/all | BK4: yes | BL4: http://nikopol-mrada.dp.gov.ua/servisi/vidpovidi | BM4: no | BO4: yes | BP4: https://1535.odessa.ua/petition/i-Mjg0MTg3/ | BQ4: no | BS4: no | BU4: no | BW4: no | BY4: no | CA4: no | CC4: no | CE4: yes | CF4: https://tmrada.gov.ua/municipal-data-map/form-elektronnogo-zvernennya/ | CG4: partially | CH4: https://rada-uzhgorod.gov.ua/uploads/sites/2/2017/05/ZAKON-UKRAYIN1Pro-zvernen.gromad.zi-zminamy.pdf http://old.rada-uzhgorod.gov.ua/download/v/R_455_vidkrute_misto_12.11.14.pdf | CI4: yes | CK4: no | CM4: no | CO4: yes | CQ4: yes | CR4: http://chmr.gov.ua/ua/sections.php?s=40 | CS4: yes | CU4: yes | CV4: https://igov.org.ua/service/659/general | CW4: yes | CX4: http://shostka-smartcity.com/
A5: Q4 | B5: Is there a possibility to track the progress of appeals, complaints, and suggestions on the respective online platform through the indication of information on acceptance for consideration, employee responsible for processing, as well as the term of consideration? | C5: no | E5: no | G5: no | I5: no | K5: no | M5: yes | N5: http://www.vmr.gov.ua | O5: no | P5: https://hotline.dniprorada.gov.ua/ | Q5: yes | R5: http://drohobych-rada.gov.ua/gromada/elektronni-petytsiyi-gromadyan/ http://drohobych-rada.gov.ua/elektronne-zvernennya/ | S5: no | U5: no | W5: yes | X5: http://www.emvk.if.ua/stan | Y5: no | AA5: yes | AB5: http://kam-pod.gov.ua/gromadianam/zapitannia-do-vladi | AC5: yes | AD5: https://e-dem.in.ua/dniprodzerzhynsk | AE5: no | AG5: no | AI5: no | AK5: no | AM5: no | AO5: no | AQ5: yes | AR5: http://krmisto.gov.ua/ua/komcentr/publics.html | AS5: no | AU5: no | AW5: no | AX5: http://lutskrada.gov.ua/elektronni-petyciyi-1 | AY5: yes | AZ5: https://city-adm.lviv.ua/services/results | BA5: no | BC5: no | BE5: no | BG5: no | BI5: no | BK5: no | BM5: no | BO5: yes | BP5: https://1535.odessa.ua/petition/i-MjgxMTQ3/ | BQ5: no | BS5: no | BU5: yes | BW5: no | BY5: no | CA5: yes | CB5: http://ez.slavrada.gov.ua/stan | CC5: no | CE5: no | CG5: partially | CH5: Only on "Open City" portal | CI5: yes | CK5: no | CM5: no | CO5: yes | CP5: https://e-dem.tools/6810100000 https://opencity.in.ua/issuelist#r=UA6810100000 | CQ5: no | CS5: yes | CT5: On the platform "Open City" | CU5: no | CV5: https://igov.org.ua/service/659/general | CW5: no
A6: Q5 | B6: Does the municipality provide the responce to requests for information within the statutory deadlines (within five days from the date of receipt of request)? (filling in the questionnaire) | C6: yes | D6: response received in time | E6: yes | F6: response received in time | G6: yes | H6: response received in time | I6: no | K6: yes | L6: response received in time | M6: yes | N6: response received in time | O6: yes | P6: response received in time | Q6: no | S6: yes | T6: response received in time | U6: yes | V6: response received in time | W6: yes | X6: response received in time | Y6: no | AA6: yes | AB6: response received in time | AC6: yes | AD6: response received in time | AE6: yes | AF6: response received in time | AG6: yes | AH6: response received in time | AI6: yes | AJ6: response received in time | AK6: no | AM6: yes | AN6: response received in time | AO6: no | AQ6: yes | AR6: response received in time | AS6: yes | AT6: response received in time | AU6: yes | AV6: response received in time | AW6: yes | AX6: response received in time | AY6: yes | AZ6: response received in time | BA6: yes | BB6: response received in time | BC6: no | BE6: yes | BF6: response received in time | BG6: yes | BH6: response received in time | BI6: yes | BJ6: response received in time | BK6: yes | BL6: response received in time | BM6: yes | BN6: response received in time | BO6: yes | BP6: response received in time | BQ6: yes | BR6: response received in time | BS6: no | BU6: yes | BV6: response received in time | BW6: yes | BX6: response received in time | BY6: yes | BZ6: response received in time | CA6: yes | CB6: response received in time | CC6: yes | CD6: response received in time | CE6: no | CG6: yes | CH6: response received in time | CI6: yes | CJ6: response received in time | CK6: no | CM6: yes | CN6: response received in time | CO6: yes | CP6: response received in time | CQ6: yes | CR6: response received in time | CS6: yes | CT6: response received in time | CU6: yes | CV6: response received in time | CW6: yes | CX6: response received in time
A7: Q6 | B7: Does the municipality provide the responce to requests for information in full? (filling in the questionnaire) | C7: yes | D7: response received in full | E7: yes | F7: response received in full | G7: yes | H7: response received in full | I7: no | K7: yes | L7: response received in full | M7: yes | N7: response received in time | O7: yes | P7: response received in time | Q7: no | S7: yes | T7: response received in time | U7: yes | V7: response received in time | W7: yes | X7: response received in full | Y7: no | AA7: yes | AB7: response received in full | AC7: yes | AD7: response received in full | AE7: yes | AF7: response received in full | AG7: yes | AH7: response received in full | AI7: yes | AJ7: response received in full | AK7: no | AM7: yes | AN7: response received in full | AO7: no | AQ7: yes | AR7: response received in full | AS7: yes | AT7: response received in full | AU7: yes | AV7: response received in full | AW7: yes | AX7: response received in full | AY7: yes | AZ7: response received in full | BA7: yes | BB7: response received in full | BC7: no | BE7: yes | BF7: response received in full | BG7: yes | BH7: response received in full | BI7: yes | BJ7: response received in full | BK7: yes | BL7: response received in full | BM7: yes | BN7: response received in full | BO7: yes | BP7: response received in full | BQ7: yes | BR7: response received in full | BS7: no | BU7: yes | BV7: response received in full | BW7: yes | BX7: response received in full | BY7: yes | BZ7: response received in full | CA7: yes | CB7: response received in full | CC7: yes | CD7: response received in full | CE7: no | CG7: yes | CH7: response received in full | CI7: yes | CJ7: response received in full | CK7: no | CM7: yes | CN7: response received in full | CO7: yes | CP7: response received in full | CQ7: yes | CR7: response received in full | CS7: yes | CT7: response received in full | CU7: yes | CV7: response received in full | CW7: yes | CX7: response received in full
A8: Q7 | B8: Does the municipality provide the responce to requests for information within the statutory deadlines (within five days from the date of receipt of request)? (response to the 'Secret shopper’s request') | C8: yes | D8: response received in time | E8: yes | F8: response received in time | G8: yes | H8: response received in time | I8: no | K8: yes | L8: response received in time | M8: yes | N8: response received in time | O8: yes | P8: response received in time | Q8: no | S8: yes | T8: response received in time | U8: yes | V8: response received in time | W8: yes | X8: response received in time | Y8: yes | Z8: response received in time | AA8: yes | AB8: response received in time | AC8: yes | AD8: response received in time | AE8: yes | AF8: response received in time | AG8: yes | AH8: response received in time | AI8: yes | AJ8: response received in time | AK8: yes | AL8: response received in time | AM8: yes | AN8: response received in time | AO8: no | AQ8: yes | AR8: response received in time | AS8: yes | AT8: response received in time | AU8: yes | AV8: response received in time | AW8: yes | AX8: response received in time | AY8: yes | AZ8: response received in time | BA8: yes | BB8: response received in time | BC8: no | BE8: yes | BF8: response received in time | BG8: yes | BH8: response received in time | BI8: yes | BJ8: response received in time | BK8: yes | BL8: response received in time | BM8: yes | BN8: response received in time | BO8: yes | BP8: response received in time | BQ8: yes | BR8: response received in time | BS8: no | BU8: yes | BV8: response received in time | BW8: yes | BX8: response received in time | BY8: yes | BZ8: response received in time | CA8: yes | CB8: response received in time | CC8: yes | CD8: response received in time | CE8: no | CG8: yes | CH8: response received in time | CI8: yes | CJ8: response received in time | CK8: no | CM8: yes | CN8: response received in time | CO8: yes | CP8: response received in time | CQ8: yes | CR8: response received in time | CS8: yes | CT8: response received in time | CU8: yes | CV8: response received in time | CW8: yes | CX8: response received in time
A9: Q8 | B9: Does the municipality provide the responce to requests for information in full? (response to the 'Secret shopper’s request') | C9: yes | D9: response received in full | E9: yes | F9: response received in full | G9: yes | H9: response received in full | I9: no | K9: yes | L9: response received in full | M9: yes | N9: response received in time | O9: yes | P9: response received in time | Q9: no | S9: yes | T9: response received in time | U9: yes | V9: response received in time | W9: yes | X9: response received in time | Y9: yes | Z9: response received in time | AA9: yes | AB9: response received in full | AC9: yes | AD9: response received in full | AE9: yes | AF9: response received in full | AG9: yes | AH9: response received in full | AI9: yes | AJ9: response received in full | AK9: yes | AL9: response received in full | AM9: yes | AN9: response received in full | AO9: no | AQ9: yes | AR9: response received in time | AS9: yes | AT9: response received in full | AU9: yes | AV9: response received in full | AW9: yes | AX9: response received in full | AY9: yes | AZ9: response received in full | BA9: yes | BB9: response received in full | BC9: no | BE9: yes | BF9: response received in full | BG9: yes | BH9: response received in full | BI9: yes | BJ9: response received in full | BK9: yes | BL9: response received in full | BM9: yes | BN9: response received in full | BO9: yes | BP9: response received in full | BQ9: yes | BR9: response received in full | BS9: no | BU9: yes | BV9: response received in full | BW9: yes | BX9: response received in full | BY9: yes | BZ9: response received in full | CA9: yes | CB9: response received in full | CC9: yes | CD9: response received in full | CE9: no | CG9: yes | CH9: response received in full | CI9: yes | CJ9: response received in full | CK9: no | CM9: yes | CN9: response received in full | CO9: yes | CP9: response received in full | CQ9: yes | CR9: response received in full | CS9: yes | CT9: response received in full | CU9: yes | CV9: response received in full | CW9: yes | CX9: response received in full
A10: Q9 | B10: Are the reports on the processing of requests for public information published periodically (at least annually) on the City Council website? | C10: yes | D10: http://artemrada.gov.ua/2083 | E10: yes | F10: http://www.berdychiv.com.ua/zvti.html | G10: yes | H10: http://bmr.gov.ua/index.php?id=800000514 | I10: yes | J10: http://bc-rada.gov.ua/sites/default/files/2017/160701_zvit_pi.zip | K10: yes | L10: http://brovary-rada.gov.ua/content/dostup-do-publichnoi-informacii1.html | M10: yes | N10: https://www.vmr.gov.ua/TransparentCity/SitePages/AppealsRequestsInfo.aspx | O10: yes | P10: https://dniprorada.gov.ua/uk/page/zviti-pro-zapiti-na-publichnu-informaciyu | Q10: partially | R10: http://drohobych-rada.gov.ua | S10: yes | T10: http://zt-rada.gov.ua/?3506[0]=29 | U10: yes | V10: https://zp.gov.ua/uk/page/zviti-pro-zadovolennya-zapitiv-na-publichnu-informaciyu | W10: yes | X10: http://www.mvk.if.ua/pinfzv | Y10: no | AA10: yes | AB10: http://kam-pod.gov.ua/documents/dostup-do-publ-informatsii/zviti-ta-poshireni-vidpovidi | AC10: yes | AD10: http://kam.gov.ua/dostup_do_publichnoi_informatsii/zviti | AE10: yes | AF10: http://kmr.gov.ua/uk/content/zvity | AG10: yes | AH10: http://www.kovelrada.gov.ua/zviti_cshodo_zadovolennya_zapitiv_na_publichnu_informaciyu.html | AI10: yes | AJ10: http://rada.konotop.org/2011-07-19-10-56-08/2011-07-20-07-20-37 | AK10: no | AM10: no | AO10: no | AQ10: no | AS10: no | AU10: yes | AV10: http://lis.gov.ua/2013-08-07-05-49-53/2013-08-09-08-37-38.html | AW10: yes | AX10: https://www.lutskrada.gov.ua/pages/zvity-pro-nadkhodzhennia-zapytivinformatsii/zviti | AY10: yes | AZ10: https://city-adm.lviv.ua/reports | BA10: yes | BB10: http://marsovet.org.ua/articles/show/article/3433 | BC10: yes | BD10: http://mlt.gov.ua/index.php?option=com_content&task=view&id=4370&Itemid=296 | BE10: yes | BF10: http://mkrada.gov.ua/content/zviti.html | BG10: yes | BH10: https://mukachevo-rada.gov.ua/index.php/vidkryte-misto/dostup-do-publichnoi-informatsii | BI10: no | BK10: yes | BL10: http://www.nikopol-mrada.dp.gov.ua/zvit-po-informatsiynim-zapitam | BM10: yes | BN10: http://novomoskovsk-rada.gov.ua/static/richni-zviti-shchodo-dostupu-do-publichnoyi-informaciyi | BO10: yes | BP10: http://omr.gov.ua/ru/essential/67023 | BQ10: no | BS10: yes | BT10: http://pavlogradmrada.dp.gov.ua/category/vikonkom-2/zapiti-na-publichnu-informaciyu | BU10: yes | BV10: http://www.rada-poltava.gov.ua/documents/public_reports/ | BW10: no | BY10: yes | BZ10: http://sed-rada.org.ua/zviti-shchodo-zadovolennya-zapitiv-na-publichnu-informaciyu/zvit | CA10: yes | CB10: http://www.slavrada.gov.ua/?view=public_info | CC10: yes | CD10: https://smr.gov.ua/uk/misto/2017-03-14-08-10-17/2188-zviti-pro-zapiti-na-publichnu-informatsiyu.html | CE10: no | CG10: yes | CH10: http://rada-uzhgorod.gov.ua/rada_docs_taxonomy/zvity-pro-zapyty-na-informatsiyu/ | CI10: no | CK10: no | CM10: yes | CN10: http://www.city.kherson.ua/c/publichna-informaciya | CO10: yes | CP10: http://khmelnytsky.com/index.php?option=com_content&view=category&layout=blog&id=300&Itemid=534 | CQ10: no | CS10: no | CU10: yes | CV10: http://chernigiv-rada.gov.ua/project/info-access | CW10: yes | CX10: http://shostka-rada.gov.ua/public/zvit/zvti_pro_dostup_do_publchno_nformac_u_vikonkom_shostkinsko_msko_radi_za_2017_rk
A11: Q10 | B11: Are materials of the City Council sessions published on the City Council website (including transcripts, audio/video recording of the sessions, minutes of the sessions and the results of roll-call votes)? | C11: yes | D11: http://artemrada.gov.ua/protocols | E11: yes | F11: http://www.berdychiv.com.ua/rshennya/rishennya-rada/ | G11: yes | H11: http://bmr.gov.ua/index.php?id=800000269 https://bmr.gov.ua/index.php? id-800000839 https://bmr.gov.ua/index.php?%20id=800000598&no_cache=%201%20&tx_bmrfeusers_bmrfeusers%20%5BlrontendUserBmr%5D=%201%20203&tx_bmrfeusers_bmrfeus%20ers%5Baction%5D=show&tx%20_bm%20rfeusers_bmrfeusers%%205B%20controller%5D=FrontendUser%20Bmr&cHash=77f25b84038dd%20ed0b439066a74cc52e6 | I11: partially | J11: http://bc-rada.gov.ua/node/10471 http://bc-rada.gov.ua/node/9457 https://www.youtube.com/channel/UCHXNEneGtYx0jMpYwiSY_PA/live | K11: yes | L11: http://brovary-rada.gov.ua/content/arhiv-sesiy-miskoi-radi.html http://brovary-rada.gov.ua/content/protokoli-sesiy-miskoi-radi.html | M11: yes | N11: https://www.vmr.gov.ua/Lists/CityCouncil/ShowContent.aspx?ID=55; https://www.vmr.gov.ua/Lists/CityCouncil/ShowContent.aspx?ID=80 | O11: yes | P11: https://dniprorada.gov.ua/uk/articles/category/protokoli-provedennya/ https://dniprorada.gov.ua/uk/articles/item/20259/rezultati-poimennogo-golosuvannya http://edeputat.dniprorada.gov.ua/uk/deputies https://dniprorada.gov.ua/uk/page/poshuk-prijnyatih-dokumentiv-dniprovskoi-miskoi-radi https://dniprorada.gov.ua/uk/page/onlajn-translyacii | Q11: yes | R11: http://drohobych-rada.gov.ua/category/videonovyny2/ and minutes, votes http://drohobych-rada.gov.ua/deputaty-diyalnist-rady/ | S11: yes | T11: http://zt-rada.gov.ua/?3398[0]=54 | U11: yes | V11: https://zp.gov.ua/uk/sessions/48/votes | W11: yes | X11: http://www.mrada.if.ua/27- mr/multymedia/audiozapysy http://www.mrada.if.ua/%D0%B4%D0%BE%D0%BA%D1%83%D0%BC%D0%B5%D0%BD%D1%82%D0%B8-%D1%80%D0%B0%D0%B4%D0%B8/%D0%BF%D1%80%D0%BE%D1%82%D0%BE%D0%BA%D0%BE%D0%BB%D0%B8-%D0%B7%D0%B0%D1%81%D1%96%D0%B4%D0%B0%D0%BD%D1%8C http://www.mrada.if.ua/%D0%B4%D0%BE%D0%BA%D1%83%D0%BC%D0%B5%D0%BD%D1%82%D0%B8-%D1%80%D0%B0%D0%B4%D0%B8/%D0%B2%D1%96%D0%B4%D0%B2%D1%96%D0%B4%D1%83%D0%B2%D0%B0%D0%BD%D0%BD%D1%8F-%D0%B7%D0%B0%D1%81%D1%96%D0%B4%D0%B0%D0%BD%D1%8C | Y11: partially | Z11: http://www.izmail-rada.gov.ua/2011-11-16-07-26-09/2016-07-27-07-41-28 http://www.izmail-rada.gov.ua/2011-11-16-07-26-09/2011-11-16-07-31-32 | AA11: yes | AB11: http://kam-pod.gov.ua/miska-vlada/videotransliatsii-zasidan-sesii-miskoi-rady http://kam-pod.gov.ua/documents/of-docs-miskradi/rishennia-miskradi | AC11: yes | AD11: http://kam.gov.ua/miska_vlada/miska_rada/ plenarni_zasidannya | AE11: yes | AF11: https://kmr.gov.ua/uk/project_poryadku_denogo https://kmr.gov.ua/uk/stenogramu https://kmr.gov.ua/uk/protokolu https://kmr.gov.ua/uk/result_golosuvanya https://kmr.gov.ua/uk/plenary-meetings https://www.youtube.com/playlist?list=PL1i3dALBUjlQxB5HGkqmcIZtYVomfyof1 | AG11: yes | AH11: http://www.kovelrada.gov.ua/leisurecenter.html | AI11: yes | AJ11: http://rada.konotop.org/2014-02-05-15-19-02/2009-03-30-12-34-33 | AK11: partially | AL11: http://konstrada.gov.ua/component/documents/?menu=&typedoc=2&Itemid=181 | AM11: partially | AN11: http://www.krm.gov.ua/article/view/429 http://www.krm.gov.ua/article/view/587 https://odp.krm.gov.ua/dataset/pe3yjibtatn-noimehhnx-rojiocybahb-njiehaphnx-3acidahb-kpamatopcbkoi-micbkoi-padn-vii-ckjinkahhr https://odp.krm.gov.ua/dataset/id_090720191037 https://odp.krm.gov.ua/dataset/id_090820191447 | AO11: yes | AP11: https://www.kremen.gov.ua/index.php/rozdil/miska_vlada/radanova/materials https://www.kremen.gov.ua/index.php/rozdil/miska_vlada/radanova/%20video | AQ11: yes | AR11: https://kr.gov.ua/ua/ispokom_sessii/pg/4924_s/ https://kr.gov.ua/ua/onlayn_translvatsii | AS11: yes | AT11: http://www.kr-rada.gov.ua/sesiyi/protokoli-zasidan/ http://www.kr-rada.gov.ua/sesiyi/rezultati-golosuvannya/ http://www.kr-rada.gov.ua/sesiyi/on-line-translyatsiya/ | AU11: yes | AV11: "Decision of sessions of city council" section | AW11: yes | AX11: https://www.lutskrada.gov.ua/video-news/on-line https://www.lutskrada.gov.ua/documents?term=&number=&type=18 https://www.lutskrada.gov.ua/pages/rezuaty-holosuvan-zasidan-sesii http://www.lutskrada.gov.ua/sesiyi-miskoyi-rady | AY11: yes | AZ11: https://www.lvivrada.gov.ua/zasidannia/poryadok-dennyy https://www.lvivrada.gov.ua/zasidannia/rezultaty-golosuvan https://www.lvivrada.gov.ua/zasidannia/protokolu-zasidan-radu | BA11: yes | BB11: http://marsovet.org.ua/articles/show/article/2335 http://marsovet.org.ua/videogallery | BC11: no | BE11: partially | BF11: https://mkrada.gov.ua/content/protokoli-plenarnih-zasidan-mikolaivskoi-miskoi-radi_2.html http://deputies.mkrada.gov.ua/uk https://www.youtube.com/channel/UC2LMIViWvMwHm7uWXT9JY6A | BG11: yes | BH11: https://mukachevo-rada.gov.ua/index.php/miska-vlada/mukachivska-miska-rada/rezultati-golosuvannya-deputativ-miskoj-radi https://mukachevo-rada.gov.ua/index.php/miska-vlada/mukachivska-miska-rada/protokoli-sesij-miskoji-radi https://mukachevo-rada.gov.ua/index.php/hromadianam/video https://www.youtube.com/channel/UCzW60VEq1f-AchMKI6ox7PQ | BI11: partially | BJ11: http://www.nizhynrada.gov.ua/article/667/protokoli-sesy-msko-radi.html http://www.nizhynrada.gov.ua/article/939/rezultati-golosuvannya.html | BK11: yes | BL11: http://nikopol-mrada.dp.gov.ua/publichna-informatsiia/protokolysesii-miskoi-rady | BM11: yes | BO11: yes | BP11: https://www.youtube.com/playlist?list=PL9kCLTOesuyx-zIrGXg9Fm39nXONRB7Fs https://www.omr.gov.ua/ua /city/council/ https://www.omr.gov.ua/ua/city/council/protocols/ https://deputat.odessa.ua/ https://deputat.odessa.ua/session/ https://www.omr.gov.ua/ua /city/council/ | BQ11: yes | BR11: https://www.youtube.com/channel/UC79RxCJfDYDlUuCbNQO_WNQ https://www.youtube.com/playlist?list=PLq8C9AriSeZBkiRrcyqqjHBKe9xEk6uFW http://olexrada.gov.ua/category/city_rada/plenary-sessions | BS11: partially | BT11: https://pavlogradmrada.dp.gov.ua/poimenne-golosuvannya http://pavlogradmrada.dp.gov.ua/on-line-translyaciya-zasidann | BU11: yes | BV11: http://www.rada-poltava.gov.ua/rule/rada/videosesia/ http://www.rada-poltava.gov.ua/documents/inshi_dokumenti/ http://www.rada-poltava.gov.ua/rule/rada/voting_result/ | BW11: yes | BX11: http://www.city-adm.rv.ua/RivnePortal/ContentPages/Public/SessionProtocol/session_protocol.aspx?id=255 | BY11: yes | BZ11: https://www.youtube.com/channel/UCrDkiyGatc5Pj7U330UshYQ http://sed-rada.gov.ua/plenarni-zasidannya/protokoli-zasidan http://sed-rada.gov.ua/plenarni-zasidannya/poimenne-golosuvannya http://sed-rada.gov.ua/normativna-baza | CA11: yes | CB11: http://e-deputat.slavrada.gov.ua/uk/plenary_sessions http://docs.slavrada.gov.ua/pdzas/ http://docs.slavrada.gov.ua/przas/ http://slavrada.gov.ua/?view=live | CC11: yes | CD11: https://smr.gov.ua/uk/miska-vlada/miska-rada/protokoli-sesij.html | CE11: partially | CF11: http://rada.te.ua/normativnie-dokument/protokoly_sesij_mr/ http://rada.te.ua/normativnie-dokument/rishennya-miskoi-rad/ | CG11: yes | CH11: https://rada-uzhgorod.gov.ua/rada_docs/protokoly-sesij-2019/ https://rada-uzhgorod.gov.ua/rada_docs/show/audiozapysy-xxxviii-sesii-vii-sklykannia-vid-25072019 https://rada-uzhgorod.gov.ua/rada_docs/show/rozdrukivka-rezultativ-holosuvannia-iz-zaznachenniam-prizvyshch-deputativ-uzhhorodskoi-miskoi-rady-za-nastupni-proekty-rishen-druhoho-plenarnoho-zasidannia-cherhovoi-khkhkhviii-sesii-uzhhorodskoi-miskoi-rady-vii-sklykannia-25072019-roku | CI11: yes | CJ11: http://uman-rada.gov.ua/index.php/poimenne-holosuvannia | CK11: partially | CL11: http://www.city.kharkov.ua/uk/gorodskaya-vlast/gorodskoj-sovet/pomenne-golosuvannya.html | CM11: yes | CN11: http://www.city.kherson.ua/articles/plenarni-zasidannya-miskoyi-radi-vii-sklikannya | CO11: yes | CP11: https://khm.gov.ua/uk/video-translation https://khm.gov.ua/uk/protocols https://khm.gov.ua/uk/city-council-decision | CQ11: yes | CR11: http://chmr.gov.ua/ua/files.php?s=2&s1=168&s2=391 http://rada.ck.ua/golos/golos | CS11: yes | CT11: http://chernivtsy.eu/portal/plenarni-zasidannya-rady; https://drive.google.com/drive/folders/19Bdz0Sfzun7Z2zvqN7TQGhZvUiufDwa7; https://drive.google.com/file/d/1ND7P3DgQWLFzXOlhLfPpEScGamg_P3rS/view | CU11: yes | CV11: http://chernigiv-rada.gov.ua/rishennya-sesii/sid-14/id-36506/ http://chernigiv-rada.gov.ua/vote-results/ | CW11: yes | CX11: http://shostka-rada.gov.ua/documents/protokoli_aparatnih_narad_pri_mskomu_golov3/ http://shostka-rada.gov.ua/documents/perelki_rshen_ta_rezultati_golosuvannya_sesj_msko_radi/ http://www.shostka-rada.gov.ua/documents/protokoli_aparatnih_narad_pri_mskomu_golov1/protokoli_aparatnih_narad_pri_mskomu_golov_2017
A12: Q11 | B12: Are materials of the City Council standing committees' sessions published on the City Council website (including transcripts, audio/video recording of the meetings, minutes of the meetings and the results of roll-call votes)? | C12: yes | D12: http://artemrada.gov.ua/18265 | E12: yes | F12: http://www.berdychiv.com.ua/sklad_komisiy.html | G12: yes | H12: https://bmr.gov.ua/index.php?id-800000714 https://bmr.gov.ua/index.php?id=800000317&no_cache=1&L=456 | I12: partially | J12: http://bc-rada.gov.ua/node/1838 | K12: yes | L12: http://brovary-rada.gov.ua/content/protokoli-postiynih-deputatskih-komisiy-vii-sklikannya.html | M12: yes | N12: https://www.vmr.gov.ua/Lists/CityCouncil/ShowContent.aspx?ID=79 | O12: yes | P12: https://dniprorada.gov.ua/uk/page/onlajn-translyacii-zasidan-postijnih-komisij-miskoi-radi | Q12: yes | R12: http://drohobych-rada.gov.ua/postijni-komisiyi2/ | S12: yes | T12: http://zt-rada.gov.ua/graficcomisiy | U12: yes | V12: https://zp.gov.ua/uk/organizations/category/komissii-miskrady/ https://zp.gov.ua/uk/organizations/item/47/postijna-komisiya-miskoi-radi-z-pitan-zhittezabezpechennya-mista | W12: yes | X12: http://www.mrada.if.ua/%D0%BF%D1%80%D0%BE-%D0%BC%D1%96%D1%81%D1%8C%D0%BA%D1%83-%D1%80%D0%B0%D0%B4%D1%83/%D0%B4%D0%B5%D0%BF%D1%83%D1%82%D0%B0%D1%82%D1%81%D1%8C%D0%BA%D1%96-%D0%BA%D0%BE%D0%BC%D1%96%D1%81%D1%96%D1%97 | Y12: no | AA12: yes | AB12: http://kam-pod.gov.ua/miska-vlada/videotransliatsii-zasidan-postiinykh-komisii-miskoi-rady http://kam-pod.gov.ua/rada/deputatsky-korpus/post-komisii-miskradi/arkhiv-protokoliv-zasidan-postiinykh-komisii-miskoi-rady | AC12: yes | AD12: http://kam.gov.ua/miska_vlada/miska_rada/plenarni_zasidannya | AE12: partially | AF12: https://kmr.gov.ua/uk/comisii/31 https://kmr.gov.ua/uk/comisii/28/zasidannya https://kmr.gov.ua/uk/comisii/28/video-archive https://kmr.gov.ua/uk/comisii/28/protokol https://kmr.gov.ua/uk/comisii/26 http://kmr.gov.ua/uk/comisii/21 https://kmr.gov.ua/uk/comisii/21/video https://kmr.gov.ua/uk/comisii/21/protokol https://kmr.gov.ua/uk/comisii/21/video-archive | AG12: yes | AI12: yes | AJ12: http://rada.konotop.org/2009-03-30-12-34-05/2015-03-02-09-06-46 | AK12: no | AM12: yes | AN12: http://www.krm.gov.ua/article/view/824 | AO12: yes | AP12: https://www.kremen.gov.ua/index.php/rozdil/miska_vlada/radanova/deputy/content/2040 | AQ12: yes | AR12: https://kr.gov.ua/ua/ua/osxfile/pg/300119751184086_s_2o/%D0%BF%BA.7z http://kr.gov.ua/ua/st/pg/20415937626381_s/ | AS12: yes | AT12: http://www.kr-rada.gov.ua/arhiv-zasidan/ http://www.kr-rada.gov.ua/postiyni-deputatski-komisiyi/ | AU12: yes | AV12: "Decision of sessions of city council" section "Live broadcast of city council sessions" section | AW12: yes | AX12: https://www.lutskrada.gov.ua/pages/protokoly-zasidan-postiinykh-komisii https://www.lutskrada.gov.ua/video-news/on-line | AY12: yes | AZ12: https://www.lvivrada.gov.ua/miska-rada/postiyni-komisii | BA12: yes | BB12: http://marsovet.org.ua/articles/show/article/2336 | BC12: no | BE12: partially | BF12: Protocols only | BG12: yes | BH12: https://mukachevo-rada.gov.ua/index.php/miska-vlada/mukachivska-miska-rada/protokoli-zasidan-postijnikh-komisij-miskoji-radi https://www.youtube.com/channel/UCzW60VEq1f-AchMKI6ox7PQ | BI12: yes | BJ12: http://www.nizhynrada.gov.ua/article/1335/zvtuvannya-mskogo-golovi.html | BK12: yes | BL12: http://nikopol-mrada.dp.gov.ua/publichna-informatsiia/protokolyzasidan-postiinykh-komisii-miskoi-rady http://nikopol-mrada.dp.gov.ua/publichna-informatsiia/arkhivprotokoliv-postiinykh-komisii-nmr | BM12: no | BO12: yes | BP12: https://deputat.odessa.ua/commissions/ https://deputat.odessa.ua/commissions/postoyannaya-komissiya-po-voprosam-planirovaniya-byudjeta-i/ | BQ12: yes | BR12: http://olexrada.gov.ua/category/city_rada/cg_st_komis | BS12: partially | BT12: https://pavlogradmrada.dp.gov.ua/category/miska-rada/protokoli-zasidan-postijjnikh-deputatskikh-komisijj | BU12: yes | BV12: http://www.rada-poltava.gov.ua/documents/inshi_dokumenti/ | BW12: yes | BX12: http://rivnerada.gov.ua/portal/commissions | BY12: yes | BZ12: http://sed-rada.gov.ua/miska-rada/postiyni-komisiyi-miskoyi-radi-vii-sklikannya | CA12: yes | CB12: http://e-deputat.slavrada.gov.ua/uk/commissions http://docs.slavrada.gov.ua/pdzas/ http://slavrada.gov.ua/?view=live http://slavrada.gov.ua/?view=live | CC12: yes | CD12: https://smr.gov.ua/uk/miska-vlada/miska-rada/postijni-komisiji/38-postijni-komisiji.html https://smr.gov.ua/uk/miska-vlada/miska-rada/postijni-komisiji/162-komisia-budget.html | CE12: partially | CF12: http://rada.te.ua/normativnie-dokument/protokoli_visnovki_rekomendatsiy/ | CG12: partially | CH12: https://rada-uzhgorod.gov.ua/rada_docs/show/protokol-№-201-zasidannia-postiinoi-komisii-z-pytan-rehuliuvannia-zemelnykh-vidnosyn-mistobuduvannia-ta-arkhitektury-vid-14082019 | CI12: yes | CJ12: http://uman-rada.gov.ua/index.php/dokumenty/protokoly-komisii | CK12: yes | CL12: https://doc.citynet.kharkov.ua/ | CM12: yes | CN12: http://www.city.kherson.ua/articles/protokoli-ta-visnovki-postiynih-komisiy-miskoyi-radi-vii-sklikannya | CO12: yes | CP12: https://khm.gov.ua/uk/commission-protocols | CQ12: yes | CR12: http://chmr.gov.ua/ua/sections.php?s=2 | CS12: yes | CT12: http://chernivtsy.eu/portal/postijni-deputatski-komisiyi-chernivetskoyi-miskoyi-rady | CU12: yes | CV12: http://chernigiv-rada.gov.ua/comisii/id-1409/ | CW12: no
A13: Q12 | B13: Are the regular reports of the mayor on his work published on the City Council website (at least annually)? | C13: yes | D13: http://artemrada.gov.ua/15891 | E13: no | G13: no | I13: yes | J13: https://new.bc-rada.gov.ua/miska_rada/zvitnist/zvituvannia_miskoho_holovy/zvit_miskoho_holovy_za_sichen-serpen_2018r.html | K13: yes | L13: http://brovary-rada.gov.ua/content/zvit-miskogo-golovi.html | M13: yes | N13: https://www.vmr.gov.ua/Lists/CityMajor/ShowContent.aspx?ID=3 | O13: yes | P13: "Regulatory Policy" and "City Council Documents" sections | Q13: yes | R13: http://drohobych-rada.gov.ua/zvity-miskogo-golovy/ | S13: yes | T13: http://zt-rada.gov.ua/?3505[0]=1 | U13: no | W13: yes | X13: http://www.mvk.if.ua/zvit/48978 http://www.mvk.if.ua/zvit/45623 http://www.mvk.if.ua/zvit/42474 | Y13: no | AA13: yes | AB13: http://kam-pod.gov.ua/files/zvit-mg.pdf http://kam-pod.gov.ua/novini/video-novini/item/51-zvit-miskoho-holovy-za-100-dniv | AC13: yes | AD13: http://kam.gov.ua/ua/person/pg/250116793923950_p8/ | AE13: yes | AF13: https://kyivcity.gov.ua/kyiv_ta_miska_vlada/richni_zviti_kmda/ | AG13: yes | AI13: yes | AJ13: http://rada.konotop.org/2011-07-19-10-56-08/2011-07-20-07-20-37 | AK13: no | AM13: yes | AN13: http://www.krm.gov.ua/article/view/32 | AO13: yes | AP13: https://www.kremen.gov.ua/?view=kremen-page&page-id=10 | AQ13: yes | AR13: https://kr.gov.ua/ua/ua/st/pg280219872744071_s/ | AS13: no | AT13: http://www.kr-rada.gov.ua/zviti/ | AU13: yes | AV13: "Mayor report" section | AW13: yes | AX13: https://www.lutskrada.gov.ua/publications/lutsk-u-2018-mu https://www.lutskrada.gov.ua/publications/zhkh-mista-lutska-pidsumky-2018-roku | AY13: no | BA13: yes | BB13: http://marsovet.org.ua/articles/show/menu/3226 | BC13: no | BE13: yes | BF13: https://mkrada.gov.ua/content/zvit-miskogo-golovi.html | BG13: yes | BH13: https://www.mukachevo-rada.gov.ua/index.php/miska-vlada/mukachivska-miska-rada/item/13797-zvitmiskohoholovypropidsumkyrobotymukachivskojradytaiivykonachohokomitetuza2018rik | BI13: yes | BJ13: http://www.nizhynrada.gov.ua/article/1335/zvtuvannya-mskogo-golovi.html | BK13: yes | BL13: http://nikopol-mrada.dp.gov.ua/vlada/zvity-miskoho-holovy | BM13: no | BO13: yes | BP13: https://www.omr.gov.ua/ua/city/mayor/ https://www.omr.gov.ua/ua/city/mayor/report/ | BQ13: yes | BR13: http://info.olexrada.gov.ua/store/zvit/zvit2017.pdf | BS13: yes | BT13: https://pavlogradmrada.dp.gov.ua/category/regulyatorka/zviti-pro-reg-diyalnist | BU13: yes | BV13: http://www.rada-poltava.gov.ua/documents/public_reports/ | BW13: yes | BX13: http://www.khomko.rv.ua/Khomko/ContentPages/Public/Mayor/mayor_zvit.aspx | BY13: yes | BZ13: http://sed-rada.gov.ua/miska-rada/zviti-miskogo-golovi-yogo-zastupnikiv-ta-sekretarya-radi | CA13: yes | CB13: http://slavrada.gov.ua/?view=news&newsID=23012 http://slavrada.gov.ua/?view=news&newsID=16883 http://slavrada.gov.ua/?view=news&newsID=13187 | CC13: yes | CD13: https://smr.gov.ua/uk/miska-vlada/miskij-golova/zviti.html | CE13: yes | CF13: http://zvit.nadal.te.ua/ | CG13: yes | CH13: https://rada-uzhgorod.gov.ua/web/uploads/sites/2/2019/01/zvit-redaktsiya-omt-ilovepdf-compressed.pdf | CI13: yes | CJ13: http://uman-rada.gov.ua/index.php/miska-vlada | CK13: no | CM13: yes | CN13: http://www.city.kherson.ua/articles/zvit-miskogo-golovi-2018 | CO13: yes | CP13: http://khm.gov.ua/uk/mayor-reports | CQ13: yes | CR13: http://chmr.gov.ua/ua/ | CS13: yes | CT13: http://chernivtsy.eu/portal/category/30 | CU13: yes | CV13: http://chernigiv-rada.gov.ua/news/id-450/ | CW13: yes | CX13: http://shostka-rada.gov.ua/zvti_organu_vladi/
A14: Q13 | B14: Is the information about the city mayor, City Council deputies (including CVs or biographical information, contact information, time and place of reception of citizens) published on the City Council website? | C14: yes | D14: http://artemrada.gov.ua/mayor http://artemrada.gov.ua/deputy/6_convocation | E14: yes | F14: http://www.berdychiv.com.ua/golova.html http://www.berdychiv.com.ua/deputaty_VII.html http://www.berdychiv.com.ua/miska-rada/priyom-gromadjan/ | G14: yes | H14: https://bmr.gov.ua/index.php?id=212&no_cache-l https://bmr.gov.ua/index.php?id=522 https://bmr.gov.ua/index.php?%20id=800000598&no_cache=%201 https://bmr.gov.ua/index.php? id=63 | I14: yes | J14: http://bc-rada.gov.ua/node/1835 | K14: yes | L14: http://brovary-rada.gov.ua/content/biografichna-dovidka.html http://brovary-rada.gov.ua/content/povnovazhennya.html http://brovary-rada.gov.ua/content/deputatskiy-korpus.html http://brovary-rada.gov.ua/content/grafik-priyomu-deputativ.html | M14: yes | N14: http://drv.vmr.gov.ua/deputaty.aspx https://www.vmr.gov.ua/Lists/CityMajor/Default.aspx | O14: yes | P14: https://dniprorada.gov.ua/uk/persons/item/211/filatov-boris-albertovich https://dniprorada.gov.ua/uk/persons/category/deputati-miskoi-radi-/ http://edeputat.dniprorada.gov.ua/uk/deputies | Q14: yes | R14: http://drohobych-rada.gov.ua/deputaty/ | S14: yes | T14: http://zt-rada.gov.ua/depytatu http://zt-rada.gov.ua/?3505[0]=27 | U14: yes | V14: https://zp.gov.ua/uk/persons/item/3/buryak-volodimir-viktorovich https://zp.gov.ua/uk/persons/category/deputati-miskoi-radi/ | W14: yes | X14: http://www.mvk.if.ua/biografija http://www.namvk.if.ua/dt/316554 http://www.mrada.if.ua/%D0%BF%D1%80%D0%BE-%D0%BC%D1%96%D1%81%D1%8C%D0%BA%D1%83-%D1%80%D0%B0%D0%B4%D1%83/%D0%BC%D1%96%D1%81%D1%8C%D0%BA%D0%B8%D0%B9-%D0%B3%D0%BE%D0%BB%D0%BE%D0%B2%D0%B0 http://www.mrada.if.ua/%D0%B4%D0%B5%D0%BF%D1%83%D1%82%D0%B0%D1%82%D0%B8-%D0%BC%D1%96%D1%81%D1%8C%D0%BA%D0%BE%D1%97-%D1%80%D0%B0%D0%B4%D0%B8/%D0%B4%D0%B5%D0%BF%D1%83%D1%82%D0%B0%D1%82%D1%81%D1%8C%D0%BA%D0%B8%D0%B9-%D0%BA%D0%BE%D1%80%D0%BF%D1%83%D1%81 | Y14: yes | Z14: http://www.izmail-rada.gov.ua/2009-09-14-09-14-45 http://www.izmail-rada.gov.ua/2011-11-16-07-26-09/2011-11-16-07-30-33 http://www.izmail-rada.gov.ua/2011-11-16-07-26-09/2011-11-16-07-28-13 | AA14: yes | AB14: http://kam-pod.gov.ua/miskiy-golova/biografiya http://kam-pod.gov.ua/rada/deputatsky-korpus/deputati-misk-radi/zagalnij-spisok-deputativ http://kam-pod.gov.ua/rada/deputatsky-korpus/deputati-misk-radi/spisok-deputativ-kam-yanets-podilskoji-miskoji-radi-v-bagatomandatnomu-viborchomu-okruzi | AC14: yes | AD14: http://kam.gov.ua/miska_vlada/kerivnitstvo_miskoi_radi http://kam.gov.ua/miska_vlada/miska_rada | AE14: yes | AF14: https://kyivcity.gov.ua/kyiv_ta_miska_vlada/kyivskyi_miskyi_holova/klychko_vitalii_volodymyrovych https://kmr.gov.ua/uk/deputats | AG14: yes | AI14: yes | AJ14: http://rada.konotop.org/2009-03-30-12-34-05 | AK14: yes | AL14: http://konstrada.gov.ua/vlada/miskij-golova http://konstrada.gov.ua/vlada/miska-rada/32-miska-rada/deputati-miskoji-radi | AM14: yes | AN14: http://www.krm.gov.ua/article/view/32 http://www.krm.gov.ua/person | AO14: yes | AP14: https://www.kremen.gov.ua/index.php/rozdil/miska_vlada/heads https://www.kremen.gov.ua/index.php/rozdil/miska_vlada/radanova/deputy | AQ14: yes | AR14: http://krmisto.gov.ua/ua/reception/orgs/group/id/14.html https://kr.gov.ua/deputatskiy_korpus | AS14: yes | AT14: http://www.kr-rada.gov.ua/miskiy-golova/ http://www.kr-rada.gov.ua/deputats/ | AU14: yes | AV14: "Mayor" section "The deputy corps" section | AW14: yes | AX14: https://www.lutskrada.gov.ua/sekretar-miskoi-rady/sekretar-miskoi-rady https://www.lutskrada.gov.ua/deputies https://www.lutskrada.gov.ua/pages/pryiom-hromadian-deputatamy https://www.lutskrada.gov.ua/city-government http://www.lutskrada.gov.ua/deputy | AY14: yes | AZ14: https://www.lvivrada.gov.ua/deputaty/deputaty-miskoi-rady | BA14: yes | BB14: http://marsovet.org.ua/articles/show/article/2366 | BC14: partially | BD14: http://mlt.gov.ua/index.php?option=com_content&task=view&id=6100 http://mlt.gov.ua/index.php?option=com_content&task=view&id=4276&Itemid=283 | BE14: yes | BF14: https://mkrada.gov.ua/content/miskiy-golova.html | BG14: yes | BH14: https://mukachevo-rada.gov.ua/index.php/miska-vlada/mukachivska-miska-rada/deputatskyi-korpus-2 https://mukachevo-rada.gov.ua/index.php/miska-vlada/miskyi-holova https://mukachevo-rada.gov.ua/index.php/miska-vlada/zastupnyky-miskoho-holovy | BI14: yes | BJ14: http://www.nizhynrada.gov.ua/article/88/avtobografya.html http://www.nizhynrada.gov.ua/article/87/grafk-priyomu.html http://www.nizhynrada.gov.ua/article/138/deputati-msko-radi.html http://www.nizhynrada.gov.ua/article/1338/zvtuvannya-deputatv-msko-radi.html | BK14: yes | BL14: http://nikopol-mrada.dp.gov.ua/vlada/miskyi-holova http://nikopol-mrada.dp.gov.ua/vlada/deputatskyi-korpus/miskarada http://nikopol-mrada.dp.gov.ua/vlada/osobystyi-pryiom-hromadian | BM14: no | BO14: yes | BP14: https://omr.gov.ua/ua/city/mayor/ https://deputat.odessa.ua/deputies/ https://deputat.odessa.ua/deputies/aleksandrochkin-aleksandr-yurevich/ | BQ14: yes | BR14: http://olexrada.gov.ua/category/mer http://olexrada.gov.ua/category/city_rada/dep_7_conv | BS14: partially | BT14: https://pavlogradmrada.dp.gov.ua/miska-rada/deputati.html | BU14: yes | BV14: http://www.rada-poltava.gov.ua/rule/rada/secretary/ http://www.rada-poltava.gov.ua/rule/rada/delegate/ http://www.rada-poltava.gov.ua/rule/rada/secretary/ http://www.rada-poltava.gov.ua/rule/rada/delegate/ | BW14: yes | BX14: http://rivnerada.gov.ua/portal/deputies | BY14: yes | BZ14: http://sed-rada.gov.ua/miska-rada/deputati http://sed-rada.gov.ua/novini-mista/informaciya-dlya-viborciv-sievierodonecka_09-09-2019 | CA14: yes | CB14: http://e-deputat.slavrada.gov.ua/uk/deputies | CC14: yes | CD14: https://smr.gov.ua/uk/miska-vlada/miskij-golova/biografiya.html https://smr.gov.ua/uk/zvorotnij-zv-yazok.html https://smr.gov.ua/uk/zvorotnij-zv-yazok/9503-polozhennia-pro-poriadok-roboty-zi-zvernenniamy-ta-orhanizatsii-osobystoho-pryiomu-hromadian-u-sumskii-miskii-radi-ta-ii-vykonavchykh-orhanakh.html https://smr.gov.ua/uk/miska-vlada/miska-rada/deputati/36-deputati.html https://smr.gov.ua/uk/miska-vlada/miska-rada/grafiki-prijomu-kerivnikiv-deputativ-ta-deputatskikh-fraktsij-i-grup-mista/1823-grafik-prijomu-deputatskikh-fraktsij-i-grup-v-sumskij-miskij-radi-vii-sklikannya-2016-2020-rr.html https://smr.gov.ua/uk/miska-vlada/miska-rada/grafiki-prijomu-kerivnikiv-deputativ-ta-deputatskikh-fraktsij-i-grup-mista/1827-grafiki-prijomu-deputativ-miskoji-radi.html | CE14: yes | CF14: http://rada.te.ua/miskiy-golova/ http://rada.te.ua/deputatskiy-korpus/ | CG14: yes | CH14: https://rada-uzhgorod.gov.ua/aparat/mer https://rada-uzhgorod.gov.ua/deputati-miskradu https://rada-uzhgorod.gov.ua/grafik-pryjomu-vybortsiv-deputatamy | CI14: yes | CJ14: http://uman-rada.gov.ua/index.php/miska-vlada | CK14: yes | CL14: http://www.city.kharkov.ua/uk/gorodskaya-vlast/gorodskoj-sovet/deputatyi.html http://www.city.kharkov.ua/uk/gorodskaya-vlast/gorodskoj-golova/obratnaya-svyaz/obratitsya-k-gorodskomu-golove.-lichnyij-priem.html http://www.city.kharkov.ua/uk/gorodskaya-vlast/gorodskoj-golova/biografiya.html | CM14: yes | CN14: http://www.city.kherson.ua/c/miska-vlada/s/kerivniki http://mvk.kherson.ua/DepList.php | CO14: yes | CP14: http://khm.gov.ua/uk/content/biografiya http://khm.gov.ua/uk/content/pryymalny http://khm.gov.ua/uk/content/zvernennya-gromadyan https://khm.gov.ua/uk/user/203 | CQ14: yes | CR14: http://chmr.gov.ua/ua/rada.php?s=2&s1=168&s2=456 | CS14: yes | CT14: http://chernivtsy.eu/portal/4091-2; http://chernivtsy.eu/portal/11651-2; http://chernivtsy.eu/portal/8629-2 http://chernivtsy.eu/portal/9/842-842.html | CU14: yes | CV14: http://chernigiv-rada.gov.ua/mr-golova-biografiya/ http://chernigiv-rada.gov.ua/deputat/ | CW14: yes | CX14: http://shostka-rada.gov.ua/government/
A15: Q14 | B15: Is the information on the list and contact details of the City Council standing committees, as well as names of Council standing committees’ members published on the City Council website? | C15: yes | D15: http://artemrada.gov.ua/deputy/comition http://artemrada.gov.ua/deputy/6_convocation | E15: yes | F15: http://www.berdychiv.com.ua/sklad_komisiy.html | G15: yes | H15: https://bmr.gov.ua/index.php?id=58&L=456 | I15: yes | J15: http://bc-rada.gov.ua/node/1838 | K15: yes | L15: http://brovary-rada.gov.ua/content/postiyni-komisii.html | M15: yes | N15: https://www.vmr.gov.ua/Lists/CityCouncil/ShowContent.aspx?ID=64 | O15: yes | P15: https://dniprorada.gov.ua/uk/page/postijni-komissii-miskoi-radi | Q15: yes | R15: http://drohobych-rada.gov.ua/postijni-komisiyi2/ | S15: yes | T15: http://zt-rada.gov.ua/graficcomisiy | U15: yes | V15: https://zp.gov.ua/uk/organizations/item/49/postijna-komisiya-miskoi-radi-z-pitan-regulyatornoi-politiki-rozvitku-pidpriemnictva-torgivli-poslug-ta-zahistu-prav-spozhivachiv | W15: yes | X15: http://www.mrada.if.ua/%D0%BF%D1%80%D0%BE-%D0%BC%D1%96%D1%81%D1%8C%D0%BA%D1%83-%D1%80%D0%B0%D0%B4%D1%83/%D0%B4%D0%B5%D0%BF%D1%83%D1%82%D0%B0%D1%82%D1%81%D1%8C%D0%BA%D1%96-%D0%BA%D0%BE%D0%BC%D1%96%D1%81%D1%96%D1%97 | Y15: partially | Z15: http://www.izmail-rada.gov.ua/2011-11-16-07-26-09/2011-11-16-07-28-44 | AA15: yes | AC15: yes | AD15: http://kam.gov.ua/ua/osxfile/pg/240419123878605_p1_1o/1880982217.doc | AE15: yes | AF15: https://kmr.gov.ua/uk/comisii https://kmr.gov.ua/uk/comisii/28/sklad (http://kmr.gov.ua/uk/comisii/21/sklad) https://kyivcity.gov.ua/kyiv_ta_miska_vlada/kmr/postiini_komisii/ | AG15: yes | AH15: http://www.kovelrada.gov.ua/publichna_informaciya_cshodo_sluzhbi_v_organah_miscevogo_samovryaduvannya.html | AI15: yes | AJ15: http://rada.konotop.org/2009-03-30-12-34-05 | AK15: yes | AL15: http://konstrada.gov.ua/vlada/miska-rada/35-miska-rada/postijni-komisiji | AM15: yes | AN15: http://www.krm.gov.ua/article/view/45 http://www.krm.gov.ua/article/view/46 http://www.krm.gov.ua/article/view/821 | AO15: yes | AP15: https://www.kremen.gov.ua/index.php/rozdil/miska_vlada/radanova/deputy/page/432 | AQ15: yes | AR15: https://kr.gov.ua/ua/st/pg/181018802279585_s/ | AS15: yes | AT15: http://www.kr-rada.gov.ua/postiyni-deputatski-komisiyi.html | AU15: yes | AV15: "Permanent City Council Commissions" section | AW15: yes | AX15: https://www.lutskrada.gov.ua/pages/postiini-komisii-miskoi-rady https://www.lutskrada.gov.ua/komisii-lutskoi-miskoi-rady | AY15: yes | AZ15: https://www.lvivrada.gov.ua/miska-rada/postiyni-komisii | BA15: yes | BB15: http://marsovet.org.ua/articles/show/article/2366 | BC15: no | BE15: yes | BF15: According to the decree of the mayor (April 03, 2015 No. 59r) "About launching the Internet portal "Mykolaiv city council" and measures for its functioning" | BG15: yes | BH15: https://mukachevo-rada.gov.ua/index.php/miska-vlada/mukachivska-miska-rada/deputatskyi-komisii | BI15: yes | BJ15: http://www.nizhynrada.gov.ua/article/98/frakts-ta-postyn-deputatsk-koms.html | BK15: yes | BL15: http://nikopol-mrada.dp.gov.ua/vlada/deputatskyi-korpus/postiinikomisii-nikopolskoi-miskoi-rady-vii-sklykannia | BM15: yes | BN15: http://www.novomoskovsk-rada.gov.ua/comissions | BO15: yes | BP15: https://deputat.odessa.ua/commissions/ | BQ15: yes | BR15: http://olexrada.gov.ua/category/city_rada/cg_st_komis | BS15: partially | BT15: https://pavlogradmrada.dp.gov.ua/miska-rada/postoyannaya-deputatskaya-komissiya-po-voprosam-zakonnosti-deputatskojj-ehtiki-svyazyam-s-politicheskimi-partiyami-obshhestvennymi-organizaciyami-i-sredstvami-massovojj-informacii.html | BU15: yes | BV15: http://www.rada-poltava.gov.ua/rule/rada/secretary/ http://www.rada-poltava.gov.ua/rule/rada/delegate/ http://www.rada-poltava.gov.ua/rule/rada/comission/ | BW15: yes | BX15: http://rivnerada.gov.ua/portal/commissions | BY15: yes | BZ15: http://sed-rada.gov.ua/postiyni-komisiyi-miskoyi-radi-vii-sklikannya/personalniy-sklad-postiynih-komisiy-miskoyi-radi-vii-sklikannya | CA15: yes | CB15: http://e-deputat.slavrada.gov.ua/uk/commissions | CC15: yes | CD15: https://smr.gov.ua/uk/miska-vlada/miska-rada/postijni-komisiji/38-postijni-komisiji.html | CE15: partially | CF15: http://rada.te.ua/deputatski-komisii/ | CG15: yes | CH15: https://rada-uzhgorod.gov.ua/postijni-komisiyi-uzhgorodskoyi-miskoyi-rady/ | CI15: yes | CJ15: http://uman-rada.gov.ua/index.php/postiini-komisii | CK15: yes | CL15: http://www.city.kharkov.ua/uk/gorodskaya-vlast/gorodskoj-sovet/komissii.html | CM15: yes | CN15: http://www.city.kherson.ua/upload/sklad_komissi_300819.pdf | CO15: yes | CP15: https://khm.gov.ua/uk/content/postiyni-komisiyi | CQ15: yes | CR15: http://chmr.gov.ua/ua/files.php?s=2&s1=168&s2=398 | CS15: yes | CT15: http://chernivtsy.eu/portal/9/872-872.html | CU15: yes | CV15: http://chernigiv-rada.gov.ua/comisii/ | CW15: yes | CX15: http://shostka-rada.gov.ua/government/miska_rada/deputatsk_koms_shostkinsko_msko_radi_v_sklikannya/
A16: Q15 | B16: Is the information on the contact details of the City Council executive committee and names of its members published on the City Council website? | C16: yes | D16: http://artemrada.gov.ua/executivecommittee/members | E16: yes | F16: http://www.berdychiv.com.ua/sklad_vikonavchogo_komtetu.html | G16: yes | H16: https://bmr.gov.ua/index.php?%20id=225&L=%D%201%20%96%D0%%20BD%D1%84%D0%BE | I16: yes | J16: http://bc-rada.gov.ua/node/1841 | K16: yes | L16: http://brovary-rada.gov.ua/content/chleni-vikonavchogo-komitetu.html | M16: yes | N16: https://www.vmr.gov.ua/Lists/TheExecutiveCommittee/ShowContent.aspx?ID=24 | O16: yes | P16: https://dniprorada.gov.ua/uk/page/vikonkom-miskoi-radi | Q16: yes | R16: http://drohobych-rada.gov.ua/vykonavchyj-komitet/ | S16: yes | T16: http://zt-rada.gov.ua/?3506[0]=3 | U16: yes | V16: https://zp.gov.ua/uk/persons/category/vykonkom/ | W16: yes | X16: http://www.mvk.if.ua/sclad | Y16: partially | Z16: http://www.izmail-rada.gov.ua/2009-09-14-09-14-45/2010-02-23-10-11-08 | AA16: yes | AB16: http://kam-pod.gov.ua/vikonkom/sklad-vikonavchogo-komitetu | AC16: yes | AD16: http://kam.gov.ua/vikonavchiy_komitet_miskoi_radi/sklad_10 | AE16: yes | AF16: https://kyivcity.gov.ua/ | AG16: yes | AI16: yes | AJ16: http://rada.konotop.org/2009-03-30-12-34-05/2009-04-10-12-33-56 | AK16: yes | AL16: http://konstrada.gov.ua/vlada/vikonavchij-komitet/42-vikonavchij-komitet/sklad-vikonavchogo-komitetu | AM16: yes | AN16: http://www.krm.gov.ua/article/view/58 | AO16: yes | AP16: https://www.kremen.gov.ua/index.php/rozdil/miska_vlada/komitet | AQ16: yes | AR16: http://krmisto.gov.ua/ua/reception/orgs/group/id/14.html https://kr.gov.ua/sklad_vikonavchogo_komitetu/viddili_upravlinnya_inshi_vikonavchi_organi_miskoi_radi http://kr.gov.ua/sklad_vikonavchogo_komitetu | AS16: yes | AT16: http://kr-rada.gov.ua/vikonavchiy-komitet/ | AU16: yes | AV16: "Members of the Executive Committee" section | AW16: yes | AX16: https://www.lutskrada.gov.ua/city-government/committee http://www.lutskrada.gov.ua/executive-committee | AY16: yes | AZ16: https://city-adm.lviv.ua/lmr/executive-committee/view | BA16: yes | BB16: http://marsovet.org.ua/articles/show/article/36 | BC16: partially | BD16: http://mlt.gov.ua/index.php?option=com_frontpage&Itemid=1 | BE16: yes | BF16: https://mkrada.gov.ua/content/sklad-vikonkomu.html | BG16: yes | BH16: https://mukachevo-rada.gov.ua/index.php/miska-vlada/vykonavchyi-komitet/sklad-vikonkomu | BI16: yes | BJ16: http://www.nizhynrada.gov.ua/article/100/sklad-vikonavchogo-komtetu.html | BK16: yes | BL16: http://nikopol-mrada.dp.gov.ua/vykonavchyi-komitet/skladvykonavchoho-komitetu-nikopolskoi-miskoi-rady | BM16: yes | BN16: http://www.novomoskovsk-rada.gov.ua/static/chleni-vikonavchogo-komitetu http://www.novomoskovsk-rada.gov.ua/graphic | BO16: yes | BP16: https://omr.gov.ua/ua/city/committee/members/ https://omr.gov.ua/ua/city/deputy/orlovskiy/ | BQ16: yes | BR16: http://olexrada.gov.ua/category/vkk/sklad_vk | BS16: partially | BT16: https://pavlogradmrada.dp.gov.ua/vikonkom-2/sklad-vikonkomu.html | BU16: yes | BV16: http://www.rada-poltava.gov.ua/rule/rada/comission/ | BW16: yes | BX16: http://rivnerada.gov.ua/portal/execcommittee | BY16: yes | BZ16: http://sed-rada.gov.ua/vikonavchiy-komitet/sklad-vikonavchogo-komitetu | CA16: yes | CB16: http://slavrada.gov.ua/?view=sostav_ispolkom | CC16: yes | CD16: https://smr.gov.ua/uk/miska-vlada/vikonavchi-organi/vikonavchij-komitet/46-vikonavchij-komitet.html | CE16: yes | CF16: http://rada.te.ua/vikonavchiy-komitet/ | CG16: yes | CH16: https://rada-uzhgorod.gov.ua/chleni-vukonkomu | CI16: yes | CJ16: http://uman-rada.gov.ua/index.php/vykonavchyi-komitet | CK16: partially | CL16: http://www.city.kharkov.ua/uk/gorodskaya-vlast/ispolnitelnyie-organyi/sostav-ispolkoma.html | CM16: partially | CO16: yes | CP16: http://khm.gov.ua/uk/composition_executive_committee | CQ16: yes | CR16: http://chmr.gov.ua/ua/text.php?s=2&s1=457 | CS16: yes | CT16: http://chernivtsy.eu/portal/11491-2 | CU16: yes | CV16: http://chernigiv-rada.gov.ua/comitet/ | CW16: yes | CX16: http://shostka-rada.gov.ua/government/ http://www.shostka-rada.gov.ua/government/vikonavchij_komitet
A17: Q16 | B17: Is the information on the approved socio-economic and cultural development programs, target programs, as well as reports on their implementation published on the City Council website. | C17: yes | D17: http://artemrada.gov.ua/cityprogram | E17: yes | F17: http://www.berdychiv.com.ua/rshennya/vikonavchiy-komtet/5670-perelk-rshen-vikonavchogo-komtetu-priynyatih-na-zasdann-14122017.html http://www.berdychiv.com.ua/rshennya/rishennya-rada/5690-ogoloshennya.html | G17: yes | H17: https://bmr.gov.ua/index.php?id=800000272 | I17: yes | J17: "Documents" - "City Council decisions" | K17: yes | L17: http://brovary-rada.gov.ua/documents/?c=5 | M17: yes | N17: https://www.vmr.gov.ua/TransparentCity/Lists/Vinnytsia2020/ShowContent.aspx?ID=14 | O17: yes | P17: https://dniprorada.gov.ua/uk/articles/category/programa-ekonomichnogo-i-socialnogo-rozvitku-mista/ https://dniprorada.gov.ua/uk/page/dokumenti-miskoi-radi https://dniprorada.gov.ua/uk/page/vikonavchi-organi-miskoi-radi | Q17: yes | R17: http://drohobych-rada.gov.ua/programy-rozvytku/ | S17: yes | T17: http://zt-rada.gov.ua/miskycilyovyprogramu | U17: yes | V17: "Documents" section. https://zp.gov.ua/uk/page/socialno-ekonomichnij-rozvitok-mista | W17: yes | X17: http://www.mvk.if.ua/mvkprog http://www.mrada.if.ua/%D0%B4%D0%BE%D0%BA%D1%83%D0%BC%D0%B5%D0%BD%D1%82%D0%B8-%D1%80%D0%B0%D0%B4%D0%B8/%D0%BF%D1%80%D0%BE%D0%B3%D1%80%D0%B0%D0%BC%D0%B8-%D1%80%D0%B0%D0%B4%D0%B8 | Y17: yes | Z17: http://www.izmail-rada.gov.ua/2010-05-05-12-39-15 | AA17: yes | AB17: http://kam-pod.gov.ua/economika/economika-mista/programa-sotsialno-ekonomichnogo-rozvitku-mista | AC17: yes | AD17: http://kam.gov.ua/ekonomichniy_rozvitok | AE17: yes | AF17: https://kmr.gov.ua/uk/comisii/20/development https://dei.kyivcity.gov.ua/files/2018/12/26/RKMR_415_6466.pdf | AG17: yes | AI17: yes | AJ17: http://rada.konotop.org/home/2009-04-01-06-13-37/2009-05-05-06-10-16 | AK17: yes | AL17: http://konstrada.gov.ua/sotsialno-ekonomichnij-rozvitok/programi | AM17: yes | AN17: http://www.krm.gov.ua/article/view/816 http://www.krm.gov.ua/article/view/823 http://www.krm.gov.ua/article/view/890 http://www.krm.gov.ua/article/view/833 http://www.krm.gov.ua/article/view/840 | AO17: yes | AP17: https://www.kremen.gov.ua/index.php/rozdil/gromadyanam/social/socialprograms | AQ17: yes | AR17: http://kr.gov.ua/sotsialno_ekonomichniy_rozvitok | AS17: yes | AT17: http://www.kr-rada.gov.ua/upravlinnya-sotsialnoyi-pidtrimki-naselennya/publichna-informatsiya-soc-pidtrimka/ http://kr-rada.gov.ua/ekonomika/programa-ekonomichnogo-i-sotsialnogo-rozvitku-ek/ http://kr-rada.gov.ua/investitsiyna-diyalnist http://kr-rada.gov.ua/pidprimnitstvo | AU17: yes | AV17: http://lis.gov.ua/lisichansk-today/programs.html | AW17: yes | AX17: https://www.lutskrada.gov.ua/pages/ekonomika-mista https://www.lutskrada.gov.ua/documents/pro-zatverdzhennya-programy-rozvytku-kultury-u-misti-lucku-na-2018-2020-roky https://www.lutskrada.gov.ua/static/content/files/z/uk/a2cx6bug4boh524l3x2fwqlvibnk4ukz.pdf https://www.lutskrada.gov.ua/documents/zvit-pro-robotu-departamentu-kultury-u-2018-rotsi | AY17: yes | AZ17: https://www.lvivrada.gov.ua/informacia/programy-rozvytku-mista | BA17: yes | BB17: http://mariapolrada.gov.ua/citv-council-solution-proiects/pro-progjamu-ekonomichnogo-і-socialnogo-rozvitku-m.-mariupolia-na-2018-rik http://mariupolrada.gov.ua/citv-council-solutions/pro-zvit-postijnoi-komisii-z-pitan-socialno-ekonomichnogo-rozvitku-biudzhetu-ta-finansam-pro-dijalnist-z-01.11.2017-do- 01.01.2017 http://mariupolrada.gov.ua/citv-council-solutions/pro-vnesennia-zmin-do-rishennia-miskoi-radi-vid-28.01.2017-74-39-%C2%ABpro-perejmenuvannia-obektiv- toponimiki-mista%C2%BB http://mariupolrada.gov.ua/page/dokumenti-mariupolskoi-miskoi-radi | BC17: yes | BD17: http://mlt.gov.ua/index.php?option=com_content&task=view&id=2662&Itemid=240 | BE17: yes | BF17: https://mkrada.gov.ua/documents/28345.html https://mkrada.gov.ua/content/programi-ekonomichnogo-i-socialnogo-rozvitku-mmikolaeva-na-20152018-roki.html https://mkrada.gov.ua/documents/26383.html http://uprns.mkrada.gov.ua/?page_id=708 | BG17: yes | BH17: https://mukachevo-rada.gov.ua/index.php/culture/mukachivska-miska-programa-rozvitku-kulturi-i-mistetstv-mista-mukacheva/mukachivska-miska-programa-rozvitku-kulturi-i-mistetstv-mukacheva-na-2018-2020-roki https://mukachevo-rada.gov.ua/index.php/ekonomika/ekonomika-biznes-ta-investytsii/prohrama-ekonomichnoho-i-sotsialnoho-rozvytku https://mukachevo-rada.gov.ua/index.php/culture/zviti-viddilu-kulturi/2018-rik-vk https://www.mukachevo-rada.gov.ua/index.php/2016-03-22-18-45-50/2016-03-20-09-35-58/programa-dodatkovogo-sotsialno-medichnogo-zakhistu-mukachivtsiv https://www.mukachevo-rada.gov.ua/images/docs/osvita/Rish_1005.docx https://www.mukachevo-rada.gov.ua/images/docs/osvita/Rish_876.doc https://www.mukachevo-rada.gov.ua/images/docs/osvita/Rish_877.doc https://www.mukachevo-rada.gov.ua/images/docs/osvita/Rish_878.doc https://www.mukachevo-rada.gov.ua/images/docs/osvita/Rish_881.doc https://www.mukachevo-rada.gov.ua/images/docs/osvita/Rish_880.doc https://www.mukachevo-rada.gov.ua/images/docs/osvita/Rish_879.doc https://mukachevo-rada.gov.ua/index.php/miska-vlada/orhany-vykonavchoi-vlady/upravlinnia-miskvykonkomu/upravlinnia-osvity/item/15074-zvitproprovedenurobotuzaperiodzsichniapokviten2019roku | BI17: yes | BJ17: http://www.nizhynrada.gov.ua/article/139/programa-ekonomchnogo-ta-sotsalnogo-rozvitku.html | BK17: yes | BL17: http://nikopol-mrada.dp.gov.ua/publichna-informatsiia/miskitsilovi-prohramy http://nikopol-mrada.dp.gov.ua/publichna-informatsiia/dokumentinmr/rishennia-miskoi-rady | BM17: yes | BN17: http://www.novomoskovsk-rada.gov.ua/static/programi-socialno-ekonomichnogo-ta-kulturnogo-rozvitku-m-novomoskovska | BO17: yes | BP17: https://omr.gov.ua/ua/acts/council/ https://omr.gov.ua/ua/open-city/programs/ https://www.omr.gov.ua/ua/acts/council/91050/ https://omr.gov.ua/ua/acts/committee/113930/ https://www.omr.gov.ua/ua/open-city/programs/reports/ https://www.omr.gov.ua/ua/open-city/programs/reports/otcheti-za-2018/ https://www.omr.gov.ua/ua/acts/council/ https://www.omr.gov.ua/ua/acts/committee/ | BQ17: yes | BR17: http://olexrada.gov.ua/category/target_gov_prog | BS17: partially | BT17: http://pavlogradmrada.dp.gov.ua/news/perelik-diyuchikh-miscevikh-program.html | BU17: yes | BV17: http://www.rada-poltava.gov.ua/documents/diyuchi_programi_miskoi_radi/ | BW17: yes | BX17: www.city-adm.rv.ua http //medrivne.com.ua | BY17: yes | BZ17: http://sed-rada.gov.ua/ekonomika/programa-socialno-ekonomichnogo-i-kulturnogo-rozvitku-m-sievierodonecka http://sed-rada.gov.ua/miski-cilovi-programi/diyuchi-programi-sievierodoneckoyi-miskoyi-radi http://sed-rada.gov.ua/miski-cilovi-programi/zviti-pro-vikonannya-program | CA17: yes | CB17: http://www.slavrada.gov.ua/?view=econom http://docs.slavrada.gov.ua/prdt/15541/ http://docs.slavrada.gov.ua/dt/14622/ http://docs.slavrada.gov.ua/dt/2265/ http://docs.slavrada.gov.ua/dt/1239/ | CC17: yes | CD17: https://smr.gov.ua/uk/dokumenti/programi-rozvitku-mista/1749-programi-rozvitku-mista.html | CE17: yes | CF17: http://rada.te.ua/normativnie-dokument/programi/ http://rada.te.ua/normativnie-dokument/rishennya-miskoi-rad/ | CG17: yes | CH17: https://rada-uzhgorod.gov.ua/sotsialno-ekonomichniy-rozvitok-mista https://rada-uzhgorod.gov.ua/rada_docs/zvity-po-pasportakh-dmh-2019 | CI17: yes | CJ17: http://uman-rada.gov.ua/index.php/sotsialno-ekonomichnyi-rozvytok-mista | CK17: yes | CL17: http://www.city.kharkov.ua/uk/dokumentyi/important-docs.html https://doc.citynet.kharkov.ua/uk/profile/ | CM17: yes | CN17: http://www.city.kherson.ua/c/miska-vlada/s/kerivniki http://www.city.kherson.ua/articles/programa-ekonomichnogo-i-socialnogo-rozvitku-m-hersona http://www.city.kherson.ua/articles/perelik-diyuchih-program http://www.city.kherson.ua/act_search/3 | CO17: yes | CP17: https://khm.gov.ua/uk/city_programms_eco https://khm.gov.ua/uk/city_programms_economy https://khm.gov.ua/uk/city_programms_pravo https://khm.gov.ua/uk/city_programms_jkg https://khm.gov.ua/uk/city_programms_zmi https://khm.gov.ua/uk/city_programms_kultura https://khm.gov.ua/uk/city_programms_osvita https://khm.gov.ua/uk/city_programms_ozsz https://khm.gov.ua/uk/city_programms_struct https://khm.gov.ua/uk/city_programms_kp https://khm.gov.ua/uk/city_programms_transport https://khm.gov.ua/uk/city_programms_dpi https://khm.gov.ua/uk/content/pidtrymka-pidpryyemnyctva https://khm.gov.ua/uk/content/pro-zatverdzhennya-programy-byudzhetuvannya-za-uchasti-gromadskosti-byudzhet-uchasti-mista-1 https://khm.gov.ua/uk/content/pro-zatverdzhennya-koncepciyi-industrialnogo-parku-hmelnyckyy-ta-stvorennya-industrialnogo-0 https://khm.gov.ua/uk/content/pro-zatverdzhennya-programy-gromadski-iniciatyvy-mhmelnyckogo-na-2016-2020-roky https://khm.gov.ua/uk/content/pro-zatverdzhennya-programy-mizhnarodnogo-spivrobitnyctva-ta-promociyi-mista-hmelnyckogo-na | CQ17: yes | CR17: http://chmr.gov.ua/ua/files.php?s=33&s1=368&s2=611 http://chmr.gov.ua/myrada/html/264983.php?id=264983 http://chmr.gov.ua/ua/textex.php?s=2&s1=206 http://chmr.gov.ua/ua/text.php?s=2&s1=207&s2=344 http://chmr.gov.ua/ua/files.php?s=33&s1=368&s2=522 | CS17: yes | CT17: http://chernivtsy.eu/portal/12832-2 | CU17: yes | CV17: http://chernigiv-rada.gov.ua/programy-2019/ http://chernigiv-rada.gov.ua/miski-programy/ | CW17: yes | CX17: http://shostka-rada.gov.ua/economy/programa_rozvitku1/ http://shostka-rada.gov.ua/documents/rishennya_rada/
A18: Q17 | B18: Is the information on the City Council executive committee meetings and the approved decisions published on the City Council website? | C18: yes | D18: http://artemrada.gov.ua/documents/regulations/committee | E18: yes | F18: http://www.berdychiv.com.ua/rshennya/vikonavchiy-komtet/ | G18: yes | H18: http://bmr.gov.ua/index.php?id=800000883 | I18: yes | J18: http://bc-rada.gov.ua/node/4924 | K18: yes | L18: http://brovary-rada.gov.ua/documents/?c=l | M18: yes | N18: https://www.vmr.gov.ua/Docs/ExecutiveCommitteeDecisions/Forms/AllItems.aspx https://www.vmr.gov.ua/Lists/TheExecutiveCommittee/ShowContent.aspx?ID=23 | O18: yes | P18: https://dniprorada.gov.ua/uk/page/poshuk-prijnyatih-dokumentiv-dniprovskoi-miskoi-radi | Q18: yes | R18: http://drohobych-rada.gov.ua/category/rishennya-vykonkomu/ | S18: yes | T18: http://zt-rada.gov.ua/?3998[0]=8763 http://zt-rada.gov.ua/documents?4026=23 | U18: yes | V18: https://zp.gov.ua/uk/articles/item/5885/zasidannya-vikonavchogo-komitetu-zaporizkoi-miskoi-radi https://zp.gov.ua/uk/documents/category/rishennya-miskvikonkomu/ | W18: yes | X18: http://www.mvk.if.ua/prmvk, http://www.namvk.if.ua/ http://www.mvk.if.ua/prorish http://www.mvk.if.Ua/anons/51153 | Y18: yes | Z18: http://www.izmail-rada.gov.ua/2012-04-02-13-48-01/2012-04-02-13-49-56 | AA18: yes | AB18: http://kam-pod.gov.ua/vikonkom/zasidannya-vikonavchogo-komitetu http://kam-pod.gov.ua/documents/of-docs-miskradi/rishennia-vikonkom | AC18: yes | AD18: http://so.kam.gov.ua/ua/treezas_so/pg/1_d6/%d0%a0%d1%96%d1%88%d0%b5%d0%bd%d0%bd%d1%8fhttp:/so.dndz.gov.ua/ua/treezas_so/pg/1_d2/ | AE18: yes | AF18: https://kyivcity.gov.ua/ | AG18: yes | AI18: yes | AJ18: http://rada.konotop.org/2014-02-05-15-19-02/2009-03-30-12-34-33/2009-04-30-08-30-29 | AK18: yes | AL18: http://konstrada.gov.ua/novini?start=10 | AM18: yes | AN18: http://www.krm.gov.ua/docs/vikonkom | AO18: yes | AP18: https://www.kremen.gov.ua/index.php/evikonkom/pdenny/index | AQ18: yes | AR18: https://kr.gov.ua/ua/st/pg/150219636871870_s/index.html | AS18: yes | AT18: http://kr-rada.gov.ua/vikonavchiy-komitet/anonsi-zasidan-vikonkom/ http://kr-rada.gov.ua/rishennya/ | AU18: yes | AV18: "Executive Committee decisions" section | AW18: yes | AX18: https://www.lutskrada.gov.ua/video-news/on-line https://www.lutskrada.gov.ua/pages/rezultaty-holosuvan-vykonavchoho-komitetu https://www.lutskrada.gov.ua/documents?term=&number=&type=24 | AY18: yes | AZ18: https://city-adm.lviv.ua/lmr/docs/plenary-executive-committee https://city-adm.lviv.ua/lmr/docs/draft-decisions | BA18: yes | BB18: http://marsovet.org.ua/news/index/sect/6 and decisions http://marsovet.org.ua/documents/show/menu/16493 | BC18: yes | BD18: http://mlt.gov.ua/index.php?option=com_content&task=blogcategory&id=88&Itemid=327 http://mlt.gov.ua/index.php?option=com_content&task=blogcategory&id=109&Itemid=362 | BE18: yes | BF18: https://mkrada.gov.ua/content/proekti-rishen-vikonkomu.html | BG18: yes | BH18: https://mukachevo-rada.gov.ua/index.php/miska-vlada/vykonavchyi-komitet/rishennia-vykonkomu | BI18: yes | BJ18: http://www.nizhynrada.gov.ua/article/236/zasdannya-vikonkomu.html http://www.nizhynrada.gov.ua/article/914/rshennya-vikonavchogo-komtetu.html | BK18: yes | BL18: http://nikopol-mrada.dp.gov.ua/publichna-informatsiia/dokumenti-nmr/rishennia-vykonavchoho-komitetu | BM18: yes | BN18: http://novomoskovsk-rada.gov.ua/executives-decisions | BO18: yes | BP18: https://omr.gov.ua/ua/news/217236/ https://omr.gov.ua/ua/acts/committee/ | BQ18: yes | BR18: http://olexrada.gov.ua/category/vkk/protokol_vk http://zakon.olexrada.gov.ua/rvk.php | BS18: partially | BT18: http://pavlogradmrada.dp.gov.ua/category/vikonkom-2/rishennya-vikonkomu | BU18: yes | BV18: http://www.rada-poltava.gov.ua/documents/rishennya_miskvikonkomu/ | BW18: yes | BX18: http://www.city-adm.rv.ua/PublicServices/decisions/committee | BY18: yes | BZ18: http://sed-rada.gov.ua/ http://sed-rada.gov.ua/vikonavchiy-komitet/ogoloshennya-pro-sklikannya http://sed-rada.gov.ua/normativna-baza/arhiv-proektiv-rishen-vikonavchogo-komitetu http://sed-rada.gov.ua/normativna-baza/arhiv-rishen-vikonavchogo-komitetu | CA18: yes | CB18: http://docs.slavrada.gov.ua/pdzas/ http://docs.slavrada.gov.ua/przas/ http://docs.slavrada.gov.ua/rishmvk/ | CC18: yes | CD18: https://smr.gov.ua/uk/miska-vlada/vikonavchi-organi/vikonavchij-komitet.html#vk19 https://smr.gov.ua/uk/dokumenti/rishennya-vikonavchogo-komitetu/2019-vk.html | CE18: yes | CF18: http://rada.te.ua/normativnie-dokument/rishennya-vikonavcho/ http://rada.te.ua/normativnie-dokument/protokoly_vukonkomu/ | CG18: yes | CH18: https://rada-uzhgorod.gov.ua/category/plany-vykonkomu-2019 https://rada-uzhgorod.gov.ua/rada_docs/rishennya-vykonkomu | CI18: yes | CJ18: http://uman-rada.gov.ua/index.php/dokumenty/rishennia-vykonavchoho-komitetu | CK18: partially | CL18: https://doc.citynet.kharkov.ua/ru/profile/ | CM18: yes | CN18: http://www.city.kherson.ua/news_detail/20-serpnya-vidbudetsya-zasidannya-vikonkomu-miskradi http://www.city.kherson.ua/act_search/1 http://www.city.kherson.ua/ http://www.city.kherson.ua/act_search/2 | CO18: yes | CP18: http://khm.gov.ua/uk/content/plany-zasidan, https://khm.gov.ua/uk/-agenda-of-the-executive-committee, https://khm.gov.ua/uk/executive-committee-decision | CQ18: yes | CR18: http://chmr.gov.ua/ua/text.php?s=2&s1=27&s2=22 | CS18: yes | CT18: http://chernivtsy.eu/portal/13104-2 http://chernivtsy.eu/portal/1196-2 | CU18: yes | CV18: http://chernigiv-rada.gov.ua/plany-zasidan-vikonkomu/ http://chernigiv-rada.gov.ua/rishennya-vikonkomu/ http://chernigiv-rada.gov.ua/document/rishennya-vikonkomu | CW18: yes | CX18: http://shostka-rada.gov.ua/ogoloshennya_pro_sklikannya_sesj/ http://shostka-rada.gov.ua/documents/rishennya_vikonkom/
A19: Q18 | B19: Is the procedure for the general meetings of citizens by place of residence (shall be approved by the charter of the territorial community) published on the City Council website? | C19: yes | D19: http://artemrada.gov.ua/meeting | E19: no | G19: yes | H19: https://bmr.gov.ua/fileadmin/documentation/inf-komunik.resursi/2017/Statut_teritor_gromadi_mista.pdf | I19: yes | J19: http://bc-rada.gov.ua/node/1901 | K19: yes | L19: http://brovary-rada.gov.ua/documents/25748.html | M19: yes | N19: https://www.vmr.gov.ua/Lists/VinnytsyaCity/ShowContent.aspx?ID=3 | O19: yes | P19: https://dniprorada.gov.ua/uk/page/statut-teritorialnoi-gromadi-mista | Q19: yes | R19: http://drohobych-rada.gov.ua/gromada/statut-terytorialnoyi-gromady-mista-drogobych/ | S19: yes | T19: http://zt-rada.gov.ua/statutZt | U19: yes | V19: https://zp.gov.ua/uk/page/statut | W19: yes | X19: http://www.namvk.if.ua/dt/20813/ | Y19: no | AA19: yes | AB19: https://onedrive.live.com/?authkey=%21AJkowX0xBaYgE80&cid=ECE43D51F9A9D478&id=ECE43D51F9A9D478%216625&parId=ECE43D51F9A9D478%212523&o=OneUp | AC19: yes | AD19: http://kam.gov.ua/pro_misto/statut_gromadi_mista | AE19: yes | AF19: https://kmr.gov.ua/uk/content/zagalni-zbory https://kyivcity.gov.ua/npa/pro_zatverdzhennya_polozhennya_pro_zagalni_zbori_chleniv_teritor ialno_gromadi_za_mistsem_prozhivannya_u_misti_kiyevi_360542/ | AG19: no | AI19: no | AK19: no | AM19: yes | AN19: http://www.krm.gov.ua/article/view/629 | AO19: no | AQ19: yes | AR19: http://kr.gov.ua/statut_teritorialnoi_gromadi_m.krivogo_rogu | AS19: yes | AT19: http://www.kr-rada.gov.ua/site/uploads/files/Vyconavchi%20organy/Viddil-z-pitan-vnutrishnoi-polotiki/%D0%A1%D1%82%D0%B0%D1%82%D1%83%D1%82%202019%20%D1%81%D0%B0%D0%B9%D1%82.pdf | AU19: yes | AV19: "Charter of the territorial community" section | AW19: yes | AX19: https://www.lutskrada.gov.ua/pages/stattia-26-zahalni-zbory-hromadian-za-mistsem-prozhyvannia | AY19: yes | AZ19: https://lvivrada.gov.ua/gromadska-uchast/zagalyni-zbory | BA19: no | BC19: no | BE19: yes | BF19: https://mkrada.gov.ua/content/statut-mista.html | BG19: yes | BH19: https://mukachevo-rada.gov.ua/images/docs/rishennya_mr/7/59/1440.rar | BI19: yes | BJ19: http://www.nizhynrada.gov.ua/article/1092/nstrumenti-mstsevo-demokrat.html | BK19: yes | BL19: http://nikopol-mrada.dp.gov.ua/prijmalnya/statut-mista2 | BM19: no | BO19: yes | BP19: https://omr.gov.ua/ua/open-city/statute/ | BQ19: yes | BR19: http://olexrada.gov.ua/category/gov_history/sity_statut | BS19: no | BU19: partially | BV19: https://www.google.com/url?q=http://www.rada-poltava.gov.ua/files/Statut%2520ter%2520gromadu.doc&sa=U&ved=0ahUKEwiMu5qTkcLQAhXDVywKHXojBaIQFggEMAA&client=internal-uds-cse&usg=AFQjCNFp-2zYIG8490WWUWDppooqeyaFdw | BW19: no | BY19: yes | BZ19: http://sed-rada.gov.ua/nashe-misto/statut-teritorialnoyi-gromadi | CA19: no | CC19: yes | CD19: http://www.meria.sumy.ua/index.php?docid=8634 | CE19: yes | CF19: http://rada.te.ua/normativnie-dokument/proekt_statutu_gromadi/10633.html http://rada.te.ua/normativnie-dokument/rishennya-miskoi-rad/23012.html | CG19: yes | CH19: https://rada-uzhgorod.gov.ua/uploads/old_docs/rada/PR_pro_zatver_polozh_pro_zagal_zboru_gromadjan_19.09.14.pdf | CI19: no | CK19: yes | CL19: http://www.city.kharkov.ua/uk/dokumentyi/ustav-territorialnoj-gromadyi.html | CM19: yes | CN19: http://www.city.kherson.ua/acts/s1353_1.zip | CO19: yes | CP19: http://khm.gov.ua/uk/content/statut-terytorialnoyi-gromady-m-hmelnyckogo http://khm.gov.ua/uk/public_consultation | CQ19: no | CS19: yes | CT19: chernivtsy.eu/portal/f/mr/ses2015069-1726-d2.doc | CU19: yes | CV19: http://chernigiv-rada.gov.ua/statut-gromady | CW19: yes | CX19: http://shostka-rada.gov.ua/vzaemodiya_z_gromadskistyu/polozhennya-pro-zagaln-zbori-gromadyan-za-mscem-prozhivannya-v-ukran/
A20: Q19 | B20: Is the procedure for submitting local initiative for consideration of the Council published on the City Council website? | C20: yes | D20: http://artemrada.gov.ua/inventions | E20: no | G20: yes | H20: https://bmr.gov.ua/fileadmin/documentation/inf-komunik.resursi/2017/Statut_teritor_gromadi_mista.pdf | I20: no | K20: yes | L20: The information is published on the portal webpage | M20: yes | N20: https://www.vmr.gov.ua/TransparentCity/Lists/PublicDiscussion/ShowContent.aspx?ID=1 | O20: yes | P20: https://dniprorada.gov.ua/uk/page/statut-teritorialnoi-gromadi-mista | Q20: no | S20: yes | T20: http://zt-rada.gov.ua/statutZt | U20: yes | V20: https://zp.gov.ua/uk/page/elektronni-peticii | W20: yes | X20: http://www.namvk.if.ua/dt/20814/ | Y20: no | AA20: no | AC20: yes | AD20: http://so.kam.gov.ua/ua/treezas_so/pg/271117119504415_d1/tpviewr/3/ | AE20: yes | AF20: https://kmr.gov.ua/uk/content/poryadok-vnesennya-ta-rozglyadu-miscevyh-iniciatyv | AG20: no | AH20: http://kovelrada.gov.ua/council.html | AI20: no | AK20: no | AM20: yes | AN20: http://www.krm.gov.ua/article/view/498 | AO20: no | AQ20: yes | AR20: https://gb.kr.gov.ua/ | AS20: yes | AT20: http://www.kr-rada.gov.ua/site/uploads/files/Vyconavchi%20organy/Viddil-z-pitan-vnutrishnoi-polotiki/%D0%A1%D1%82%D0%B0%D1%82%D1%83%D1%82%202019%20%D1%81%D0%B0%D0%B9%D1%82.pdf | AU20: no | AW20: yes | AX20: https://www.lutskrada.gov.ua/pages/bu | AY20: yes | AZ20: https://lvivrada.gov.ua/gromadska-uchast/miscevi-iniciatyvy | BA20: no | BC20: yes | BD20: https://melitopol-online.gov.ua/ | BE20: yes | BF20: https://mkrada.gov.ua/content/statut-mista.html. https://mkrada.gov.ua/content/reglament-mikolaivskoi-miskoi-radi-vi-sklikannya_2.html | BG20: yes | BH20: https://mukachevo-rada.gov.ua/images/docs/rishennya_mr/7/38_7_20180329/Rish_981.doc | BI20: yes | BJ20: http://www.nizhynrada.gov.ua/article/1092/nstrumenti-mstsevo-demokrat.html | BK20: no | BM20: no | BO20: yes | BP20: https://omr.gov.ua/ua/open-city/statute/ | BQ20: yes | BR20: http://olexrada.gov.ua/category/gov_history/sity_statu | BS20: no | BU20: no | BW20: no | BY20: yes | BZ20: http://sed-rada.gov.ua/nashe-misto/statut-teritorialnoyi-gromadi http://sed-rada.gov.ua/external-link/polozhennya-pro-miscevi-iniciativi-v-misti-sievierodonecku | CA20: no | CC20: yes | CD20: https://smr.gov.ua/uk/2016-03-14-08-10-17/mistseva-initsiativa/1855-poryadok-vnesennya-mistsevikh-initsiativ-na-rozglyad-sumskoji-miskoji-radi.html | CE20: no | CG20: yes | CH20: http://old.rada-uzhgorod.gov.ua/download/s/R_1268_pro_miscevi_iniciatuvu.pdf | CI20: yes | CJ20: http://uman-rada.gov.ua/index.php/dokumenty/proekty-rishen-miskoi-rady/item/13704-pro-zatverdzhennia-miskoi-tsilovoi-prohramy-hromadskyi-biudzhet-mista-uman-na-20192023-roky | CK20: yes | CL20: http://www.city.kharkov.ua/uk/dokumentyi/ustav-territorialnoj-gromadyi.html | CM20: yes | CN20: http://www.city.kherson.ua/acts/s1353_1.zip | CO20: yes | CP20: https://khm.gov.ua/uk/content/statut-terytorialnoyi-gromady-m-hmelnyckogo | CQ20: no | CS20: yes | CT20: chernivtsy.eu/portal/f/mr/ses2015069-1726-d3.doc | CU20: yes | CV20: http://chernigiv-rada.gov.ua/statut-gromady | CW20: yes | CX20: https://e-dem.in.ua/shostka https://pb.shostka.net/
A21: Q20 | B21: Is there a separate section on the City Council website for publishing information on the ongoing and completed local initiatives? | C21: yes | D21: http://artemrada.gov.ua/inventions | E21: no | G21: yes | H21: https://bmr.gov.ua/index.php?%20id=800000125&tx_news_pi1%5Bnews%5D=13873&tx_ne%20ws_pi%201%20%5%20Bcontroller%5D=N%20ews&tx_news_pi%201%20%5Baction%20%5D=detail&cHash=f9056fd%201%20db7bb09f939bc9579b5043a%206 | I21: yes | J21: "Public budget" section | K21: yes | L21: http://brovary-rada.gov.ua/content/gromadskiy-byudzhet.html http://brovary-rada.gov.ua/content/gromadska-rada-pri-vikonavchomu-komiteti.html | M21: yes | N21: https://www.vmr.gov.ua/TransparentCity/Lists/CitInitiative/News.aspx | O21: yes | P21: https://dniprorada.gov.ua/uk/page/gromadski-iniciativi | Q21: no | S21: yes | T21: https://zt-rada.gov.ua/?3445[0]=82 | U21: yes | V21: http://ep.zp.gov.ua/uk | W21: yes | X21: http://www.namvk.if.ua/dt/28350/ http://www.namvk.if.ua/dt/28352/ http://www.namvk.if.ua/dt/28353/ | Y21: partially | Z21: https://clarity-project.info/edr/42970532 | AA21: yes | AB21: https://kam-pod.pb.org.ua/ | AC21: yes | AD21: http://kam.gov.ua/byudzhet_uchasti | AE21: yes | AF21: https://kmr.gov.ua/uk/comisii/26/local-initiatives | AG21: no | AH21: http://www.kovelrada.gov.ua/povidomiti_pro_korupcijne_pravoporushennya.html | AI21: no | AK21: no | AM21: yes | AN21: There were no local initiatives submitted to the city council | AO21: no | AQ21: yes | AR21: https://gb.kr.gov.ua/ | AS21: yes | AT21: http://kr-rada.gov.ua/mistsevi-initsiativi | AU21: no | AW21: yes | AX21: https://www.lutskrada.gov.ua/pages/initiatives https://www.lutskrada.gov.ua/pages/bu | AY21: yes | AZ21: https://lvivrada.gov.ua/gromadska-uchast/miscevi-iniciatyvy | BA21: yes | BB21: http://mariupolrada.gov.ua/public-participation | BC21: yes | BD21: https://melitopol-online.gov.ua/ http://mlt.gov.ua/index.php?option=com_content&task=view&id=T 1945&Itemid=1 | BE21: no | BG21: yes | BH21: https://mukachevo-rada.gov.ua/index.php/ekonomika/ekonomika-biznes-ta-investytsii/biudzhet-hromadskykh-initsiatyv | BI21: no | BK21: no | BM21: no | BO21: yes | BP21: https://omr.gov.ua/ua/open-city/policy/initiative/ | BQ21: no | BS21: no | BU21: yes | BV21: http://www.rada-poltava.gov.ua/people/parcutupator/ | BW21: no | BY21: yes | BZ21: http://sed-rada.gov.ua/konsultaciyi-z-gromadskistyu | CA21: no | CC21: yes | CD21: https://smr.gov.ua/uk/2016-03-14-08-10-17/mistseva-initsiativa.html https://smr.gov.ua/uk/2016-03-14-08-10-17/mistseva-initsiativa/1861-perelik-mistsevikh-initsiativ.html https://smr.gov.ua/uk/2016-03-14-08-10-17/mistseva-initsiativa/13876-dovidkovi-materiali.html | CE21: yes | CF21: http://e-dem.in.ua/ternopil | CG21: partially | CH21: https://rada-uzhgorod.gov.ua/rada_docs/rishennya-sesij-miskoyi-rady | CI21: yes | CJ21: https://uman-budget.e-dem.in.ua/#/ | CK21: no | CM21: no | CO21: yes | CP21: https://khm.gov.ua/uk/content/miscevi-iniciatyvy | CQ21: no | CS21: yes | CT21: http://chernivtsy.eu/portal/mistsevi-initsiatyvy | CU21: yes | CV21: http://chernigiv-rada.gov.ua/statut-gromady | CW21: yes | CX21: https://e-dem.in.ua/shostka https://pb.shostka.net/
A22: Q21 | B22: Is the procedure for the public access to the City Council sessions published on the City Council website? | C22: yes | D22: http://artemrada.gov.ua/deputy/6_convocation/reglament | E22: no | G22: yes | H22: https://bmr.gov.ua/flleadmin/Miska_rada/Normativno-pravova_baza_Berdjanskoji_ miskoji_radi/Reglament_BM R VII sklikannja.pdf | I22: yes | J22: http://bc-rada.gov.ua http://bc-rada.gov.ua/node/1839 | K22: yes | L22: Free access of citizens to the meetings | M22: yes | N22: https://www.vmr.gov.ua/Lists/CityCouncil/ShowContent.aspx?ID=83 | O22: yes | P22: https://cnap.dniprorada.gov.ua/dpregistration/ | Q22: no | S22: yes | T22: https://zt-rada.gov.ua/?3398[0]=53 | U22: no | W22: yes | X22: http://www.mrada.if.ua/images/info/Reglament.pdf | Y22: partially | Z22: http://www.izmail-rada.gov.ua/images/0511171.rar | AA22: yes | AB22: http://kam-pod.gov.ua/rada/reglament | AC22: yes | AD22: http://kam.gov.ua/ua/osxfile/pg/250116511410522_p1_1o/1746225768.doc | AE22: yes | AF22: https://kmr.gov.ua/uk/plan_zasidanya | AG22: yes | AH22: http://www.kovelrada.gov.ua/povidomiti_pro_korupcijne_pravoporushennya.html | AI22: yes | AJ22: http://rada.konotop.org/2011-07-19-10-56-08/2011-07-21-11-40-45 | AK22: no | AM22: yes | AN22: Free access to citizens | AO22: no | AQ22: yes | AR22: https://kr.gov.ua/ua/st/pg/181018813267956_s/ | AS22: yes | AT22: http://www.kr-rada.gov.ua/sesiyi/on-line-restratsiya-na-zasidannya-miskoyi-radi/ | AU22: yes | AV22: Free access according to the law of Ukraine | AW22: yes | AX22: https://www.lutskrada.gov.ua/pages/rehlament-miskoi-rady | AY22: yes | AZ22: https://www.lvivrada.gov.ua/gromadska-uchast/vystupy-na-sesii | BA22: no | BC22: no | BE22: yes | BF22: It is governed by Paragraph 3 of Article 2 of the Regulation | BG22: yes | BH22: https://mukachevo-rada.gov.ua/index.php/miska-vlada/mukachivska-miska-rada | BI22: yes | BJ22: http://nizhynrada.gov.ua/videoNews | BK22: yes | BL22: https://www.youtube.com/watch?v=CvSAO6GNkE0#action=share | BM22: partially | BO22: yes | BP22: https://www.omr.gov.ua/ru/acts/council/77409/ | BQ22: yes | BR22: http://olexrada.gov.ua/category/city_rada/cg_reglament | BS22: no | BU22: yes | BV22: http://www.rada-poltava.gov.ua/rule/ http://www.rada-poltava.gov.ua/files/rada_reglament7.zip | BW22: no | BY22: yes | BZ22: http://sed-rada.gov.ua/miska-rada/reglament-sievierodoneckoyi-miskoyi-radi-vii-sklikannya | CA22: no | CC22: partially | CD22: https://smr.gov.ua/uk/miska-vlada/miska-rada/reglament.html | CE22: yes | CF22: https://tmrada.gov.ua/sesiya/poryadki-dennih-zasidan-sesii/4716.html | CG22: yes | CH22: https://rada-uzhgorod.gov.ua/rada_docs/show/205-vid-21-04-16r-pro-reglament-uzhgorodskoyi-miskoyi-rady-vii-sklykannya | CI22: yes | CJ22: http://uman-rada.gov.ua/index.php/rehlament-umanskoi-miskoi-rady-vii-sklykannia | CK22: no | CM22: yes | CO22: yes | CP22: https://khm.gov.ua/uk/content/pro-zatverdzhennya-poryadku-uchasti-gromadskosti-u-diyalnosti-hmelnyckoyi-miskoyi-rady | CQ22: no | CS22: yes | CT22: http://chernivtsy.eu/portal/6032-2 | CU22: yes | CW22: yes
A23: Q22 | B23: Is there the information on convening the session published on the City Council website no later than 10 days prior to the session (indicating time, venue and issues expected to be considered by the Council)? | C23: yes | D23: http://artemrada.gov.ua/news/24678 | E23: yes | F23: The information is published on the main page of the portal | G23: yes | H23: https://bmr.gov.ua/index.php?id=2&no_cache=1&no_cache=1 | I23: yes | J23: http://www.bc-rada.gov.ua/sites/default/files/rozporiadzhennia/16_2_09_19.zip | K23: yes | L23: http://brovary-rada.gov.ua/documents/32118.html http://brovary-rada.gov.ua/documents/31906.html | M23: yes | N23: https://www.vmr.gov.ua/Lists/CityCouncil/ShowContent.aspx?ID=55 | O23: yes | P23: https://dniprorada.gov.ua/uk/page/poshuk-prijnyatih-dokumentiv-dniprovskoi-miskoi-radi | Q23: yes | R23: http://drohobych-rada.gov.ua/deputaty-diyalnist-rady/ | S23: yes | T23: http://zt-rada.gov.ua/?3398[0]=8767 | U23: yes | V23: https://zp.gov.ua/uk/articles/item/5959/42-a-sesiya-zaporizkoi-miskoi-radi https://zp.gov.ua/uk/sessions/48/agenda | W23: yes | X23: http://www.mrada.if.ua/HOBHHH/3461-16-%D1%81%D0%B5%D1%80%D0%BF%D0%BD%D1%8F-%D0%B2%D1%96%D0%B4%D0%B1%D1%83%D0%B4%D0%B5%D1%82%D1%8C%D1%81%D1%8F-%D1%87%D0%B5%D1%80%D0%B3%D0%BE%D0%B2%D0%B0-28-%D1%81%D0%B5%D1%81%D1%96%D1%8F-%D0%BC%D1%96%D1%81%D1%8C%D0%BA%D0%BE%D1%97-%D1%80%D0%B0%D0%B4%D0%B8 | Y23: yes | Z23: http://www.izmail-rada.gov.ua/component/content/article/37-2010-02-23-08-37-13/8163--28-vii- | AA23: yes | AB23: http://kam-pod.gov.ua/rada/plenarni-zasidannya-miskoji-radi | AC23: yes | AD23: http://so.kam.gov.ua/ua/treezas_so/pg/251116751262314_d3/tpviewr/2/http:/dndz.gov.ua/miska_vlada/miska_rada | AE23: yes | AF23: https://kmr.gov.ua/uk/rozporyadjenya https://kmr.gov.ua/uk/project_poryadku_denogo | AG23: yes | AI23: yes | AJ23: rada.konotop.org | AK23: yes | AL23: http://konstrada.gov.ua/ | AM23: yes | AN23: http://www.krm.gov.ua/UserFiles/dl/gol/rasp_gol_09.08.19_55p.pdf http://www.krm.gov.ua/article/view/826 http://www.krm.gov.ua/news/view/27443 | AO23: yes | AP23: https://www.kremen.gov.ua/index.php/site/index | AQ23: yes | AR23: http://kr.gov.ua/anonsi_podiy | AS23: yes | AT23: http://www.kr-rada.gov.ua/sesiyi/ http://kr-rada.gov.ua/news/ | AU23: yes | AV23: "Event Announcement" section | AW23: yes | AX23: https://www.lutskrada.gov.ua/publications/sklykaietsia-62-a-sesiia-miskoi-rady https://www.lutskrada.gov.ua/documents/pro-62-u-sesiiu-miskoi-rady-646 https://www.lutskrada.gov.ua/documents?term=&number=&type=17&daterange= | AY23: yes | AZ23: https://city-adm.lviv.ua/lmr/docs/orders | BA23: yes | BB23: http://marsovet.org.ua/news/index/sect/5 | BC23: yes | BD23: http://mlt.gov.ua/index.php?option=com_content&task=blogcategory&id=88&Itemid=327 | BE23: yes | BF23: "Draft decisions of the regular session of the city council" section | BG23: yes | BH23: https://mukachevo-rada.gov.ua/index.php/2016-03-11-09-58-01/rozporyadzhennya-miskogo-golovi/rozporyadzhennya-z-osnovnoji-diyalnosti/item/14950 -rozporiadzhenniazosnovnoidiialnosti | BI23: yes | BJ23: http://www.nizhynrada.gov.ua/article/1494/rozporyadjennya-mskogo-golovi-za-2019-rk.html | BK23: yes | BL23: http://nikopol-mrada.dp.gov.ua/news/pro-sklykannia-53ipozacherhovoi-sesii-miskoi-rady-vii-sklykannia | BM23: yes | BN23: http://novomoskovsk-rada.gov.ua/mayor-orders | BO23: yes | BP23: https://www.omr.gov.ua/ua/news/216832 https://www.omr.gov.ua/ua/news/217080 https://www.omr.gov.ua/ua/announce/216739 | BQ23: yes | BR23: http://olexrada.gov.ua/category/city_rada/plenary-sessions | BS23: partially | BT23: http://pavlogradmrada.dp.gov.ua/ogoloshennya/povidomlennya-51.html | BU23: yes | BV23: http://www.rada-poltava.gov.ua/documents/rozporyadzhennya_miskogo_golovi/ | BW23: yes | BX23: http://www.city-adm.rv.ua/RivnePortal/ContentPages/Public/RadaProj/rada_project_agenda.aspx?id=140&year=2017 | BY23: yes | BZ23: http://sed-rada.gov.ua/plenarni-zasidannya/ogoloshennya-pro-sklikannya | CA23: yes | CB23: http://e-deputat.slavrada.gov.ua/uk/plenary_sessions http://docs.slavrada.gov.ua/dt/14877/ http://docs.slavrada.gov.ua/dt/2656/ | CC23: yes | CD23: https://smr.gov.ua/uk/novini/miska-vlada-news/13379-miskij-golova-sklikae-bereznevu-sesiyu.html | CE23: yes | CF23: http://rada.te.ua/novyny/53639.html | CG23: yes | CH23: https://rada-uzhgorod.gov.ua/rada_docs/show/%E2%84%96-215-vid-14052019-roku-pro-sklykannia-cherhovoi-khkhkhvi-sesii-miskoi-rady-vii-sklykannia | CI23: yes | CK23: partially | CL23: http://www.city.kharkov.ua/uk/news/zavtra-vidbudetsya-chergova-sesiya-miskoi-radi-34128.html | CM23: yes | CO23: yes | CP23: https://khm.gov.ua/uk/content/sklykayetsya-chergova-trydcyata-sesiya-hmelnyckoyi-miskoyi-rady https://khm.gov.ua/uk/agenda-sessions | CQ23: yes | CR23: http://chmr.gov.ua/ua/files.php?s=2&s1=168&s2=241 | CS23: yes | CT23: http://chernivtsy.eu/portal/4/prodovzhennya-sesiyi-4-ta-5-veresnya-127542.html http://chernivtsy.eu/portal/5319-2 | CU23: yes | CV23: http://chernigiv-rada.gov.ua/ogoloshennya-skl-sesiy/ | CW23: yes | CX23: http://shostka-rada.gov.ua/ogoloshennya_pro_sklikannya_sesj/
A24: Q23 | B24: Are the preparatory materials to all sessions (including agenda, draft documents for approval) published on the City Council website at least two days before the meeting? | C24: yes | D24: http://artemrada.gov.ua/sessionproject http://artemrada.gov.ua/isp-proekt | E24: no | G24: yes | H24: https://bmr.gov.ua/index.php?id=800000905 | I24: yes | J24: http://bc-rada.gov.ua/node/2096 | K24: yes | L24: http://brovary-rada.gov.ua/news/18024.html http://brovary-rada.gov.ua/news/17899.html http://brovary-rada.gov.ua/news/17618.html | M24: yes | N24: https://www.vmr.gov.ua/Lists/CityCouncil/ShowContent.aspx?ID=55 https://www.vmr.gov.ua/Lists/TheExecutiveCommittee/ShowContent.aspx?ID=29 https://www.vmr.gov.ua/Docs/ExecutiveCommitteeDecisions/Forms/Projects.aspx | O24: yes | P24: https://dniprorada.gov.ua/uk/page/poshuk-proektiv-dokumentiv-dniprovskoi-miskoi-radi | Q24: yes | R24: http://drohobych-rada.gov.ua/category/proekty-rishen-sesiyi/ | S24: yes | T24: http://zt-rada.gov.ua/?3398[0]=8763 | U24: yes | V24: https://zp.gov.ua/uk/sessions/current/projects/ https://zp.gov.ua/uk/documents/category/proekti-rishen-miskvikonkomu/ | W24: yes | X24: http://www.mrada.if.ua/%D0%B4%D0%BE%D0%BA%D1%83%D0%BC%D0%B5%D0%BD%D1%82%D0%B8-%D1%80%D0%B0%D0%B4%D0%B8/%D0%BF%D1%80%D0%BE%D0%B5%D0%BA%D1%82%D0%B8-%D1%80%D1%96%D1%88%D0%B5%D0%BD%D1%8C | Y24: yes | Z24: http://www.izmail-rada.gov.ua/2012-04-02-13-48-01/2012-04-02-13-50-26 https://drive.google.com/drive/folders/1yg0FK-W-HVXHS2FG380qcmjZ51EEfkhv | AA24: yes | AB24: http://kam-pod.gov.ua/documents/proekti-normativno-pravovikh-aktiv-miskoji-radi | AC24: yes | AD24: http://kam.gov.ua/miska_vlada/miska_rada | AE24: yes | AF24: https://kmr.gov.ua/uk/project_poryadku_denogo https://kmr.gov.ua/uk/comisii https://kmr.gov.ua/uk/proektu-rishenya | AG24: yes | AH24: http://kovelrada.gov.ua/appeals_citizens.html | AI24: yes | AJ24: http://rada.konotop.org/2014-02-05-15-19-02/2009-03-30-12-34-33/2011-12-20-09-34-27 | AK24: partially | AL24: http://konstrada.gov.ua/component/documents/?menu=&typedoc=5&Itemid=181 | AM24: partially | AN24: http://www.krm.gov.ua/UserFiles/dl/gol/rasp_gol_09.08.19_55p.pdf http://www.krm.gov.ua/article/view/826 http://www.krm.gov.ua/news/view/27443 | AO24: partially | AP24: https://www.kremen.gov.ua/index.php/rozdil/miska_vlada/radanova/materials | AQ24: yes | AR24: https://kr.gov.ua/ua/ispolkom_sessii/pg/4924_s/ | AS24: yes | AT24: http://www.kr-rada.gov.ua/sesiyi/perelik-pitan-do-sessiyi/ | AU24: yes | AV24: "Draft decisions" section | AW24: yes | AX24: https://www.lutskrada.gov.ua/documents?term=&number=&type=1&daterange= https://www.lutskrada.gov.ua/documents?term=&number=&type=19&daterange= https://www.lutskrada.gov.ua/document-types/poriadky-denni-sesii-miskoi-rady | AY24: yes | AZ24: https://www.lvivrada.gov.ua/zasidannia/poryadok-dennyy | BA24: yes | BB24: http://marsovet.org.ua/documents/show/search/4?title=ПОРЯДОК+ДЕННИЙ+&date_from=13.10.2017&date_to=13.10.2017&submit=Найти http://marsovet.org.ua/documents/show/menu/16489/page/3 | BC24: yes | BD24: http://mlt.gov.ua/index.php?option=com_content&task=blogcategory&id=88&Itemid=327 http://mlt.gov.ua/index.php?option=com_content&task=blogcategory&id=97&Itemid=339 http://mlt.gov.ua/index.php?option=com_content&task=blogcategory&id=98&Itemid=340 | BE24: yes | BF24: https://mkrada.gov.ua/content/proekti-rishen-miskradi.html; https://mkrada.gov.ua/content/proekti-rishen-vikonkomu.html. | BG24: yes | BH24: https://mukachevo-rada.gov.ua/index.php/miska-vlada/mukachivska-miska-rada/proekty-rishen-miskoi-rady-2 | BI24: no | BK24: yes | BL24: http://nikopol-mrada.dp.gov.ua/publichna-informatsiia/planyvidkrytykh-zasidan/poriadok-dennyi-sessii-nikopolskoi-miskoirady http://nikopol-mrada.dp.gov.ua/publichna-informatsiia/dokumentinmr/proekty-rishen-miskoi-rady | BM24: no | BO24: yes | BP24: https://www.omr.gov.ua/ua/news/217080 https://www.omr.gov.ua/ua/announce/216739 https://www.omr.gov.ua/ua/acts/projects/council/ | BQ24: yes | BR24: http://olexrada.gov.ua/category/pub_inf/proektu_rada | BS24: partially | BT24: http://pavlogradmrada.dp.gov.ua/category/miska-rada/proekti-rishen-miskoї-radi | BU24: yes | BV24: http://www.rada-poltava.gov.ua/news/ http://www.rada-poltava.gov.ua/rule/rada/comission/ | BW24: yes | BX24: http://www.city-adm.rv.ua/RivnePortal/ContentPages/Public/RadaProj/rada_project_year.aspx | BY24: yes | BZ24: http://sed-rada.gov.ua/plenarni-zasidannya/poryadki-denni-zasidan http://sed-rada.gov.ua/normativna-baza/arhiv-proektiv-rishen-sesiy-miskoyi-radi | CA24: yes | CB24: http://docs.slavrada.gov.ua/pdzas/ http://docs.slavrada.gov.ua/prrishses/ http://docs.slavrada.gov.ua/prrishmvk/ | CC24: yes | CD24: https://smr.gov.ua/uk/dokumenti/proekti-dokumentiv/proekti-poryadkiv-dennikh-sesij.html https://smr.gov.ua/uk/miska-vlada/miska-rada/postijni-komisiji/162-komisia-budget.html | CE24: partially | CF24: http://rada.te.ua/novyny/53843.html | CG24: yes | CH24: https://rada-uzhgorod.gov.ua/rada_docs/proekty-sesii-lypen-2019 https://rada-uzhgorod.gov.ua/category/grafiky-provedennya-komisij | CI24: yes | CJ24: http://uman-rada.gov.ua/index.php/dokumenty/proekty-rishen-miskoi-rady | CK24: no | CM24: yes | CN24: http://www.city.kherson.ua/act_search/10 http://www.city.kherson.ua/articles/proekti-rishen-dlya-rozglyadu-na-zasidanni-vikonavchogo-komitetu-u-serpni-2019-roku | CO24: yes | CP24: https://khm.gov.ua/uk/content/vidbudetsya-zasidannya-postiynoyi-komisiyi-101 | CQ24: yes | CR24: http://chmr.gov.ua/ua/files.php?s=2&s1=27&s2=362 http://chmr.gov.ua/ua/files.php?s=2&s1=27&s2=405 | CS24: yes | CT24: http://chernivtsy.eu/portal/1109-2 | CU24: yes | CW24: yes | CX24: http://shostka-rada.gov.ua/documents/proekti_rshen_dlya_obgovorennya/
A25: Q24 | B25: Is there an instrument allowing the public to submit, track and sign electronic petitions to the City Council on the City Council website? | C25: yes | D25: http://artemrada.gov.ua/petition | E25: yes | F25: http://petition.berdychiv.com.ua/uk | G25: yes | H25: https://petition.bmr.gov.ua/public/ | I25: yes | J25: http://bc-rada.gov.ua/node/5905 | K25: yes | L25: https://petition.brovary-rada.gov.ua/ | M25: yes | N25: https://www.vmr.gov.ua/Lists/Officials/Default.aspx | O25: yes | P25: https://dniprorada.gov.ua/uk/page/edina-sistema-miscevih-peticij, https://e-dem.in.ua/dnipropetrovsk | Q25: yes | R25: http://drohobych-rada.gov.ua/gromada/elektronni-petytsiyi-gromadyan/ | S25: yes | T25: http://petitions.zt-rada.gov.ua | U25: yes | V25: http://ep.zp.gov.ua/uk | W25: yes | X25: http://petition.mvk.if.ua/ | Y25: no | AA25: yes | AB25: http://petition.kam-pod.gov.ua/ | AC25: yes | AD25: http://e-dem.in.ua/dniprodzerzhynsk | AE25: yes | AF25: https://petition.kyivcity.gov.ua/ | AG25: yes | AH25: http://www.kovelrada.gov.ua/publichna_informaciya_cshodo_mistobudivnoi_diyalnosti.html | AI25: yes | AJ25: https://e-dem.in.ua/konotop | AK25: yes | AL25: http://petition.konstrada.gov.ua/uk | AM25: partially | AN25: https://e-dem.in.ua/kramatorsk http://www.krm.gov.ua/article/view/505 https://e-dem.in.ua/kramatorsk http://www.krm.gov.ua/article/view/505 | AO25: yes | AP25: https://petition.kremen.gov.ua/ | AQ25: yes | AR25: http://pet.kr.gov.ua/ | AS25: yes | AT25: http://kr-rada.gov.ua/mistsevi-petitsiyi/ | AU25: yes | AV25: Unified Electronic Petition System | AW25: yes | AX25: https://e-dem.in.ua/lutsk | AY25: yes | AZ25: https://e-dem.in.ua/lviv | BA25: yes | BB25: http://marsovet.org.ua/articles/show/article/2511 | BC25: no | BE25: yes | BF25: http://petition.mkrada.gov.ua/ | BG25: no | BI25: yes | BJ25: https://e-dem.in.ua/nizhyn/petition/consider/all | BK25: yes | BL25: https://e-dem.in.ua/nikopol | BM25: yes | BN25: https://e-dem.in.ua/novomoskovsk | BO25: yes | BP25: https://citizen.odessa.ua/petition/ https://omr.gov.ua/ru/acts/council/81264/ | BQ25: no | BS25: yes | BT25: http://e-dem.in.ua/pavlograd | BU25: yes | BV25: http://www.rada-poltava.gov.ua/petition/petition_add/ | BW25: yes | BX25: http://www.city-adm.rv.ua/Petitions/home | BY25: yes | BZ25: https://e-dem.in.ua/severodonetsk | CA25: yes | CB25: https://e-dem.in.ua/slavyansk | CC25: yes | CD25: https://e-dem.in.ua/sumy | CE25: yes | CF25: http://rada.te.ua/petitsii/ | CG25: yes | CH25: https://rada-uzhgorod.gov.ua/add_petition/ | CI25: yes | CJ25: https://e-dem.in.ua/uman | CK25: yes | CL25: http://petition.city.kharkov.ua/uk/ | CM25: yes | CN25: http://www.city.kherson.ua/articles/elektronni-peticiyi-2 | CO25: yes | CP25: https://e-dem.in.ua/khmelnytsky | CQ25: yes | CR25: http://rada.ck.ua/petitions/web/ | CS25: yes | CT25: https://e-dem.in.ua/chernivtsi | CU25: yes | CV25: http://e-dem.in.ua/chernihiv | CW25: yes | CX25: https://e-dem.in.ua/shostka
A26: Q25 | B26: Are the conditions for providing grants and funding of business projects from the city budget to the city residents published on the City Council website? | C26: yes | D26: http://artemrada.gov.ua/9661 http://artemrada.gov.ua/15844 | E26: no | G26: yes | H26: https://berdiansk.pb.org.ua | I26: no | K26: yes | L26: http://brovary-rada.gov.ua/content/2019-rik.html | M26: yes | N26: https://www.vmr.gov.ua/Branches/Lists/BusinessSupport/ShowContent.aspx?ID=13 | O26: yes | P26: https://dniprorada.gov.ua/uk https://adm.dniprorada.gov.ua/ https://dniprorada.gov.ua https://dniprorada.gov.ua/uk/page/schorichnij-konkurs-proektiv-ta-startapiv-innodnipro https://dniprorada.gov.ua/uk/page/poshuk-prijnyatih-dokumentiv-dniprovskoi-miskoi-radi | Q26: no | S26: no | T26: http://zt-rada.gov.ua/?3398%5B0%5D=6290 | U26: no | W26: yes | X26: http://konkurs.mrada.if.ua/#home http://bu.mvk.if.ua/ | Y26: yes | Z26: http://www.izmail-rada.gov.ua/2010-05-11-08-00-56/2019-07-17-09-23-46/8315-2018-03-01-14-26-36 | AA26: yes | AB26: http://kam-pod.gov.ua/novini/town-news/item/26075-hromadskyi-biudzhet-chekaie-na-novi-proekty | AC26: no | AE26: yes | AF26: https://don.kyivcity.gov.ua/content/granty.html | AG26: yes | AI26: yes | AJ26: http://rada.konotop.org/2016-08-03-12-48-23 | AK26: no | AM26: yes | AN26: http://www.krm.gov.ua/article/view/24 | AO26: yes | AP26: https://budget.kremen.org.ua/ | AQ26: yes | AR26: https://gb.kr.gov.ua/pages/rules | AS26: yes | AT26: http://www.kr-rada.gov.ua/pidprimnitstvo | AU26: no | AW26: no | AY26: yes | AZ26: https://lvivrada.gov.ua/gromadska-uchast/gromadskyi-budget https://lvivrada.gov.ua/gromadska-uchast/konkursy-dlja-go | BA26: yes | BB26: http://marsovet.org.ua/articles/show/menu/558 | BC26: yes | BD26: https://melitopol-online.gov.ua/ | BE26: yes | BF26: https://mkrada.gov.ua/content/gromadskiy-byudzhet_2017.html http://mykolaiv-budget.e-dem.in.ua/#/ | BG26: no | BI26: no | BK26: yes | BL26: http://nikopol-mrada.dp.gov.ua/vykonavchyi-komitet/viddily-taupravlinnia-nmr/upravlinnia-ekonomiky-finansiv-ta-miskohobiudzhetu | BM26: no | BO26: yes | BP26: https://www.omr.gov.ua/ru/acts/council/114628/ https://www.omr.gov.ua/ru/acts/council/114625/ https://www.omr.gov.ua/ua/news/216300 https://citizen.odessa.ua/projects/ | BQ26: yes | BR26: http://olexrada.gov.ua/category/mf_pp/support_smb | BS26: no | BU26: no | BW26: yes | BY26: yes | BZ26: http://sed-rada.gov.ua/gromadskiy-byudzhet | CA26: yes | CB26: http://www.slavrada.gov.ua/?view=obyav&obyavID=19822 | CC26: no | CE26: no | CG26: yes | CH26: https://rada-uzhgorod.gov.ua/viddil-mizhnarodnyh-grantovyh-program-ta-innovatsij/#26lr5z1tpyk | CI26: no | CK26: no | CM26: yes | CN26: http://www.city.kherson.ua/articles/investiciyna-diyalnist http://www.city.kherson.ua/articles/zaluchennya-mizhnarodnoyi-tehnichnoyi-dopomogi | CO26: yes | CP26: http://khm.gov.ua/uk/content/gromadski-iniciatyvy | CQ26: yes | CR26: http://chmr.gov.ua/ua/files.php?s=8&s1=46&s2=175 | CS26: yes | CT26: https://gb.city.cv.ua/ http://chernivtsy.eu/portal/1188-2 http://chernivtsy.eu/portal/4/antykoruptsijna-initsiatyva-yes-v-ukrayini-ogoloshuye-konkurs-grantiv-125032.html | CU26: yes | CV26: http://chernigiv-rada.gov.ua/budzhet-uchasti | CW26: yes | CX26: https://pb.shostka.net/
A27: Q26 | B27: Is the information on the given grants/business projects financed from the city budget published on the City Council website? | C27: yes | D27: http://artemrada.gov.ua/20114 | E27: no | G27: yes | H27: https://bmr.gov.ua/index.php?і%20d—800000125&tx_news_pi%201%20%5Bnews%5D=l%203873&tx_ne%20ws_pi%201%20%5Bcontroller%5D=N%20ews&tx_news_pi%20l%5Baction%20%5D=detail&cHash=f9056fd%20Idb7bb09f939bo9579b5043a%206 | I27: no | K27: yes | L27: onedrive.live.com/edit.aspx?resid=76CC13A1B9E773BD!5708&ithint=file%2cdocx&authkev=l%20AJnUxnHU%20хгІЗбо | M27: yes | N27: https://www.vmr.gov.ua/Branches/Lists/BusinessSupport/ShowContent.aspx?ID=13 | O27: yes | P27: https://adm.dniprorada.gov.ua/ https://dniprorada.gov.ua/uk/page/schorichnij-konkurs-proektiv-ta-startapiv-innodnipro https://mapa.dniprorada.gov.ua/?category_id=11 | Q27: no | S27: no | T27: http://zt-rada.gov.ua/?3398%5B0%5D=6290 | U27: no | W27: yes | X27: http://konkurs.mrada.if.ua/obsiah-finansuvannia/ http://bu.mvk.if.ua/ | Y27: no | AA27: yes | AB27: http://kam-pod.gov.ua/economika/granti http://kam-pod.gov.ua/novini/town-news/item/25638-trivae-budivnitstvo-skejt-parku | AC27: no | AE27: no | AG27: no | AI27: yes | AJ27: http://rada.konotop.org/2016-08-03-12-48-23 | AK27: no | AM27: no | AO27: yes | AP27: https://budget.kremen.org.ua/ | AQ27: yes | AR27: http://pet.kr.gov.ua/ | AS27: yes | AT27: http://www.kr-rada.gov.ua/pidprimnitstvo | AU27: no | AW27: no | AY27: yes | AZ27: http://city-adm.lviv.ua/competitions/505-viddil-hromadskoho-partnerstva/jezultati-konkursiv https://gb.city-adm.lviv.ua/ https://lviv.pb.org.ua/ | BA27: yes | BB27: http://marsovet.org.ua/articles/show/menu/2301 | BC27: yes | BD27: http://mlt.gov.ua/index.php?option=com_content&task=view&id=10414&Itemid=1 | BE27: yes | BF27: https://mkrada.gov.ua/content/gromadskiy-byudzhet_2017.html http://mykolaiv-budget.e-dem.in.ua/#/ | BG27: no | BI27: no | BK27: yes | BL27: http://nikopol-mrada.dp.gov.ua/vykonavchyi-komitet/viddily-taupravlinnia-nmr/upravlinnia-ekonomiky-finansiv-ta-miskohobiudzhetu | BM27: no | BO27: yes | BP27: https://odessa5t.com/grants/add https://odessa5t.com.ua/projects/add https://www.omr.gov.ua/ua/city/departments/economy/ | BQ27: yes | BR27: http://olexrada.gov.ua/category/mf_pp/support_smb | BS27: no | BU27: no | BW27: no | BY27: yes | BZ27: http://sed-rada.gov.ua/gromadskiy-byudzhet | CA27: yes | CB27: http://www.slavrada.gov.ua/?view=maliy_biznes http://slavrada.gov.ua/uploads/File/econom/6_monitoring_proektiv.pdf | CC27: partially | CD27: https://smr.gov.ua/uk/2016-03-14-08-10-17/partijni-ta-gromadski-organizatsiji/miski-konkursy-z-vyznachennia-prohram-proektiv-zakhodiv-rozroblenykh-ihs.html | CE27: no | CG27: yes | CH27: https://rada-uzhgorod.gov.ua/viddil-mizhnarodnyh-grantovyh-program-ta-innovatsij/#26lr5z1tpyk | CI27: no | CK27: no | CM27: yes | CN27: http://www.city.kherson.ua/articles/mizhnarodne-spivrobitnictv http://www.city.kherson.ua/articles/investiciyna-diyalnist | CO27: yes | CP27: http://khm.gov.ua/uk/content/gromadski-iniciatyvy https://khm.gov.ua/sites/default/files/Zvit-Gromadski_iniciatyvy-2018.pdf | CQ27: yes | CR27: http://chmr.gov.ua/ua/sections.php?s=8 | CS27: yes | CT27: https://gb.city.cv.ua/ http://chernivtsy.eu/portal/1188-2 http://chernivtsy.eu/portal/4/antykoruptsijna-initsiatyva-yes-v-ukrayini-ogoloshuye-konkurs-grantiv-125032.html | CU27: yes | CV27: http://chernigiv-rada.gov.ua/budzhet-uchasti | CW27: yes | CX27: https://pb.shostka.net/
A28: Q27 | B28: Is there a separate section for publishing information on partnership, cooperation, twinning between towns on the City Council website with links to the common activities and programs? | C28: yes | D28: http://artemrada.gov.ua/16565 | E28: no | G28: yes | H28: https://bmr.gov.ua/index.php?id=49&L=920 | I28: yes | J28: http://bc-rada.gov.ua/node/1918 http://2.auc.org.ua/page/pro-amu | K28: yes | L28: http://brovary-rada.gov.ua/news/17148.html | M28: yes | N28: https://www.vmr.gov.ua/en/Lists/CooperationNews/News.aspx | O28: yes | P28: https://dniprorada.gov.ua/uk/articles/category/novini/ | Q28: yes | R28: http://drohobych-rada.gov.ua/mizhnarodni-zv-yazky-2/mista-pobratymy/ | S28: yes | T28: http://zt-rada.gov.ua/?3445[0]=54 | U28: yes | V28: https://zp.gov.ua/uk/page/pobratymy | W28: yes | X28: http://www.mvk.if.ua/twincity http://www.mvk.if.ua/plancity http://www.mvk.if.ua/mvisit | Y28: yes | Z28: http://izmailinvest.org.ua/ua/#about | AA28: yes | AB28: http://kam-pod.gov.ua/novini/town-news http://kam-pod.gov.ua/economika/granti http://kam-pod.gov.ua/nashe-misto/mista-partneri | AC28: no | AE28: yes | AF28: https://kmr.gov.ua/content/activity https://kmr.gov.ua/uk/content/cooperation | AG28: yes | AH28: http://kovelrada.gov.ua/proekti_rishen_miskoi_radi.html | AI28: yes | AJ28: http://rada.konotop.org/home/2009-04-10-08-00-41 | AK28: no | AM28: yes | AN28: http://www.krm.gov.ua/article/view/768 , http://www.krm.gov.ua/article/view/859, http://www.krm.gov.ua/article/view/861, http://www.krm.gov.ua/article/view/862 | AO28: partially | AP28: https://www.kremen.gov.ua/index.php/rozdil/gromadyanam/misto/mistapobratymi | AQ28: yes | AR28: https://kr.gov.ua/ua/investitsiyne_seredovishche/propozitsii_inozemnikh_partneriv | AS28: no | AU28: yes | AW28: yes | AX28: https://www.lutskrada.gov.ua/pages/pobratymy-lutska | AY28: yes | AZ28: https://lvivrada.gov.ua/informacia/mista-partnery | BA28: yes | BB28: http://marsovet.org.ua/articles/show/article/653 | BC28: no | BE28: yes | BF28: https://mkrada.gov.ua/content/mikolaiv-v-mizhnarodnih-organizaciyah.html | BG28: yes | BH28: https://mukachevo-rada.gov.ua/index.php/hromadianam/pro-mukacheve/mista-pobratimi-mukacheva | BI28: yes | BJ28: http://www.nizhynrada.gov.ua/article/1277/memorandumi-.html | BK28: yes | BL28: http://nikopol-mrada.dp.gov.ua/vykonavchyi-komitet/viddily-taupravlinnia-nmr/viddil-mizhnarodnoho-spivrobitnytstva-tarozvytku | BM28: no | BO28: yes | BP28: https://omr.gov.ua/ua/international/ https://forum5t.com.ua/ https://www.omr.gov.ua/ua/city/departments/economy/ https://www.omr.gov.ua/ua/news/216356 | BQ28: yes | BR28: http://olexrada.gov.ua/category/spg/twin_city | BS28: no | BU28: yes | BV28: http://www.rada-poltava.gov.ua/ http://www.kultura-poltava.gov.ua/ | BW28: yes | BX28: http://www.city-adm.rv.ua/RivnePortal/ukr/city_partners.aspx | BY28: yes | BZ28: http://sed-rada.gov.ua/ekonomika/energetichniy-menedzhment http://sed-rada.gov.ua/ekonomika/iniciativa-meri-za-ekonomichne-zrostannya-m4eg | CA28: yes | CB28: http://slavrada.gov.ua/uploads/File/invest/2019/invest_dogovir.pdf | CC28: yes | CD28: https://smr.gov.ua/uk/misto/mista-partneri.html | CE28: partially | CF28: http://rada.te.ua/mista-partneri-ta-po/ | CG28: yes | CH28: 1). https://rada-uzhgorod.gov.ua/mista-pobratymy 2). https://rada-uzhgorod.gov.ua/post/u-miskii-radi-z-ofitsiinym-vizytom-delehatsiia-z-kytaiskoho-mista-pobratyma-sinchzhou | CI28: yes | CJ28: http://uman-rada.gov.ua/index.php/mizhnarodni-zviazky | CK28: yes | CL28: http://www.city.kharkov.ua/uk/o-xarkove/goroda-partneryi.html | CM28: yes | CN28: http://www.city.kherson.ua/articles/zaluchennya-mizhnarodnoyi-tehnichnoyi-dopomogi http://www.city.kherson.ua/articles/mizhnarodne-spivrobitnictv | CO28: yes | CP28: http://khm.gov.ua/uk/twin-cities | CQ28: yes | CR28: http://chmr.gov.ua/ua/text.php?s=8&s1=46&s2=69 | CS28: yes | CT28: http://chernivtsy.eu/portal/1155-2 | CU28: yes | CV28: http://chernigiv-rada.gov.ua/citypartners-list/ | CW28: yes | CX28: http://shostka-rada.gov.ua/town/msta_pobratimi/
A29: Q28 | B29: Is the information on the completed and ongoing projects with foreign funding, implemented in the territory of the community (grant projects, international technical assistance projects), including reports on their implementation published on the City Council website? | C29: yes | D29: http://artemrada.gov.ua/16565 | E29: no | G29: yes | H29: https://bmr.gov.ua/index.php?id=800000816&no cache- 1 https://bmr.gov.ua/index.php?id=800001067 https://bmr.gov.ua/index.php?id=800001794&L=520 https://bmr.gov.ua/index.php?id=800000424&L=520 | I29: no | K29: no | M29: yes | N29: https://www.vmr.gov.ua/en/default.aspx | O29: no | P29: http://dda.dp.ua/proekty/ | Q29: yes | R29: http://drohobych-rada.gov.ua/category/proekty-zahody-podiyi/, the City Council cooperates with the UNDP http://drohobych-rada.gov.ua/ponad-20-osbb-drogobycha-otrymaly-spivfinansuvannya-proektu-так-proon-mrg-foto/ | S29: no | U29: yes | V29: http://invest.zp.gov.ua/uk/pages/successful_projects | W29: yes | X29: http://invest-if.com/uk/ http://mvk.if.ua/invclim/41195 http://www.komynalka.com.ua/investytsiyi/mistsevi-prohramy http://www.komynalka.com.Ua/investytsiyi/derzhavni-prohramy | Y29: yes | Z29: http://izmail-rada.gov.ua/component/content/article/37-2010-02-23-08-37-13/8619-2018-08-03-09-19-54 http://izmail-rada.gov.ua/ http://izmailinvest.org.ua/ua/#about | AA29: yes | AB29: http://kam-pod.gov.ua/novini/town-news/item/1808-miskteplovodenerhiyu-inspektuvav-svitovyy-bank http://kam-pod.gov.ua/economika/invest-politika/investitsijni-proekti | AC29: yes | AD29: http://kam.gov.ua/investitsiyna_diyalnist/proekti/realizatsiya_proektiv | AE29: no | AG29: no | AH29: http://kovelrada.gov.ua/councildecision.html | AI29: yes | AJ29: http://rada.konotop.org/2016-08-03-12-48-23 | AK29: no | AM29: partially | AN29: http://www.krm.gov.ua/article/view/851 http://www.krm.gov.ua/article/view/852 http://www.krm.gov.ua/article/view/756, http://www.krm.gov.ua/article/view/757 http://www.krm.gov.ua/article/view/649 http://www.krm.gov.ua/article/view/851 http://www.krm.gov.ua/article/view/852 http://www.krm.gov.ua/article/view/756, http://www.krm.gov.ua/article/view/757 http://www.krm.gov.ua/article/view/649 | AO29: no | AQ29: no | AS29: yes | AT29: http://www.kr-rada.gov.ua/investitsiyna-diyalnist | AU29: yes | AV29: http://lis.gov.ua/otkrytye-dannye/21534-informatsiya-pro-otrimane-majno-obladnannya-programne-zabezpechennya-u-ramkakh-mizhnarodnoji-tekhnichnoji-dopomogi.html http://lis.gov.ua/novosti/notice/19232-lksp-lisichanskvodokanal-otrimalo-novu-tekhniku.html | AW29: yes | AX29: https://www.lutskrada.gov.ua/pages/proekty; https://www.lutskrada.gov.ua/pages/proekty-realizovani-u-2018-rotsi; https://www.lutskrada.gov.ua/pages/proekty-realizovani-u-2017-rotsi. | AY29: no | BA29: yes | BB29: http://marsovet.org.ua/articles/show/menu/558 | BC29: no | BE29: yes | BF29: https://mkrada.gov.ua/news/1211.html https://mkrada.gov.ua/news/8168.html https://mkrada.gov.ua/news/8448.html https://mkrada.gov.ua/news/10634.html | BG29: yes | BH29: https://www.mukachevo-rada.gov.ua/index.php/miska-vlada/mukachivska-miska-rada/item/14030-mukachivskyitsentrpervynnoimedykosanitarnoidopomohystavperemozhtsemkonkursuproektuusaid https://mukachevo-rada.gov.ua/index.php/culture/viddil-kulturi-vikonavchogo-komitetu-mukachivskoji-miskoji-radi/item/17470-mukachivskyiistorychnyimuzeisereduchasnykivhrantovohoproektuyessmartmuzeisuchasniformypredstavlenniakulturnoispadshchyny | BI29: yes | BJ29: http://www.nizhynrada.gov.ua/article/1272/proekti-msta.html | BK29: yes | BL29: http://nikopol-mrada.dp.gov.ua/vykonavchyi-komitet/viddily-taupravlinnia-nmr/viddil-mizhnarodnoho-spivrobitnytstva-tarozvytku http://nikopol-mrada.dp.gov.ua/ | BM29: no | BO29: yes | BP29: https://www.omr.gov.ua/ua/news/216536 https://www.omr.gov.ua/ua/news/113900 | BQ29: yes | BR29: http://olexrada.gov.ua/doc/eco/cooperation.pdf | BS29: partially | BT29: http://pavlogradmrada.dp.gov.ua/vikonkom-2/rishennya-vikonkomu/pro-stan-realizaci%D1%97-grantovikh-program-u-m-pavlogradi-u-2017-roci-2.html | BU29: yes | BV29: "Session decisions" section | BW29: yes | BX29: http://www.city-adm.rv.ua/RivnePortal/ukr/international_projects.aspx | BY29: yes | BZ29: http://sed-rada.gov.ua/mizhnarodna-spivpracya | CA29: yes | CB29: http://www.slavrada.gov.ua/?view=invest | CC29: yes | CD29: http://finance.sumy.ua/45-proekt-pidvishchennya-energoefektivnosti-v-osvitnikh-zakladakh-m-sumi | CE29: no | CG29: yes | CH29: 1). https://rada-uzhgorod.gov.ua/transkordonna-spivpratsya 2). - https://rada-uzhgorod.gov.ua/post/v-uzhhorodi-bude-realizovuvatysia-shche-odyn-hrantovyi-proekt-spilno-z-partneramy-slovatskym-mikhalovtse-ta-uhorskym-shatoraliauikhei - https://rada-uzhgorod.gov.ua/post/pidpysannia-chotyrokh-hrantovykh-uhod-z-peremozhtsiamy-konkursu-initsiatyv-mistsevykh-karpatskykh-hromad | CI29: no | CK29: no | CM29: yes | CN29: http://www.city.kherson.ua/articles/zaluchennya-mizhnarodnoyi-tehnichnoyi-dopomogi http://www.city.kherson.ua/articles/mizhnarodne-spivrobitnictv | CO29: yes | CP29: https://khm.gov.ua/sites/default/files/Economy/Info_about_finans.pdf http://khm.gov.ua/uk/content/prezentaciya-tehniko-ekonomichne-obgruntuvannya-budivnyctva-smittyepererobnogo-kompleksu-u http://khm.gov.ua/uk/content/zavdyaky-vydobutku-zvalyshchnogo-gazu-zi-smittyezvalyshcha-u-travni-vdalosya-otrymaty-170 http://khm.gov.ua/uk/content/u-hmelnyckomu-vstanovleno-pershi-dva-pidzemni-konteynery-dlya-smittya http://khm.gov.ua/uk/content/vidteper-z-hmelnyckogo-smittyezvalyshcha-specialna-ustanovka-vydobuvaye-gaz-ta-pereroblyaye http://khm.gov.ua/uk/content/na-poligoni-vstanovlyuyut-obladnannya-dlya-degazaciyi-smittyezvalyshcha http://khm.gov.ua/uk/content/ogolosheno-tender-na-vygotovlennya-tehniko-ekonomichnogo-obgruntuvannya-dlya-budivnyctva | CQ29: yes | CR29: http://chmr.gov.ua/ua/text.php?s=8&s1=46&s2=637 | CS29: yes | CT29: http://chernivtsy.eu/portal/4/povidomlennya-pro-ochikuvani-zakupivli-na-2019-rik-po-proektu-nefco-124242.html | CU29: yes | CV29: http://chernigiv-rada.gov.ua/energozberezhennya/ | CW29: yes | CX29: in Facebook and local media
A30: Q29 | B30: Is the information on the open educational and cultural competitions for participation of youth and citizens published on the City Council website? | C30: yes | D30: http://artemrada.gov.ua/20633 http://artemrada.gov.ua/news/24723 | E30: no | G30: yes | H30: https://bmr.gov.ua/index.php?%20id-800001795&L=520 | I30: no | K30: no | M30: yes | N30: https://schoolprojects.vmr.gov.ua/default.aspx https://www.vmr.gov.ua/Lists/CivicOrganizations/ShowContent.aspx?ID=14 https://gromada.vmr.gov.ua/default.aspx | O30: yes | P30: https://dniprorada.gov.ua/uk/page/news | Q30: no | S30: yes | T30: Published as news | U30: no | W30: yes | X30: http://konkurs.mrada.if.ua/#home http://bu.mvk.if.ua/ http://osvita.if.ua/category/olimpiadi-konkursi-zmagannia http://www.mvk.if.ua/osprz | Y30: yes | Z30: http://www.izmail-rada.gov.ua/component/content/article/37-2010-02-23-08-37-13/9238-educationua-2019----- | AA30: yes | AB30: http://kam-pod.gov.ua/economika/granti http://kam-pod.gov.ua/gromadianam/konkurs-molodizhnykh-proektiv | AC30: yes | AD30: http://kam.gov.ua/ua/news/pg/291116117220655_p13/ | AE30: yes | AF30: https://don.kyivcity.gov.ua/content/granty.html https://dk.kyivcity.gov.ua/news/?c=12&d=0 | AG30: yes | AH30: Chapter 21 Section 4 of the Land Code of Ukraine | AI30: yes | AJ30: http://rada.konotop.org/home/2009-04-02-07-55-59 | AK30: no | AM30: no | AO30: no | AQ30: yes | AR30: http://krmisto.gov.ua/ua/competitions_and_festivals.html http://kr.gov.ua/novini | AS30: no | AU30: yes | AV30: http://lis.gov.ua/novosti/notice.html | AW30: yes | AX30: https://www.lutskrada.gov.ua/publications/studentam-zakladiv-vyshchoi-osvity-mista-lutska-ta-volynskoi-oblasti-proponuietsia-pozmahatysia-za-hroshovi-hranty-v-ramkakh-vseukrainskoho-konkursu-rozumnym-buty-modno; https://www.lutskrada.gov.ua/publications/zaproshuiemo-usikh-okhochykh-meshkantsiv-lutska-doluchytysia-do-konkursu-kreatyvna-novorichna-ialynka | AY30: yes | AZ30: http://city-adm.lviv.ua/competitions/505-viddil-hromadskoho-partnerstva/jezultati-konkursiv | BA30: yes | BB30: http://marsovet.org.ua/articles/show/menu/74 | BC30: yes | BD30: http://mlt.gov.ua/index.php?option=com_content&task=blogcategory&id=125&Itemid=389 http://mlt.gov.ua/index.php?option=com_content&task=blogcategory&id=222&Itemid=533 http://mlt.gov.ua/index.php?option=com_content&task=view&id=13662&Itemid=1 | BE30: yes | BF30: http://osvita.mkrada.gov.ua/ http://nmc.mkrada.gov.ua/ , https://mkrada.gov.ua/content/festivali-vistavki-konkursi.html | BG30: yes | BH30: https://mukachevo-rada.gov.ua/index.php/culture/miski-premiji-u-galuzi-kulturi/mukachivska-miska-premiya-imeni-oleksandra-dukhnovicha https://mukachevo-rada.gov.ua/index.php/culture/miski-premiji-u-galuzi-kulturi/mukachivska-miska-literaturna-premiya-imeni-yuriya-mejgesha https://mukachevo-rada.gov.ua/index.php/culture/kulturno-mystetski-proekty-mista/vidkritij-miskij-konkurs-yunikh-pianistiv-zolotij-doshchik https://mukachevo-rada.gov.ua/index.php/miska-vlada/orhany-vykonavchoi-vlady/upravlinnia-miskvykonkomu/upravlinnia-osvity/item/15452-studentykolezhdivtaptumukachevamaiutmozhlyvistvyhratyhrantnanavchannia | BI30: yes | BJ30: http://www.nizhynrada.gov.ua/article/1682/konkursi.html | BK30: no | BM30: no | BO30: yes | BP30: https://omr.gov.ua/ua/open-city/programs/ https://www.omr.gov.ua/ru/acts/council/81377/ https://www.omr.gov.ua/ru/acts/council/96856/ https://www.omr.gov.ua/ru/acts/council/114627/ | BQ30: yes | BR30: http://olexrada.gov.ua/doc/eco/granty.pdf | BS30: no | BU30: yes | BV30: http://www.rada-poltava.gov.ua/news/ http://www.kultura-poltava.gov.ua/ | BW30: yes | BX30: http://www.rosvita.rv.ua/ | BY30: yes | BZ30: http://sed-rada.gov.ua/ogoloshennya | CA30: no | CC30: yes | CD30: https://smr.gov.ua/uk/novini/podiji/6371-u-sumakh-samovdoskonalyuvalisya-molodizhni-pratsivniki.html https://smr.gov.ua/uk/2016-03-14-08-10-17/partijni-ta-gromadski-organizatsiji/konkursy-ta-hranty.html | CE30: no | CG30: yes | CH30: https://rada-uzhgorod.gov.ua/post/slovachchyna-prezentuye-v-uzhgorodi-osvitni-mozhlyvosti-pidpysano-chotyrystoronnyu-ugodu https://rada-uzhgorod.gov.ua/post/v-uzhhorodskii-miskii-radi-z-lideramy-molodi-obhovoryly-realizatsiiu-molodizhnykh-initsiatyv | CI30: no | CK30: no | CM30: yes | CN30: http://www.city.kherson.ua/articles/fond-gromadi-mista-herson-_zahist_-organizovuye-prezentaciyu-programi-pidtrimki-molodizhnih-innovaciy | CO30: yes | CP30: http://khm.gov.ua/uk/content/konkursy-foto-video-blagoustroyu-ta-pryvitannya-do-dnya-mista https://khm.gov.ua/uk/content/hmelnyckyh-studentiv-zaproshuyut-vzyaty-uchast-u-konkursi-rozumnym-buty-modno?fbclid=IwAR1lSGXwh9IQuFJnYknUnfDrjNK06DAT96ppW9B50JAbTtMl-hg143yyiLY https://khm.gov.ua/uk/content/do-21-lypnya-tryvaye-pryyom-zayavok-vid-dyzayneriv-u-ramkah-proektu-modni?fbclid=IwAR1kJli2axUBkx3fz0w0KovJGVUccI1BxbqgYioH8w0yRBV5Sg_dIz082r0 https://khm.gov.ua/uk/content/uvaga-tryvaye-pryyom-dokumentiv-na-zdobuttya-miskyh-premiy-0?fbclid=IwAR0PsfmYfhA7S-nDqAWSAIuxILJ5k-_JUl3fw7AylUC2RKUePIGx2ZRVSJQ https://khm.gov.ua/uk/content/zaproshuyemo-studentiv-koledzhiv-zareyestruvatysya-ta-vzyaty-uchast-u-shkoli-suchasnogo?fbclid=IwAR3EDfsEJUeIw_Pdj6YDpsmti-GXmqonufQ2oDIuN6r3ieCjFt1oA8wH8Ys https://khm.gov.ua/uk/content/molod-mista-hmelnyckogo-maye-unikalnu-mozhlyvist-proyty-stazhuvannya-u-vykonavchyh-organah?fbclid=IwAR3WTpsMfyVxnIxFMN8fe88ldSAA3ooPWRq-WmzrHhIV5P0qKa1iQ3-FUUY https://khm.gov.ua/uk/content/zaproshuyemo-studentiv-vpu-zareyestruvatysya-ta-vzyaty-uchast-u-shkoli-suchasnyh-lideriv?fbclid=IwAR3_XIoG9Pf53klt4zVScR8qZb5WYNwVcZ91AsOwsh_jEUrououPhB_jmj4 https://khm.gov.ua/uk/content/semyklasnykiv-zaproshuyut-vzyaty-uchast-u-vseukrayinskomu-konkursi-dytyachogo-chytannya?fbclid=IwAR3EIsYXcnjuFO92j6jmIFHZZjO-ByjactGlqjy95yoTvs6CWs1dwNSP5sc https://khm.gov.ua/uk/content/startuvav-konkursnyy-vidbir-u-animaciynu-laboratoriyu?fbclid=IwAR085xmR44c6zTEXyxQ0zWvs1CC8M80-yc8He7WKbds3h7uEuu8H04IO7UU https://khm.gov.ua/uk/content/do-9-sichnya-2019-roku-tryvatyme-fotokonkurs-rizdvyanyy-hmelnyckyy?fbclid=IwAR3_XIoG9Pf53klt4zVScR8qZb5WYNwVcZ91AsOwsh_jEUrououPhB_jmj4 | CQ30: yes | CR30: http://chmr.gov.ua/ua/newsread.php?&s=1&s1=18&s2=0&view=16160&p=1 | CS30: yes | CT30: http://chernivtsy.eu/portal/4/studenty-z-riznyh-mist-ukrayiny-zaproponuyut-svoye-bachennya-oblashtuvannya-gromadskogo-prostoru-u-chernivtsyah-89252.html http://chernivtsy.eu/portal/4/tryvaye-pryjom-tvorchyh-robit-na-konkurs-yakby-ya-buv-merom-mista-101020.html http://chernivtsy.eu/portal/4/shkolyari-chernivtsiv-sprobuvaly-sebe-u-roli-miskogo-golovy-71231.html http://chernivtsy.eu/portal/4/konkurs-patriotychnogo-malyunku-ta-plakata-startuvav-u-shkolah-ta-dytsadkah-chernivtsiv-65139.html http://chernivtsy.eu/portal/4/yuni-talanty-chernivtsiv-zaproshuyutsya-do-uchasti-u-iv-mizhnarodnomu-konkursi-festyvali-dytyacho-yunatskoyi-tvorchosti-perlyna-fest-113212.html | CU30: yes | CV30: http://www.chernigiv-rada.gov.ua/news/ | CW30: yes | CX30: http://shostka-rada.gov.ua/investments/fnansov-nstrumenti/ http://shostka-rada.gov.ua/rozvitok_pdprimnictva/
A31: Q30 | B31: Is the list of fields and areas that require the involvement of the relevant international assistance published on the City Council website? | C31: yes | D31: http://artemrada.gov.ua/economics/investment | E31: no | G31: yes | H31: https://bmr.gov.ua/index.php?id=800001796&L=520 | I31: no | K31: no | M31: yes | N31: https://www.vmr.gov.ua/Branches/Lists/EconomicsBusinessAndInvestmens/ShowContent.aspx?ID=309 | O31: yes | P31: https://dniprorada.gov.ua/uk/articles/category/novini/ https://dniprorada.gov.ua/uk/page/komunalne-pidpriemstvo-agenstvo-rozvitku-dnipra-dniprovskoi-miskoi-radi | Q31: no | S31: no | U31: no | W31: partially | X31: http://www.mvk.if.ua/energmod | Y31: yes | Z31: http://www.izmail-rada.gov.ua/2012-02-07-10-14-54/184-2012-02-07-10-13-29/1812-2012-02-07-10-39-03 | AA31: yes | AB31: http://kam-pod.gov.ua/economika/invest-politika/investitsijnij-potentsial-mista http://kam-pod.gov.ua/economika/invest-politika/investitsijni-proekti | AC31: yes | AD31: https://www.google.com/maps/d/viewer?mid=1xKshx22l_ieUP777BZ6cxnqjT24mTgW9&ll=48.53995430908585%2C34.64526550000005&z=12 | AE31: yes | AF31: http://kievcity.gov.ua/news/?c=254 and http://investinkyiv.gov.ua/ua/projects/10 | AG31: no | AH31: http://kovelrada.gov.ua | AI31: no | AK31: yes | AL31: http://konstrada.gov.ua/images/image/2017/10/%D1%81%D0%B2%D0%BE%D0%B1%D0%BE%D0%B4%D0%BD%D1%8B%D0%B5_%D0%BF%D0%BE%D0%BC%D0%B5%D1%89%D0%B5%D0%BD%D0%B8%D1%8F_120116.doc | AM31: no | AO31: no | AQ31: yes | AR31: https://ig.krmisto.gov.ua/ua/feedback/index https://ig.krmisto.gov.ua/en/ideas/index https://kr.gov.ua/investitsiyne_seredovishche | AS31: no | AU31: no | AW31: yes | AX31: https://www.lutskrada.gov.ua/pages/obiekty-enerhoservisu | AY31: no | BA31: yes | BB31: http://marsovet.org.ua/articles/show/menu/558 | BC31: no | BE31: yes | BF31: https://mkrada.gov.ua/documents/27463.html | BG31: no | BI31: no | BK31: no | BM31: no | BO31: yes | BP31: https://omr.gov.ua/ua/business/investment-passport/ https://www.omr.gov.ua/ua/city/departments/economy/ https://investodessa.com/створено is in progress. | BQ31: yes | BR31: http://olexrada.gov.ua/doc/eco/invsest_prop.pdf | BS31: no | BU31: no | BW31: yes | BX31: http://economy.rv.ua/PDZ/ | BY31: yes | BZ31: http://sed-rada.gov.ua/ekonomika/investiciyniy-portal-mista | CA31: yes | CB31: http://www.slavrada.gov.ua/?view=maliy_biznes http://www.slavrada.gov.ua/?view=invest | CC31: yes | CD31: https://smr.gov.ua/uk/2016-03-14-08-11-32/karta-zaluchennya-mizhnarodnoji-dopomogi.html | CE31: yes | CF31: http://rada.te.ua/predprinimatelstvo_i/ | CG31: yes | CH31: https://rada-uzhgorod.gov.ua/strategiya-rozvytku-mista/ https://rada-uzhgorod.gov.ua/rada_docs/show/investytsijnyj-pasport | CI31: no | CK31: no | CM31: yes | CN31: (http://www.city.kherson.ua/articles/zaluchennya-mizhnarodnoyi-tehnichnoyi-dopomogi | CO31: yes | CP31: https://khmcityforum.com/projects/ https://invest.khm.gov.ua/ | CQ31: yes | CR31: http://chmr.gov.ua/ua/textex.php?s=8&s1=203&s2=324 https://www.google.com/maps/d/u/0/viewer?ll=49.44564360736592%2C32.04196389999993&z=12&mid=1LEbTQeHj2JKsGSCxKEMeju6JEhs | CS31: no | CU31: no | CW31: no
A32: Q31 | B32: Is there a separate section on the City Council website for the submission of proposals for attracting the available tools of international cooperation? | C32: yes | D32: http://artemrada.gov.ua/economics/investment | E32: no | G32: yes | H32: https://bmr.gov.ua/index.php?id=800001797&L=520 | I32: no | K32: no | M32: no | O32: no | Q32: no | S32: no | U32: yes | V32: http://invest.zp.gov.ua/uk | W32: yes | X32: http://mvk.if.ua/program | Y32: no | AA32: yes | AB32: http://kam-pod.gov.ua/economika/invest-politika/investitsijni-proekti | AC32: yes | AD32: http://kam.gov.ua/investitsiyna_diyalnist/korisna_informatsiya/ novini_grantiv_ta_fandreyzingu | AE32: no | AG32: no | AI32: no | AK32: no | AM32: no | AO32: no | AQ32: yes | AR32: https://ig.krmisto.gov.ua/ua/feedback/index https://ig.krmisto.gov.ua/en/news/index https://kr.gov.ua/investitsiyne_seredovishche | AS32: yes | AT32: https://www.facebook.com/kropyvnytskyi.invest/ | AU32: yes | AV32: http://lis.gov.ua/sub-ektam-khozyajstvovaniya/investitsii.html | AW32: no | AY32: no | BA32: no | BC32: yes | BD32: http://investmelitopol.org/index.php/search-for-partners/citys-proposition http://investmelitopol.org/index.php/search-for-partners/investors-proposition | BE32: yes | BF32: https://mkrada.gov.ua/content/galuzevi-programi-es.html | BG32: yes | BH32: https://www.mukachevo-rada.gov.ua/index.php/ekonomika/ekonomika-biznes-ta-investytsii/mizhnarodna-tekhnichna-dopomoga/item/17511-perelikmizhnarodnykhfondivtahrantovykhprohramiakinadaiutmizhnarodnutekhnichnudopomohu | BI32: yes | BJ32: http://www.nizhynrada.gov.ua/article/1281/nvestoru.html http://www.nizhynrada.gov.ua/article/1272/proekti-msta.html | BK32: no | BM32: no | BO32: yes | BP32: https://omr.gov.ua/ua/business/investment-passport/ https://www.omr.gov.ua/ua/city/departments/economy/ https://investodessa.com/створено is in progress. | BQ32: yes | BR32: http://olexrada.gov.ua/category/invest_pol | BS32: no | BU32: no | BW32: no | BY32: partially | BZ32: http://sed-rada.gov.ua/ekonomika/investiciyniy-portal-mista | CA32: yes | CB32: http://www.slavrada.gov.ua/?view=invest http://cba.org.ua/mapd/ | CC32: no | CE32: no | CG32: no | CI32: no | CK32: no | CM32: yes | CN32: http://www.city.kherson.ua/articles/zaluchennya-mizhnarodnoyi-tehnichnoyi-dopomogi | CO32: yes | CP32: https://invest.khm.gov.ua/ | CQ32: yes | CR32: http://chmr.gov.ua/ua/files.php?s=8&s1=46&s2=175 | CS32: no | CU32: no | CW32: yes | CX32: http://shostka-rada.gov.ua/investments/fnansov-nstrumenti/
A33: Q32 | B33: Is there a separate section in English on the City Council website, where the foreigners may find postal contact details, phone numbers of the City Council management in specific fields and the mayor? | C33: partially | D33: http://artemrada.gov.ua/ | E33: no | G33: yes | H33: https://bmr.gov.ua/index.php?id=800000871&L=920 | I33: no | K33: no | M33: yes | N33: https://www.vmr.gov.ua/en/Lists/ExecutiveBodies/Default.aspx https://www.vmr.gov.ua/en/Lists/ExecutiveCommittee/Default.aspx https://www.vmr.gov.ua/en/Lists/ExecutiveCommittee/ShowContent.aspx?ID=2 | O33: yes | P33: http://edeputat.dniprorada.gov.ua/en | Q33: no | S33: yes | T33: http://zt-rada.gov.ua/?3398[0]=6279 | U33: yes | V33: https://zp.gov.ua/en | W33: yes | X33: http://www.mvk.if.ua/en/ http://www.mvk.if.ua/de/ http://www.mvk.if.ua/pl/ | Y33: partially | Z33: Google translate link | AA33: no | AC33: yes | AD33: https://drive.google.com/file/d/1GsNUQSTj3xyMdo8zf89hc0svngYA_X28/view | AE33: yes | AF33: https://kmr.gov.ua/uk/content/cooperation | AG33: no | AI33: no | AK33: no | AM33: no | AO33: partially | AP33: Google translate link | AQ33: yes | AR33: https://ig.krmisto.gov.ua/en/feedback/index | AS33: yes | AU33: no | AW33: yes | AX33: https://www.lutskrada.gov.ua/en | AY33: no | BA33: yes | BB33: http://mariupolrada.gov.ua/en/person/bojchenko-vadim-sergijovich http://mariupolradа.gov.ua/en/person/assіstants | BC33: yes | BD33: http://investmelitopol.org/index.php/contacts | BE33: no | BG33: no | BI33: no | BK33: no | BM33: no | BO33: partially | BP33: http://old.omr.gov.ua/ https://www.omr.gov.ua/ English version is in progress. | BQ33: no | BS33: no | BU33: yes | BV33: http://www.rada-poltava.gov.ua/foreign/ | BW33: yes | BX33: http://rivnerada.gov.ua/portal/city | BY33: yes | BZ33: http://sed-rada.gov.ua/informaciya-kontakti/kontakti | CA33: no | CC33: partially | CD33: https://smr.gov.ua/en | CE33: partially | CF33: https://tmrada.gov.ua/en/ | CG33: no | CI33: no | CK33: no | CM33: no | CO33: yes | CP33: https://invest.khm.gov.ua/ http://khm.gov.ua/uk/content/investoru | CQ33: no | CS33: no | CU33: yes | CV33: http://chernigiv-rada.gov.ua/investuite-u-chernihiv/ | CW33: no
A34: Q33 | B34: Is the City Council procurement plan for the current period published on the City Council website? | C34: yes | D34: http://artemrada.gov.ua/18101 | E34: yes | F34: http://www.berdychiv.com.ua/plan-zakupvl/ The information is published on the portal Prozorro | G34: no | I34: yes | J34: "Information for the Entrepreneurs on Tender Procurement of Departments and Offices of the City Council" - "General information on public procurement" | K34: yes | L34: http://brovary-rada.gov.ua/content/derzhavni-zakupivli.html | M34: yes | N34: https://www.vmr.gov.ua/TransparentCity/Lists/TenderPlans/Default.aspx | O34: yes | P34: https://dniprorada.gov.ua/uk/page/vikonavchi-organi-miskoi-radi https://opendata.dniprorada.gov.ua/dataset/річні-плани-закупівель | Q34: no | S34: yes | T34: ZAKUPKI.PROM.UA http://zt-rada.gov.ua/ZakupkiProm | U34: partially | V34: https://zp.gov.ua/uk/documents/category/tenders/ https://zp.gov.ua/uk/page/prozorro-1 http://teploseti.zp.ua/ru/o-kontserne/plany-zakupok/plan_zakupok_2019.php https://prozorro.gov.ua/plan/search?edrpou=03327121 | W34: yes | X34: http://www.mvk.if.ua/rplzak | Y34: yes | Z34: http://www.izmail-rada.gov.ua/2010-03-18-10-53-55 | AA34: yes | AB34: http://kam-pod.gov.ua/gromadianam/zakupivli | AC34: yes | AD34: http://kam.gov.ua/prozori_zakupivli http://kam.gov.ua/prozori_zakupivli/richni_plani_zakupivel_vikonavchikh_ organiv_miskoi_radi http://kam.gov.ua/viddili/upravlinnya_transportnoi_infrastrukturi_ta_zvyazku/ finansova_diyalnist/plan_zakupivel | AE34: yes | AF34: https://kmr.gov.ua/uk/plan-zakupivel https://kyivcity.gov.ua/publichna_informatsiia_Tag_166122.html?number=&dt1=&dt2=&tag=0&cat=21# | AG34: yes | AH34: http://www.kovelrada.gov.ua/tenderni_zakupivli.html | AI34: yes | AJ34: http://rada.konotop.org/component/content/article/10-2009-04-29-08-06-29/7512-2019-07-08-13-50-51 | AK34: yes | AL34: http://konstrada.gov.ua/images/doc/2017/01/20170119rpz.doc | AM34: yes | AN34: http://www.krm.gov.ua/article/view/842 https://odp.krm.gov.ua/dataset/fc523faf-0579-4435-af9d-4ac48751e8ad https://odp.krm.gov.ua/dataset/fc523faf-0579-4435-af9d-4ac48751e8ad | AO34: yes | AP34: https://www.kremen.gov.ua/index.php/rozdil/publichna_inform/dergzakupivli | AQ34: yes | AR34: https://kr.gov.ua/ua/st/pg/300818371429080_s/ | AS34: yes | AT34: http://kr-rada.gov.ua/derzhavni-zakupivli/ http://kr-rada.gov.ua/upravlinnya-z-nadzvichaynih-situatsiy/publichna-informatsiya-snn/ https://prozorro.gov.ua/plan/search?query=26321546 http://kr-rada.gov.ua/site/uploads/files/Vyconavchi%20organy/Upravlinnya-zem-res/plan-zakupivel_na-2019_zi-zminami.pdf https://data.gov.ua/dataset/a08a2471-4881-49ae-bc43-09679a8305a5 | AU34: yes | AV34: http://lis.gov.ua/otkrytye-dannye/21724-plani-zakupivel-vikonavchikh-organiv-lisichanskoji-miskoji-radi.html | AW34: yes | AX34: https://www.lutskrada.gov.ua/pages/richnyi-plan-zakupivel | AY34: yes | AZ34: https://city-adm.lviv.ua/lmr/economy/plany-zakupivel | BA34: yes | BB34: http://mariupolrada.gov.ua/page/elektronni-zakupivli | BC34: partially | BD34: Through "ProZorro" | BE34: partially | BF34: https://www.dzo.com.ua/ | BG34: yes | BH34: https://mukachevo-rada.gov.ua/index.php/vidkryte-misto/derzhavni-zakupivli/plan-po-derzhzakupivliam | BI34: yes | BJ34: http://www.nizhynrada.gov.ua/article/226/zakupvl-konkursi.html | BK34: yes | BL34: http://nikopol-mrada.dp.gov.ua/prijmalnya/koshty-mista/zakupivliza-biudzhetni-koshty/plany-zakupivel | BM34: yes | BN34: http://novomoskovsk-rada.gov.ua/state_buy | BO34: yes | BP34: https://www.omr.gov.ua/ua/open-city/prozorro/ | BQ34: yes | BR34: http://olexrada.gov.ua/category/gov_supply | BS34: yes | BT34: http://pavlogradmrada.dp.gov.ua/category/tenders/docs-torgiv | BU34: yes | BV34: http://www.rada-poltava.gov.ua/files/dod_rpz_110119.zip http://www.rada-poltava.gov.ua/files/dod_rpz_090819.zip | BW34: yes | BX34: http://www.city-adm.rv.ua/RivnePortal/ukr/tender.aspx | BY34: yes | BZ34: http://sed-rada.gov.ua/prozorro | CA34: no | CC34: partially | CD34: https://smr.gov.ua/uk/miska-vlada/vikonavchi-organi/strukturni-pidrozdili-sumskoji-miskoji-radi/2015-12-10-09-03-28/departament-infrastrukturi-mista.html | CE34: yes | CF34: http://rada.te.ua/elektronni_zakupivli/ | CG34: yes | CH34: https://rada-uzhgorod.gov.ua/rada_docs/zakupivli/ | CI34: yes | CJ34: http://uman-rada.gov.ua/index.php/derzhavni-zakupivli | CK34: yes | CL34: http://www.city.kharkov.ua/uk/dokumentyi/gosudarstvennyie-zakupki/zakonodatelstvo.html http://www.city.kharkov.ua/uk/dokumentyi/gosudarstvennyie-zakupki/godovoi-plan-zakupok.html http://www.city.kharkov.ua/uk/dokumentyi/gosudarstvennyie-zakupki/e-tender.html | CM34: no | CO34: yes | CP34: http://khm.gov.ua/uk/content/richni-plany-zakupivel | CQ34: yes | CR34: http://chmr.gov.ua/ua/text.php?s=33&s1=445 http://chmr.gov.ua/ua/sections.php?s=33 | CS34: yes | CT34: http://chernivtsy.eu/portal/zakupivli-2019 https://drive.google.com/drive/folders/1J7QvJvlkvIBQUtrdm5Qrso_EgOs5Z021 | CU34: no | CW34: yes | CX34: http://shostka-rada.gov.ua/purchasing/
A35: Q34 | B35: Is there a separate section on the City Council website containing publication of information on the City Council procurements, including notifications on the planned City Council procurements? | C35: yes | D35: http://artemrada.gov.ua/22966 https://prozorro.gov.ua/plan/search/?query=бахмутська%20міська%20рада https://prozorro.gov.ua/tender/search?edrpou=04052732 | E35: no | G35: yes | H35: https://bmr.gov.ua/index.php?id-800000176 | I35: yes | J35: http://bc-rada.gov.ua/node/5196 | K35: yes | L35: http://brovary-rada.gov.ua/content/derzhavni-zakupivli.html | M35: yes | N35: https://www.vmr.gov.ua/TransparentCity/Lists/TenderMonitoring/Default.aspx | O35: yes | P35: https://dniprorada.gov.ua https://dniprorada.gov.ua/uk/page/prozorro | Q35: yes | R35: http://drohobych-rada.gov.ua/dovidka3/elektronni-zakupivli/ http://drohobych-rada.gov.ua/category/informatsiya-drogobytskoyi-miskoyi-rady-pro-prodazhi-auktsiony-zakupivli-ta-konkursy/ | S35: yes | T35: http://zt-rada.gov.ua/onlineport | U35: yes | V35: https://zp.gov.ua/uk/page/prozorro-1 | W35: yes | X35: http://www.mvk.if.ua/tender | Y35: no | AA35: yes | AB35: http://kam-pod.gov.ua/economika/dergavni-zakupivli/ogoloshennya-pro-derzhavni-zakupivli | AC35: yes | AD35: http://kam.gov.ua/prozori_zakupivli | AE35: yes | AF35: https://kyivaudit.gov.ua/ | AG35: yes | AH35: http://www.kovelrada.gov.ua/tenderni_zakupivli.html | AI35: yes | AJ35: http://rada.konotop.org/2014-02-05-15-19-02/2009-04-29-08-21-32 | AK35: yes | AL35: http://konstrada.gov.ua/sotsialno-ekonomichnij-rozvitok/ekonomika-ta-torgivlya/123-sotsialno-ekonomichnij-rozvitok/ekonomika-ta-torgivlya/168-informatsiya-dlya-biznesa | AM35: yes | AN35: http://www.krm.gov.ua/article/view/830 | AO35: yes | AP35: https://www.kremen.gov.ua/index.php?view=prozorro https://opendata.kremen.gov.ua/dataset/річні-плани-закупівель | AQ35: yes | AR35: https://kr.gov.ua/ua/st/pg/300818848519573_s/ http://krmisto.gov.ua/ua/tenders/purchases/index http://kr.gov.ua/richni_plani_derzhavnikh_zakupivel | AS35: yes | AT35: http://kr-rada.gov.ua/upravlinnya-z-nadzvichaynih-situatsiy/publichna-informatsiya-snn/ https://prozorro.gov.ua/plan/search?query=26321546 prozzoro.gov.ua | AU35: yes | AV35: http://lis.gov.ua/otkrytye-dannye/21724-plani-zakupivel-vikonavchikh-organiv-lisichanskoji-miskoji-radi.html | AW35: yes | AX35: https://www.lutskrada.gov.ua/pages/elektronni-zakupivli-lutskoi-miskoi-rady | AY35: yes | AZ35: https://city-adm.lviv.ua/lmr/economy/elektronni-zakupivli | BA35: yes | BB35: http://mariupolrada.gov.ua/page/informacija-pro-richni-plani-zakupivel | BC35: partially | BD35: http://mlt.gov.ua/index.php?option=com_content&task=view&id=15782&Itemid=538 | BE35: partially | BF35: https://depfin.mkrada.gov.ua/documentation/plani-zakupivel https://www.dzo.com.ua/ | BG35: yes | BH35: https://mukachevo-rada.gov.ua/index.php/vidkryte-misto/derzhavni-zakupivli/2016-02-29-22-01-25 | BI35: yes | BJ35: http://www.nizhynrada.gov.ua/article/1131/rchn-plani-zakupvel.html http://www.nizhynrada.gov.ua/article/1130/elektronn-zakupvl-.htmll | BK35: yes | BL35: http://nikopol-mrada.dp.gov.ua/prijmalnya/koshty-mista/zakupivliza-biudzhetni-koshty | BM35: yes | BN35: http://novomoskovsk-rada.gov.ua/state_buy | BO35: yes | BP35: https://www.omr.gov.ua/ua/open-city/prozorro/ | BQ35: yes | BR35: http://olexrada.gov.ua/category/gov_supply | BS35: yes | BT35: http://pavlogradmrada.dp.gov.ua/category/tenders/ogoloshennya-tender | BU35: partially | BV35: Web portal "Open Data" of Poltava City Council | BW35: yes | BX35: http://www.city-adm.rv.ua/RivnePortal/ukr/tender_richniplany.aspx | BY35: yes | BZ35: http://sed-rada.gov.ua/prozorro | CA35: yes | CB35: http://www.slavrada.gov.ua/?view=prozorro | CC35: no | CE35: yes | CF35: http://rada.te.ua/ogoloshennya-konkurs/ | CG35: yes | CH35: https://rada-uzhgorod.gov.ua/rada_docs/zakupivli/ | CI35: yes | CJ35: http://uman-rada.gov.ua/index.php/derzhavni-zakupivli | CK35: no | CM35: yes | CN35: http://mvk.kherson.ua/komitety-konkursnykh-torgov | CO35: yes | CP35: http://khm.gov.ua/uk/content/monitoryng-miscevyh-zakupivel | CQ35: yes | CR35: http://chmr.gov.ua/ua/text.php?s=33&s1=445 http://chmr.gov.ua/ua/sections.php?s=33 | CS35: yes | CT35: http://chernivtsy.eu/portal/zakupivli-prozorro | CU35: yes | CV35: http://chernigiv-rada.gov.ua/e-zakupivli/ | CW35: yes | CX35: http://shostka-rada.gov.ua/purchasing/
A36: Q35 | B36: Is the information on the completed City Council procurements published in the respective section (type of procurement, date, price, candidates, their proposals, minutes of meetings of the Commission)? | C36: yes | D36: http://artemrada.gov.ua/22966 https://prozorro.gov.ua/tender/search?edrpou=04052732 | E36: no | F36: The information is published on the portal Prozorro | G36: no | I36: yes | J36: "Transparent Budge"t - "Reporting System for Administrators of Budget Funds" | K36: no | M36: yes | N36: https://www.vmr.gov.ua/TransparentCity/Lists/TenderMonitoring/Default.aspx https://opendata.gov.ua/organization/940035d2-fb74-4331-8ee4-42bfefa6ac8d | O36: yes | P36: https://dniprorada.gov.ua https://dniprorada.gov.ua/uk/page/prozorro | Q36: no | S36: yes | T36: ZAKUPKI.PROM.UA http://zt-rada.gov.ua/ZakupkiProm | U36: yes | V36: https://zp.gov.ua/uk/page/prozorro-1 | W36: yes | X36: http://www.mvk.if.ua/tender http://www.mvk.if.ua/dzprot | Y36: yes | Z36: http://www.izmail-rada.gov.ua/2010-03-18-10-53-55 | AA36: yes | AB36: http://kam-pod.gov.ua/gromadianam/zakupivli | AC36: yes | AD36: http://kam.gov.ua/prozori_zakupivli | AE36: yes | AF36: https://kmr.gov.ua/uk/plan-zakupivel | AG36: yes | AH36: http://www.kovelrada.gov.ua/tenderni_zakupivli.html | AI36: yes | AJ36: http://rada.konotop.org/2014-02-05-15-19-02/2009-04-29-08-21-32/7533-2019-09-02-05-51-23 | AK36: no | AM36: yes | AN36: http://www.krm.gov.ua/article/view/842 | AO36: yes | AP36: https://www.kremen.gov.ua/index.php?view=prozorro | AQ36: yes | AR36: https://kr.gov.ua/ua/st/pg/300818848519573_s/ http://krmisto.gov.ua/ua/tenders/purchases/index | AS36: yes | AT36: http://kr-rada.gov.ua/upravlinnya-z-nadzvichaynih-situatsiy/publichna-informatsiya-snn/ https://prozorro.gov.ua/tender/search?edrpou=26321546 https://prozorro.gov.ua/tender/search?edrpou=23227605 prozzoro.gov.ua | AU36: yes | AV36: http://lis.gov.ua/otkrytye-dannye/21487-perelik-ukladenikh-dogovoriv-ukladeni-dogovori-inshi-pravochini-dodatki-dodatkovi-ugodi-ta-inshi-materiali-do-nikh.html | AW36: yes | AX36: http://www.old.lutskrada.gov.ua/elektronni-zakupivli-luckoyi-miskoyi-rady | AY36: yes | AZ36: https://city-adm.lviv.ua/lmr/economy/analiz-zakupivel | BA36: yes | BB36: http://mariupolrada.gov.ua/page/elektronni-zakupivli | BC36: partially | BD36: Through "ProZorro" | BE36: partially | BF36: https://www.dzo.com.ua/ | BG36: yes | BH36: https://mukachevo-rada.gov.ua/index.php/vidkryte-misto/derzhavni-zakupivli/aktualni-zakupivli | BI36: yes | BJ36: http://www.nizhynrada.gov.ua/article/1130/elektronn-zakupvl-.html | BK36: yes | BL36: http://nikopol-mrada.dp.gov.ua/prijmalnya/koshty-mista/zakupivliza-biudzhetni-koshty/zaversheni-zakupivli-arkhiv | BM36: no | BO36: yes | BP36: https://www.omr.gov.ua/ua/open-city/prozorro/ | BQ36: yes | BR36: http://olexrada.gov.ua/category/gov_supply | BS36: no | BU36: partially | BV36: Web portal "Open Data" of Poltava City Council | BW36: no | BY36: yes | BZ36: http://sed-rada.gov.ua/prozorro | CA36: yes | CB36: http://slavrada.gov.ua/?view=prozorro | CC36: no | CE36: yes | CF36: http://rada.te.ua/ogoloshennya-konkurs/ | CG36: yes | CH36: https://rada-uzhgorod.gov.ua/zakupivli-shkil-i-sadkiv-uzhgoroda-na-mapi-portalu-dozorro/ | CI36: yes | CJ36: http://uman-rada.gov.ua/index.php/derzhavni-zakupivli | CK36: yes | CL36: http://www.city.kharkov.ua/uk/dokumentyi/gosudarstvennvie-zakupki/e-tender.html | CM36: yes | CN36: http://mvk.kherson.ua/ogoloshennya-pro-provedennya-zaplanovanoji-zakupki-na-2016-rik | CO36: yes | CP36: http://khm.gov.ua/uk/content/monitoryng-miscevyh-zakupivel | CQ36: yes | CR36: http://chmr.gov.ua/ua/text.php?s=33&s1=445 http://chmr.gov.ua/ua/sections.php?s=33 | CS36: yes | CT36: http://chernivtsy.eu/portal/prozorro-2018 http://chernivtsy.eu/portal/zakup-vk-2018 | CU36: yes | CV36: http://chernigiv-rada.gov.ua/e-zakupivli/ | CW36: yes | CX36: http://shostka-rada.gov.ua/purchasing/
A37: Q36 | B37: Are all the contracts and the amendments thereto published on the City Council website on a regular basis (providing hyperlinks between contracts, invoices and amendments to contracts for easy access to all the documents relating to the respective contract)? | C37: yes | D37: http://artemrada.gov.ua/22966 https://prozorro.gov.ua/tender/search?edrpou=04052732 | E37: no | F37: The information is published on Edata | G37: no | I37: yes | J37: http://www.zvit.pro/ | K37: no | M37: yes | N37: https://www.vmr.gov.ua/TransparentCity/Lists/TenderMonitoring/Default.aspx https://opendata.gov.ua/dataset?groups=oihahcn https://spending.gov.ua/new/disposers/03084813/agreements | O37: yes | P37: https://dniprorada.gov.ua/uk/page/vikonavchi-organi-miskoi-radi https://spending.gov.ua/new/ https://opendata.dniprorada.gov.ua/dataset/перелік-укладених-договорів-укладені-договори-інші-правочини-додатки-додаткові-угоди-та-1 | Q37: no | S37: yes | T37: ZAKUPKI.PROM.UA http://zt-rada.gov.ua/ZakupkiProm | U37: yes | V37: https://zp.gov.ua/uk/page/prozorro-1 | W37: yes | X37: https://spending.gov.ua/new/disposers/04054346/agreements | Y37: yes | Z37: http://www.izmail-rada.gov.ua/2010-03-18-10-53-55 | AA37: yes | AB37: http://kam-pod.gov.ua/gromadianam/zakupivli | AC37: yes | AD37: http://kam.gov.ua/prozori_zakupivli | AE37: yes | AF37: https://kmr.gov.ua/uk/content/informaciya-pro-ukladeni-dogovory/ | AG37: yes | AH37: http://www.kovelrada.gov.ua/tenderni_zakupivli.html https://data.gov.ua/organization/vykonavchyi-komitet-kovelskoyi-miskoyi-rady-volynskoyi-oblasti | AI37: no | AJ37: https://spending.gov.ua | AK37: no | AM37: no | AO37: no | AQ37: yes | AR37: https://kr.gov.ua/ua/st/pg/300818848519573_s/ https://od.kr.gov.ua/ua/odata_dataset/pg/180416948640157/ https://od.kr.gov.ua/ua/odata_list/page/1/ | AS37: yes | AT37: http://kr-rada.gov.ua/upravlinnya-z-nadzvichaynih-situatsiy/publichna-informatsiya-snn/ Edata https://spending.gov.ua/new/ | AU37: partially | AV37: Prozorro link | AW37: no | AY37: yes | AZ37: https://city-adm.lviv.ua/lmr/economy/analiz-zakupivel | BA37: yes | BB37: http://mariupolrada.gov.ua/page/elektronni-zakupivli | BC37: no | BE37: partially | BF37: https://www.dzo.com.ua/ https://prozorro.gov.ua/ | BG37: yes | BH37: https://mukachevo-rada.gov.ua/index.php/vidkryte-misto/derzhavni-zakupivli/2016-02-29-22-01-25 | BI37: no | BK37: yes | BL37: e-data.gov.ua http://nikopol-mrada.dp.gov.ua/prijmalnya/koshty- mista/zakupivli-za-biudzhetni-koshty/dohovory-ta-transaktsiizamovnykiv | BM37: no | BO37: yes | BP37: https://www.omr.gov.ua/ua/open-city/prozorro/ | BQ37: no | BS37: no | BU37: partially | BV37: Web portal "Open Data" of Poltava City Council | BW37: yes | BX37: http://www.city-adm.rv.ua/RivnePortal/ukr/tender_richniplany.aspx | BY37: yes | BZ37: http://sed-rada.org.ua/prozorro | CA37: no | CC37: no | CE37: yes | CF37: https://tmrada.gov.ua/byudget-ternopolya/elektronni-zakupivli/servis-dlya-zdiysnennya-elektronnih-zakupivel/17628.html | CG37: yes | CH37: https://rada-uzhgorod.gov.ua/golovni-rozporyadniki-koshtiv-na-sayti https://rada-uzhgorod.gov.ua/byudzhet-na-mapi/ | CI37: no | CK37: no | CM37: no | CO37: yes | CP37: https://mycity.khm.gov.ua/OpenData/GetAllDocByEdu?eduCode=04060772 | CQ37: yes | CR37: http://chmr.gov.ua/ua/files.php?s=33&s1=363 http://chmr.gov.ua/ua/text.php?s=33&s1=445 http://chmr.gov.ua/ua/files.php?s=33&s1=360 http://chmr.gov.ua/ua/files.php?s=33&s1=361 | CS37: yes | CT37: http://chernivtsy.eu/portal/prozorro-2018 https://drive.google.com/drive/folders/1_iPpYufb3qzBKn75dwulTsMHv-44ojCr | CU37: yes | CV37: http://chernigiv-rada.gov.ua/e-zakupivli/ | CW37: yes | CX37: http://shostka-rada.gov.ua/purchasing/komitet1/
A38: Q37 | B38: Is there a possibility to track on the City Council website in a real-time mode the information on procurements carried out through the Prozorro system with the respective hyperlinks to the current offers? | C38: yes | D38: http://artemrada.gov.ua/22966 https://prozorro.gov.ua/tender/search?edrpou=04052732 | E38: no | G38: yes | H38: https://bmr.gov.ua/index.php?id=800000936 | I38: yes | J38: http://bc-rada.gov.ua/node/8429 | K38: yes | L38: https://spending.gov.ua/new/disposers/04054932/agreements | M38: yes | N38: https://www.vmr.gov.ua/Executives/Lists/DepartmentOfWorkAndSocialProtection/ShowContent.aspx?ID=41 https://www.vmr.gov.ua/TransparentCity/Lists/TenderMonitoring/Default.asp | O38: yes | P38: https://dniprorada.gov.ua/uk/page/prozorro | Q38: yes | R38: http://drohobych-rada.gov.ua/dovidka3/elektronni-zakupivli/ | S38: yes | T38: http://zt-rada.gov.ua/?3398[0]=7912 | U38: yes | V38: https://zp.gov.ua/uk/page/prozorro-1 | W38: yes | X38: http://www.mvk.if.ua/tender | Y38: no | AA38: yes | AB38: http://kam-pod.gov.ua/gromadianam/zakupivli | AC38: yes | AD38: http://kam.gov.ua/prozori_zakupivli | AE38: yes | AF38: https://kmr.gov.ua/uk/plan-zakupivel | AG38: yes | AH38: http://www.kovelrada.gov.ua/tenderni_zakupivli.html | AI38: yes | AJ38: http://rada.konotop.org/2014-02-05-15-19-02/2009-04-29-08-21-32/7533-2019-09-02-05-51-23 | AK38: no | AM38: yes | AN38: https://dozorro.org/customers/04052809/tenders?tid=&status=®ion=&reaction=0 | AO38: yes | AP38: https://www.kremen.gov.ua/index.php?view=prozorro | AQ38: yes | AR38: https://kr.gov.ua/ua/st/pg/300818848519573_s/ | AS38: yes | AT38: http://kr-rada.gov.ua/upravlinnya-z-nadzvichaynih-situatsiy/publichna-informatsiya-snn/ (https://prozorro.gov.ua/tender/search?edrpou=26321546) | AU38: partially | AV38: Prozorro link | AW38: yes | AX38: https://www.lutskrada.gov.ua/pages/elektronni-zakupivli-lutskoi-miskoi-rady | AY38: yes | AZ38: https://city-adm.lviv.ua/lmr/economy/elektronni-zakupivli | BA38: yes | BB38: http://mariupolrada.gov.ua/page/elektronni-zakupivli | BC38: no | BE38: partially | BF38: https://prozorro.gov.ua/ https://www.dzo.com.ua/ | BG38: yes | BH38: https://mukachevo-rada.gov.ua/index.php/vidkryte-misto/derzhavni-zakupivli/aktualni-zakupivli | BI38: yes | BJ38: http://www.nizhynrada.gov.ua/article/1130/elektronn-zakupvl-.html | BK38: yes | BL38: http://nikopol-mrada.dp.gov.ua/prijmalnya/koshtymista/zakupivli-za-biudzhetni-koshty/pryiom-propozytsii http://nikopol-mrada.dp.gov.ua/prijmalnya/koshtymista/zakupivli-za-biudzhetni-koshty/auktsion | BM38: no | BO38: yes | BP38: https://www.omr.gov.ua/ua/open-city/prozorro/ | BQ38: yes | BR38: http://olexrada.gov.ua/category/gov_supply | BS38: no | BU38: no | BW38: no | BY38: yes | BZ38: http://sed-rada.gov.ua/prozorro | CA38: yes | CB38: http://slavrada.gov.ua/?view=prozorro | CC38: no | CE38: yes | CF38: http://rada.te.ua/elektronni_zakupivli/ | CG38: yes | CH38: https://rada-uzhgorod.gov.ua/golovni-rozporyadniki-koshtiv-na-sayti | CI38: no | CK38: no | CM38: no | CO38: yes | CP38: http://khm.gov.ua/uk/content/monitoryng-miscevyh-zakupivel | CQ38: yes | CR38: http://chmr.gov.ua/ua/text.php?s=33&s1=445 http://chmr.gov.ua/ua/sections.php?s=33 | CS38: no | CU38: yes | CV38: http://chernigiv-rada.gov.ua/e-zakupivli/ | CW38: yes | CX38: http://shostka-rada.gov.ua/purchasing/
A39: Q38 | B39: Are the procedure and conditions of communal property objects’ privatization published on the City Council website? | C39: yes | D39: http://artemrada.gov.ua/documents/%D0%B1%D0%B0%D1%85%D0%BC%D1%83%D1%82/125-%D0%B2%D1%96%D0%B4-30012019/20190130-%E2%84%966125-2439 | E39: no | G39: yes | H39: https://bmr.gov.ua/index.php?id=800000880 | I39: yes | J39: http://www.bc-rada.gov.ua/sites/default/files/rada/1179-57-vi.zip | K39: no | M39: yes | N39: https://www.vmr.gov.ua/Branches/Lists/GMDepkomunresursiv/ShowContent.aspx?ID=16 | O39: yes | P39: https://dniprorada.gov.ua/uk/page/poshuk-prijnyatih-dokumentiv-dniprovskoi-miskoi-radi | Q39: yes | R39: https://drohobych-rada.gov.ua/povidomlennya-pro-prodazh-na-elektronnomu-auktsioni-ob-yektiv-komunalnoyi-vlasnosti-terytorialnoyi-gromady-drogobycha/ | S39: yes | U39: yes | V39: https://zp.gov.ua/uk/sessions/48/resolutions/ https://zp.gov.ua/upload/editor/programa_privatizacii_.pdf | W39: yes | X39: http://depkr.if.ua/index.php/2018-09-15-19-23-32/pryvatyzatsiia-komunalnoho-maina/normatyvno-pravovi-akty | Y39: no | AA39: yes | AB39: http://kam-pod.gov.ua/economika/ogoloshennya-pro-komunalne-majno?limit=10&start=10 | AC39: yes | AD39: They are published when applications are received | AE39: yes | AF39: https://kmr.gov.ua/sites/default/files/4225_0.pdf | AG39: yes | AH39: http://www.kovelrada.gov.ua/list_objects_communal_property.html | AI39: yes | AK39: no | AM39: no | AO39: no | AQ39: yes | AR39: https://bi.krmisto.gov.ua/navigator | AS39: yes | AT39: http://kr-rada.gov.ua/uploads/documents/21152-rish_1948_06-11-2018.pdf | AU39: no | AW39: no | AX39: https://www.lutskrada.gov.ua/documents/pro-diialnist-auktsionnoi-komisii-dlia-prodazhu-ob-iektiv-maloi-pryvatyzatsii-shcho-nalezhat-terytorialnii-hromadi-mista-lutska | AY39: yes | AZ39: http://mayno.lviv.ua/normatyvno-pravova-baza/pryvatyzaciya | BA39: no | BC39: no | BE39: no | BG39: yes | BH39: https://mukachevo-rada.gov.ua/index.php/vidkryte-misto/komunalne-majno/auktsion/perelik-ob-ektiv-yaki-pidlyagayut-privatizatsiji | BI39: yes | BJ39: http://www.nizhynrada.gov.ua/article/990/komunalne-mayno.html | BK39: yes | BL39: http://nikopol-mrada.dp.gov.ua/vykonavchyi-komitet/viddilyta-upravlinnia-nmr/upravlinnia-komunalnoho-maina | BM39: no | BO39: yes | BP39: https://www.omr.gov.ua/ua/city/departments/dks/informacionnie-materiali/ https://www.omr.gov.ua/ru/acts/council/104960/ | BQ39: yes | BR39: http://zakon.olexrada.gov.ua/kartka.php?i=c018613 | BS39: no | BU39: yes | BV39: http://odata.rada-poltava.gov.ua | BW39: no | BY39: yes | BZ39: http://sed-rada.gov.ua/diyuchi-programi-sievierodoneckoyi-miskoyi-radi/programa-vidchuzhennya-obiektiv-komunalnoyi-vlasnosti-teritorialnoyi-gromadi-m-sievierodoneck-na-2019-rik | CA39: no | CC39: no | CE39: no | CG39: yes | CH39: https://rada-uzhgorod.gov.ua/media/1/%D0%A0%D0%A1_1457.pdf https://rada-uzhgorod.gov.ua/media/1/%D0%A0%D0%A1_1458.pdf | CI39: yes | CJ39: http://uman-rada.gov.ua/index.php/komunalne-maino | CK39: no | CM39: yes | CN39: "Economic sphere. For the entrepreneur" section | CO39: yes | CP39: https://khm.gov.ua/uk/content/informaciyne-povidomlennya-upravlinnya-komunalnogo-mayna-hmelnyckoyi-miskoyi-rady-pro-3 | CQ39: yes | CR39: http://chmr.gov.ua/ua/newsread.php?view=16391&s=8&s1=48&s2=616 | CS39: yes | CT39: http://chernivtsy.eu/portal/f/mr/ses2015065-1639-d1.doc http://chernivtsy.eu/portal/f/mr/ses2010050-1284.doc http://chernivtsy.eu/portal/f/mr/ses2014055-1354.doc http://chernivtsy.eu/portal/f/mr/ses2015065-1639.doc http://chernivtsy.eu/portal/f/mr/ses2016008-276.doc | CU39: yes | CV39: http://chernigiv-rada.gov.ua/e-zakupivli/ | CW39: yes | CX39: http://shostka-rada.gov.ua/government/departaments/viddil_komunalnoi_vlasnosti/dostup_do_publ_chno_nformac/poryadok-privatizac-derzhavnogo-komunalnogo-majna/
A40: Q39 | B40: Are the procedure and conditions for the deprivation of the right to use communal property objects published on the City Council website? | C40: yes | D40: http://artemrada.gov.ua/documents/%D0%B1%D0%B0%D1%85%D0%BC%D1%83%D1%82/125-%D0%B2%D1%96%D0%B4-30012019/20190130-%E2%84%966125-2439 | E40: no | G40: no | I40: yes | J40: http://www.bc-ukv.org.ua | K40: yes | L40: http://brovary-rada.gov.ua/documents/30702.html | M40: yes | N40: https://www.vmr.gov.ua/Branches/Lists/GMDepkomunresursiv/ShowContent.aspx?ID=15 | O40: yes | P40: https://dniprorada.gov.ua/uk/articles/category/ogoloshennya/ | Q40: no | S40: no | T40: http://zt-rada.gov.ua/?3506[0]=24 | U40: yes | V40: https://zp.gov.ua/uk/documents/item/1237 | W40: yes | X40: http://depkr.if.ua/index.php/2018-09-15-19-23-32/pryvatyzatsiia-komunalnoho-maina/normatyvno-pravovi-akty | Y40: no | AA40: yes | AB40: http://kam-pod.gov.ua/economika/ogoloshennya-pro-komunalne-majno?limit=10&start=10 | AC40: yes | AD40: They are published when applications are received | AE40: yes | AF40: https://kmr.gov.ua/sites/default/files/4225_0.pdf https://kmr.ligazakon.net/document/mr181527$2018_09_27 | AG40: no | AI40: yes | AJ40: http://rada.konotop.org/2009-03-30-12-34-05/2011-08-01-07-24-24/2011-08-01-13-22-14 | AK40: no | AM40: no | AO40: no | AQ40: yes | AR40: https://so.kr.gov.ua/ua/treezasso/p/3033377777_d1/ | AS40: yes | AT40: http://kr-rada.gov.ua/uploads/documents/21152-rish_1948_06-11-2018.pdf | AU40: no | AW40: yes | AX40: https://www.lutskrada.gov.ua/search?q=%D0%B2%D1%96%D0%B4%D1%87%D1%83%D0%B6%D0%B5%D0%BD%D0%BD%D1%8F | AY40: yes | AZ40: http://mayno.lviv.ua/pro-upravlinnya/polozhennya | BA40: no | BC40: no | BE40: no | BG40: yes | BH40: https://mukachevo-rada.gov.ua/index.php/vidkryte-misto/komunalne-majno https://mukachevo-rada.gov.ua/index.php/vidkryte-misto/komunalne-majno/rishennya | BI40: yes | BJ40: http://www.nizhynrada.gov.ua/article/990/komunalne-mayno.html | BK40: no | BM40: no | BO40: no | BQ40: yes | BR40: http://zakon.olexrada.gov.ua/kartka.php?i=c018613 | BS40: no | BU40: yes | BV40: http://odata.rada-poltava.gov.ua/ | BW40: no | BY40: yes | BZ40: http://sed-rada.gov.ua/diyuchi-programi-sievierodoneckoyi-miskoyi-radi/programa-vidchuzhennya-obiektiv-komunalnoyi-vlasnosti-teritorialnoyi-gromadi-m-sievierodoneck-na-2019-rik | CA40: no | CC40: yes | CD40: https://smr.gov.ua/uk/2016-03-14-08-10-17/komunalne-majno-mista/5886-informatsiya-pro-prodazh-na-auktsioni-nezhitlovogo-primishchennya-03-05-2017.html | CE40: no | CG40: yes | CH40: http://cnap.rada-uzhgorod.gov.ua/info/service/152/documents?languageId=0http://cnap.rada-uzhgorod.gov.ua/info/service/160/documents?languageId=0 | CI40: yes | CJ40: http://uman-rada.gov.ua/index.php/komunalne-maino | CK40: no | CM40: yes | CN40: "Economic sphere. For the entrepreneur" section | CO40: yes | CP40: https://khm.gov.ua/uk/content/informaciyne-povidomlennya-upravlinnya-komunalnogo-mayna-hmelnyckoyi-miskoyi-rady-pro-3 https://prozorro.sale/info/elektronni-majdanchiki-ets-prozorroprodazhi-cbd2 | CQ40: yes | CR40: http://chmr.gov.ua/ua/newsread.php?view=16391&s=8&s1=48&s2=616 | CS40: yes | CT40: http://chernivtsy.eu/portal/f/mr/ses2015065-1639-d1.doc http://chernivtsy.eu/portal/f/mr/ses2010050-1284.doc http://chernivtsy.eu/portal/f/mr/ses2014055-1354.doc http://chernivtsy.eu/portal/f/mr/ses2015065-1639.doc http://chernivtsy.eu/portal/f/mr/ses2016008-276.doc | CU40: yes | CV40: http://chernigiv-rada.gov.ua/e-zakupivli/ | CW40: yes | CX40: http://shostka-rada.gov.ua/government/departaments/viddil_komunalnoi_vlasnosti/poryadok-privatizac-derzhavnogo-komunalnogo-majna1/
A41: Q40 | B41: Are the procedure and conditions of the territorial community’s property rental published on the City Council website? | C41: yes | D41: http://artemrada.gov.ua/documents/артемовск/6-созыв/20151223-№676-1357 https://drive.google.com/file/d/1oPFcG4Xephya4cb1_ievEGlZLaF3q-Lm/view | E41: no | G41: no | I41: yes | J41: http://www.bc-ukv.org.ua/конкурси/ | K41: yes | L41: http://brovary-rada.gov.ua/documents/30702.html | M41: yes | N41: https://www.vmr.gov.ua/Branches/Lists/GMDepkomunresursiv/ShowContent.aspx?ID=4 | O41: yes | P41: https://dniprorada.gov.ua/uk/page/orenda-neruhomogo-majna-komunalnoi-vlasnosti | Q41: yes | R41: https://drohobych-rada.gov.ua/analiz-vplyvu-regulyatornogo-aktu-pro-zatverdzhennya-polozhennya-pro-poryadok-ta-umovy-nadannya-pilg-za-korystuvannya-majnom-komunalnoyi-vlasnosti-terytorialnoyi-gromady-m-drogobycha-dlya-byudzhetnyh/ | S41: no | T41: http://zt-rada.gov.ua/?3506[0]=24 | U41: yes | V41: https://zp.gov.ua/uk/documents/item/1237 | W41: yes | X41: http://depkr.if.ua/index.php/2018-09-15-19-23-32/orenda-komunalnoho-maina/normatyvno-pravovi-akty | Y41: no | AA41: yes | AB41: http://kam-pod.gov.ua/economika/ogoloshennya-pro-komunalne-majno?limit=10&start=10 | AC41: yes | AD41: http://kam.gov.ua/ua/news/pg/141118169666173_p9/ | AE41: yes | AF41: https://kmr.ligazakon.net/document/mr150642$2018_12_20 | AG41: yes | AH41: http://www.kovelrada.gov.ua/publichna_informaciya.html | AI41: yes | AJ41: http://rada.konotop.org/2009-03-30-12-34-05/2011-08-01-07-24-24/2011-08-01-13-22-14 | AK41: no | AM41: no | AO41: no | AQ41: yes | AR41: http://kr.gov.ua/ua/osxfile/name/291111692030173_s_2o/ рішення 726 | AS41: yes | AT41: http://kr-rada.gov.ua/files/content/files/vlas-21-01-13.rar | AU41: no | AW41: yes | AX41: https://www.lutskrada.gov.ua/documents/pro-vrehuliuvannia-orendy-nerukhomoho-maina-terytorialnoi-hromady-mista-lutska1 | AY41: yes | AZ41: http://mayno.lviv.ua/normatyvno-pravova-baza/orenda | BA41: no | BC41: no | BE41: yes | BF41: https://mkrada.gov.ua/documents/3004.html | BG41: yes | BH41: https://mukachevo-rada.gov.ua/images/docs/architecture/KM/246-stavki.doc | BI41: yes | BJ41: http://www.nizhynrada.gov.ua/article/990/komunalne-mayno.html | BK41: yes | BL41: http://nikopol-mrada.dp.gov.ua/vykonavchyi-komitet/viddilyta-upravlinnia-nmr/upravlinnia-komunalnoho-maina | BM41: no | BO41: yes | BP41: https://www.omr.gov.ua/ua/city/departments/dks/informacionnie-materiali/ https://www.omr.gov.ua/ru/acts/mayor/7962/ | BQ41: yes | BR41: http://zakon.olexrada.gov.ua/kartka.php?i=c01467 | BS41: yes | BT41: http://pavlogradmrada.dp.gov.ua/kommayno/poryadok-provedennya-konkursu-na-pravo-orendi-majjna.html | BU41: yes | BV41: http://odata.rada-poltava.gov.ua/ | BW41: no | BY41: yes | BZ41: http://sed-rada.gov.ua/diyuchi-programi-sievierodoneckoyi-miskoyi-radi/programa-orendi-obiektiv-komunalnoyi-vlasnosti-teritorialnoyi-gromadi-m-sievierodonecka-luganskoyi-oblasti-na-2019-rik http://sed-rada.gov.ua/pidrozdili-vikonavchih-organiv-miskoyi-radi/fond-komunalnogo-mayna-sievierodoneckoyi-miskoyi-radi | CA41: yes | CB41: http://www.slavrada.gov.ua/?view=doc&docID=3210 | CC41: partially | CD41: https://smr.gov.ua/images/documents/Reestr_diu4ih_norm_aktiv/ Porjadok_peredachi_majna_komunalnoji_vlasnosti.doc | CE41: yes | CF41: https://tmrada.gov.ua/poslugi-ta-mayno-gromadi/mayno-komunalnoi-vlasnosti/normativno-pravova-baza/24196.html | CG41: yes | CH41: http://cnap.rada-uzhgorod.gov.ua/info/service/145/documents?languageId=0 https://rada-uzhgorod.gov.ua/media/1/%D0%A0%D0%A1_1455.pdf | CI41: yes | CJ41: http://uman-rada.gov.ua/index.php/komunalne-maino | CK41: no | CM41: yes | CN41: "Economic sphere. For the entrepreneur" section | CO41: yes | CP41: https://khm.gov.ua/uk/content/vid-13092018-no-684-pro-zatverdzhennya-poryadku-provedennya-konkursu-na-pravo-orendy | CQ41: yes | CR41: http://chmr.gov.ua/ua/notice.php?s=8&s1=48&s2=187 | CS41: yes | CT41: http://chernivtsy.eu/portal/f/mr/ses2009047-1180.doc http://chernivtsy.eu/portal/f/mr/ses2011018-364.doc http://chernivtsy.eu/portal/f/mr/ses2013043-1049.doc http://chernivtsy.eu/portal/f/mr/ses2009047-1180-pol.doc http://chernivtsy.eu/portal/f/mr/ses2009047-1180-d.doc | CU41: yes | CV41: http://chernigiv-rada.gov.ua/e-zakupivli/ | CW41: yes | CX41: http://www.shostka-rada.gov.ua/documents/rishennya_rada/rshennya_shostkinsko_msko_radi_vigo_sklikannya/sessiya6/pro_udoskonalennya_orendnih_vdnosin_u_shostka/
A42: Q41 | B42: Is the procedure of competition for the right to purchase/rent the territorial community’s property published on the City Council website? | C42: yes | D42: https://drive.google.com/file/d/1oPFcG4Xephya4cb1_ievEGlZLaF3q-Lm/view | E42: no | F42: The information is published on the portal Prozorro | G42: yes | H42: https://bmr.gov.ua/index.php?id=800000880 | I42: yes | J42: http://www.bc-ukv.org.ua/аукціони/ | K42: no | M42: yes | N42: https://www.vmr.gov.ua/Branches/Lists/GMDepkomunresursiv/ShowContent.aspx?ID=4 | O42: yes | P42: https://dniprorada.gov.ua/uk/articles/category/ogoloshennya/ | Q42: no | S42: no | T42: http://zt-rada.gov.ua/?3506[0]=24 | U42: yes | V42: https://zp.gov.ua/uk/documents/item/1237 https://zp.gov.ua/uk/documents/item/1237 https://zp.gov.ua/upload/editor/programa_privatizacii_.pdf | W42: yes | X42: http://depkr.if.ua/index.php/2018-09-15-19-23-32/orenda-komunalnoho-maina/normatyvno-pravovi-akty http://depkr.if.ua/index.php/2018-09-15-19-23-32/pryvatyzatsiia-komunalnoho-maina/normatyvno-pravovi-akty | Y42: yes | Z42: http://izmail-rada.gov.ua/2010-06-08-07-00-19/2013-06-05-05-35-55/9179-2019-06-06-13-55-34 http://izmail-rada.gov.ua/component/content/article/55-2010-03-18-12-40-14/9161-2019-05-29-13-39-39 | AA42: yes | AB42: http://kam-pod.gov.ua/economika/ogoloshennya-pro-komunalne-majno?limit=10&start=10 | AC42: yes | AD42: http://kam.gov.ua/ua/news/pg/141118436657775_p9/ | AE42: yes | AF42: https://kmr.ligazakon.net/document/mr150642$2018_12_20 | AG42: yes | AH42: http://www.kovelrada.gov.ua/publichna_informaciya.html | AI42: yes | AJ42: http://rada.konotop.org/2009-03-30-12-34-05/2011-08-01-07-24-24/2011-08-01-13-22-14 | AK42: no | AM42: no | AO42: yes | AP42: https://kremen.gov.ua/index.php/download/file/22579728082866784 | AQ42: yes | AR42: http://kr.gov.ua/ua/osxfile/name/291111692030173_s_2o/ рішення 726 | AS42: yes | AT42: http://kr-rada.gov.ua/files/content/files/vlas-21-01-13.rar | AU42: yes | AV42: http://lis.gov.ua/2011-03-25-08-36-56/resheniya/resheniya-sessij-gorodskogo-soveta/393-resheniya-sessij-gorodskogo-soveta-6-sozyva/resheniya-45-sessii-6-go-sozyva.html | AW42: yes | AX42: https://www.lutskrada.gov.ua/documents/pro-vdoskonalennya-organizaciyi-ta-provedennya-konkursiv-na-pravo-orendy-nezhytlovyh | AY42: yes | AZ42: https://city-adm.lviv.ua/competitions | BA42: no | BC42: no | BE42: partially | BF42: https://mkrada.gov.ua/documents/3004.html | BG42: yes | BH42: https://mukachevo-rada.gov.ua/index.php/vidkryte-misto/komunalne-majno/rishennya | BI42: no | BK42: no | BM42: no | BO42: yes | BP42: https://www.omr.gov.ua/ua/city/departments/dks/informacionnie-materiali/ https://www.omr.gov.ua/ru/acts/mayor/7962/ https://www.omr.gov.ua/ua/news/215868 | BQ42: yes | BR42: http://zakon.olexrada.gov.ua/kartka.php?i=c02146 | BS42: no | BU42: yes | BV42: http://odata.rada-poltava.gov.ua/ | BW42: no | BY42: yes | BZ42: http://sed-rada.gov.ua/diyuchi-programi-sievierodoneckoyi-miskoyi-radi/programa-orendi-obiektiv-komunalnoyi-vlasnosti-teritorialnoyi-gromadi-m-sievierodonecka-luganskoyi-oblasti-na-2019-rik https://data.gov.ua/dataset/d7f7840d-b364-462c-92b6-24978a5aa454 | CA42: yes | CB42: http://www.slavrada.gov.ua/?view=doc&docID=3210 | CC42: yes | CD42: https://smr.gov.ua/uk/2016-03-14-08-10-17/komunalne-majno-mista/orenda-nerukhomogo-majna/1876-dokumenti-shcho-podayutsya-uchasnikom-konkursu-na-pravo-orendi-komunalnogo-majna.html | CE42: no | CG42: yes | CH42: https://rada-uzhgorod.gov.ua/sesija | CI42: yes | CJ42: http://uman-rada.gov.ua/index.php/komunalne-maino | CK42: no | CM42: yes | CN42: "Economic sphere. For the entrepreneur" section | CO42: yes | CP42: https://khm.gov.ua/uk/content/vid-13092018-no-684-pro-zatverdzhennya-poryadku-provedennya-konkursu-na-pravo-orendy | CQ42: yes | CR42: http://chmr.gov.ua/ua/notice.php?s=8&s1=48&s2=187 | CS42: yes | CT42: http://chernivtsy.eu/portal/f/mr/ses2009047-1180-pol.doc | CU42: yes | CV42: http://chernigiv-rada.gov.ua/e-zakupivli/ | CW42: yes | CX42: http://www.shostka-rada.gov.ua/documents/rishennya_rada/rshennya_shostkinsko_msko_radi_vigo_sklikannya/sessiya6/pro_udoskonalennya_orendnih_vdnosin_u_shostka/
A43: Q42 | B43: Is the information on the planned competitive procedures for the sale/rental of the territorial community’s property published on the City Council website? | C43: yes | D43: http://artemrada.gov.ua/news/23462 | E43: no | G43: yes | H43: https://bmr.gov.ua/index.php? id=800000396&no_cache=l https://bmr.gov.ua/index.php? id=800000384&no_cache=1 | I43: yes | J43: "Administration of communal property and concession informs" | K43: yes | L43: http://brovary-rada.gov.ua/news/18027.html | M43: yes | N43: https://www.vmr.gov.ua/Lists/Actual/ShowNews.aspx?ID=1067 | O43: yes | P43: https://dniprorada.gov.ua/uk/articles/category/konkursi/, https://dniprorada.gov.ua/uk/articles/category/ogoloshennya/ | Q43: yes | R43: http://drohobych-rada.gov.ua/category/informatsiya-drogobytskoyi-miskoyi-rady-pro-prodazhi-auktsiony-zakupivli-ta-konkursy/ | S43: no | T43: http://zt-rada.gov.ua/?3398[0]=8395 | U43: yes | V43: https://zp.gov.ua/uk/page/karta-rozdilu-ekonomika https://zp.gov.ua/uk/page/admin-services https://zp.gov.ua/uk/page/orenda-ta-privatizaciya https://zp.gov.ua/uk/sessions/48/resolutions | W43: yes | X43: http://depkr.if.ua/index.php/2018-09-15-19-23-32/orenda-komunalnoho-maina/konkursy-na-pravo-orendy http://depkr.if.ua/index.php/2018-09-15-19-23-32/orenda-komunalnoho-maina/oholoshennia-pro-namir-peredaty-v-orendu-obiekty-komunalnoi-vlasnosti http://depkr.if.ua/index.php/2018-09-15-19-23-32/pryvatyzatsiia-komunalnoho-maina/auktsiony-z-prodazhu-komunalnoho-maina | Y43: yes | Z43: http://izmail-rada.gov.ua/2010-06-08-07-00-19/2013-06-05-05-35-55/9179-2019-06-06-13-55-34 | AA43: yes | AB43: http://kam-pod.gov.ua/economika/ogoloshennya-pro-komunalne-majno?limit=10&start=10 | AC43: yes | AD43: http://kam.gov.ua/ua/news/pg/141118771021785_p9/ | AE43: yes | AF43: https://kyivcity.gov.ua/publichna_informatsiia_Tag_166122.html?number=&dt1=&dt2=&tag=0&cat=3# https://kmr.gov.ua/privatizac | AG43: yes | AH43: http://www.kovelrada.gov.ua/rent_communal_property.html | AI43: yes | AJ43: http://rada.konotop.org/2009-03-30-12-34-05/2011-08-01-07-24-24/2011-08-01-13-22-14 | AK43: no | AM43: yes | AN43: http://www.krm.gov.ua/article/view/169 | AO43: no | AQ43: yes | AR43: http://kr.gov.ua/karta_saytu_pidrozdili_vikonkomu/upravlinnya_komunalnoi_vlasnosti_mista/ofitsiyni_povidomlennya | AS43: yes | AT43: https://data.gov.ua/dataset/a94794c6-9ee7-433e-b74f-79d277adb5e7 | AU43: yes | AV43: http://lis.gov.ua/upravlenie-sobstvennosti/novosti/21690-27-veresnya-konkurs-z-vidboru-vikonavtsiv-robit-iz-zemleustroyu.html | AW43: yes | AX43: https://www.lutskrada.gov.ua/departments/viddil-upravlinnia-mainom-miskoi-komunalnoi-vlasnosti/publications | AY43: yes | AZ43: https://city-adm.lviv.ua/competitions | BA43: yes | BB43: http://mariupolrada.gov.ua/page/ogoloshennia-pro-provedennia-zakupivli-zhitla http://mariupolrada.gov.ua/page/obekti-neruhomogo-maina-komunalnoi-vlasnosti-teritoriainoi-gromadi-mista-mariupolja http://mariupolrada.gov.ua/page/orenda-maina-miskoi-komunalnoi-vlasnosti | BC43: yes | BD43: http://mlt.gov.ua/index.php?option=com_content&task=blogcategory&id=104&Itemid=355 | BE43: partially | BF43: https://mkrada.gov.ua/news/8700.html | BG43: yes | BH43: https://mukachevo-rada.gov.ua/index.php/vidkryte-misto/komunalne-majno https://mukachevo-rada.gov.ua/index.php/vidkryte-misto/komunalne-majno/auktsion/ogoloshennya-pro-provedennya | BI43: no | BK43: no | BM43: no | BO43: yes | BP43: https://omr.gov.ua/ua/news/216647/ https://www.omr.gov.ua/ua/news/217065 https://www.omr.gov.ua/ua/news/215868 | BQ43: yes | BR43: http://olexrada.gov.ua/category/privatization/privat_info | BS43: yes | BT43: http://pavlogradmrada.dp.gov.ua/category/kommayno/orenda http://pavlogradmrada.dp.gov.ua/kommayno/privatizaciya/informacijjne-povidomlennya-20.html | BU43: yes | BV43: http://odata.rada-poltava.gov.ua/ | BW43: yes | BX43: http://www.city-adm.rv.ua/RivnePortal/ukr/Units/upr/komun/komun_index_public_info.aspx | BY43: yes | BZ43: http://sed-rada.gov.ua/pidrozdili-vikonavchih-organiv-miskoyi-radi/fond-komunalnogo-mayna-sievierodoneckoyi-miskoyi-radi https://data.gov.ua/dataset/7508614d-a059-4649-88bd-cc9eb4f09c1d | CA43: yes | CB43: http://www.slavrada.gov.ua/?view=km http://www.slavrada.gov.ua/?view=obyav http://www.slavrada.gov.ua/?view=obyav&obyavID=24107 http://www.slavrada.gov.ua/?view=obyav&obyavID=23666 | CC43: yes | CD43: https://smr.gov.ua/uk/2016-03-14-08-10-17/komunalne-majno-mista/orenda-nerukhomogo-majna/182-ogoloshennya-pro-provedennya-konkursu.html | CE43: yes | CF43: http://rada.te.ua/ogoloshennya-konkurs/ogoloshennya/ http://rada.te.ua/mayno_komunalnoi_vla/ | CG43: no | CI43: yes | CJ43: http://uman-rada.gov.ua/index.php/komunalne-maino | CK43: yes | CL43: http://wvww.city.kharkov.ua/uk/dokumentyi/obyavleniya.html | CM43: yes | CN43: "Economic sphere. For the entrepreneur" section | CO43: yes | CP43: https://khm.gov.ua/uk/content/informaciya-pro-pryynyattya-rishennya-pro-pryvatyzaciyu https://khm.gov.ua/uk/content/informaciyne-povidomlennya-upravlinnya-komunalnogo-mayna-hmelnyckoyi-miskoyi-rady-pro-3 https://khm.gov.ua/uk/content/informaciyne-povidomlennya-upravlinnya-komunalnogo-mayna-hmelnyckoyi-miskoyi-rady-pro-1 https://khm.gov.ua/uk/content/informaciya-pro-ogoloshennya-konkursu-z-vyznachennya-orendariv-neruhomogo-mayna-yake-0 | CQ43: yes | CR43: http://chmr.gov.ua/ua/notice.php?s=8&s1=48&s2=187 | CS43: yes | CT43: http://chernivtsy.eu/portal/6/departamentom-rozvytku-miskoyi-rady-rozmishheno-v-elektronnij-torgovij-systemi-prozorro-prodazhi-torgovyj-majdanchyk-smarttender-informatsijni-povidomlennya-pro-pryvatyzatsiyu-ob-yektiv-komunalnoyi-vl-126527.html#more-126527 http://chernivtsy.eu/portal/6/departament-rozvytku-ogoloshuye-pro-namiry-peredaty-v-orendu-neruhome-majno-2-126652.html#more-126652 http://chernivtsy.eu/portal/6/departament-rozvytku-chernivetskoyi-miskoyi-rady-ogoloshuye-konkurs-na-pravo-ukladennya-dogovoru-orendy-nezhytlovogo-prymishhennya-126654.html#more-126654 | CU43: yes | CV43: http://chernigiv-rada.gov.ua/komvl-ogoloshennya/ | CW43: yes | CX43: http://shostka-rada.gov.ua/vddl-komunalno-vlasnost-nformu/
A44: Q43 | B44: Is the information on results of the competitive procedures of the sale/rental of the communal property objects published on the City Council website? | C44: yes | D44: http://artemrada.gov.ua/21844 | E44: yes | F44: The information is published on the main page of the portal | G44: yes | H44: https://bmr.gov.ua/index.php?id=800000396&nocache=l | I44: yes | J44: http://www.bc-ukv.org.ua/конкурси/ | K44: no | M44: yes | N44: https://www.vmr.gov.ua/Branches/Lists/GMDepkomunresursiv/ShowContent.aspx?ID=15 https://www.vmr.gov.ua/Branches/Lists/GMDepkomunresursiv/ShowContent.aspx?ID=16 | O44: yes | P44: https://dniprorada.gov.ua/uk/articles/category/konkursi/, https://dniprorada.gov.ua/uk/articles/category/ogoloshennya/ | Q44: no | S44: no | T44: http://zt-rada.gov.ua/?3398[0]=8578; http://zt-rada.gov.ua/?3398[0]=7843 | U44: yes | V44: https://zp.gov.ua/uk/page/karta-rozdilu-ekonomika https://zp.gov.ua/uk/page/admin-services https://zp.gov.ua/uk/page/orenda-ta-privatizaciya | W44: yes | X44: http://depkr.if.ua/index.php/2018-09-15-19-23-32/pryvatyzatsiia-komunalnoho-maina/povidomlennia-pro-zavershennia-pryvatyzatsii-komunalnoho-maina http://depkr.if.ua/index.php/2018-09-15-19-23-32/orenda-komunalnoho-maina/konkursy-na-pravo-orendy | Y44: yes | Z44: http://izmail-rada.gov.ua/component/content/article/55-2010-03-18-12-40-14/9124-2019-05-13-13-13-02 | AA44: yes | AB44: http://kam-pod.gov.ua/documents/of-docs-miskradi/rishennia-vikonkom | AC44: yes | AD44: http://kam.gov.ua/ua/news/pg/141118771021785_p9/ http://kam.gov.ua/ua/news/pg/210219579504138_p9/ | AE44: yes | AF44: https://gukv.gov.ua/%d0%bf%d1%80%d0%be%d1%82%d0%be%d0%ba%d0%be%d0%bb%d0%b8/ https://gukv.gov.ua/wp-content/uploads/2019/09/перелік_ПРИВАТИЗОВАНИХ_%202019_04.09.2019.pdf | AG44: yes | AH44: http://www.kovelrada.gov.ua/news.html | AI44: yes | AJ44: http://rada.konotop.org/2009-03-30-12-34-05/2011-08-01-07-24-24/2011-08-01-13-22-14 | AK44: no | AM44: no | AO44: partially | AP44: https://www.kremen.gov.ua/index.php/download/file/8102847614739901712 | AQ44: yes | AR44: http://kr.gov.ua/karta_saytu_pidrozdili_vikonkomu/upravlinnya_komunalnoi_vlasnosti_mista/ofitsiyni_povidomlennya | AS44: yes | AT44: https://data.gov.ua/dataset/a94794c6-9ee7-433e-b74f-79d277adb5e7 | AU44: no | AW44: no | AX44: https://www.lutskrada.gov.ua/departments/viddil-upravlinnia-mainom-miskoi-komunalnoi-vlasnosti/publications | AY44: yes | AZ44: https://city-adm.lviv.ua/competitions/267489-misto-peredaie-v-orendu-3-obiekty-nerukhomoho-maina | BA44: no | BC44: yes | BD44: http://mlt.gov.ua/index.php?option=com_content&task=view&id=16524&Itemid=355 | BE44: partially | BF44: https://mkrada.gov.ua/news/8759.html | BG44: yes | BH44: https://mukachevo-rada.gov.ua/index.php/vidkryte-misto/komunalne-majno https://mukachevo-rada.gov.ua/index.php/vidkryte-misto/komunalne-majno/auktsion/rezultati-ta-protokoli | BI44: yes | BJ44: http://www.nizhynrada.gov.ua/article/990/komunalne-mayno.html | BK44: no | BM44: no | BO44: yes | BP44: https://omr.gov.ua/ua/news/216740 https://www.omr.gov.ua/ua/news/214755 | BQ44: no | BS44: no | BU44: yes | BV44: http://data.gov.ua | BW44: no | BY44: yes | BZ44: http://sed-rada.gov.ua/fond-komunalnogo-mayna-sievierodoneckoyi-miskoyi-radi/zvit-pro-robotu-fondu-komunalnogo-mayna-sievierodoneckoyi-miskoyi-radi-za-2018-rik https://data.gov.ua/dataset/d7f7840d-b364-462c-92b6-24978a5aa454 https://data.gov.ua/dataset/8ef999c7-bc89-4b8d-8d33-6673845452dc | CA44: no | CC44: yes | CD44: https://smr.gov.ua/uk/2016-03-14-08-10-17/komunalne-majno-mista/orenda-nerukhomogo-majna/2226-orenda-nerukhomogo-majna.html https://smr.gov.ua/uk/2016-03-14-08-10-17/komunalne-majno-mista/orenda-nerukhomogo-majna/1881-pro-namiri-peredachi-v-orendu-komunalnogo-majna.html https://smr.gov.ua/uk/2016-03-14-08-10-17/komunalne-majno-mista/5583-privatizovano-shlyakhom-prodazhu-na-auktsioni-16-02-2017.html https://smr.gov.ua/uk/2016-03-14-08-10-17/komunalne-majno-mista/6231-informatsiya-pro-prodazh-na-auktsioni-nezhitlovogo-primishchennya.html | CE44: yes | CF44: http://rada.te.ua/ogoloshennya-konkurs/ogoloshennya/49975.html | CG44: no | CI44: yes | CJ44: http://uman-rada.gov.ua/index.php/komunalne-maino | CK44: no | CM44: yes | CN44: "Economic sphere. For the entrepreneur" section | CO44: yes | CP44: https://khm.gov.ua/uk/content/informaciya-pro-rezultaty-prodazhu-obyekta-maloyi-pryvatyzaciyi-miskoyi-komunalnoyi-2 https://khm.gov.ua/uk/content/informaciya-shchodo-provedennya-konkursu-po-vyznachennyu-orendariv-cilisnyh-maynovyh-4 | CQ44: yes | CR44: http://chmr.gov.ua/ua/news.php?s=8&s1=48&s2=221 http://chmr.gov.ua/ua/news.php?s=8&s1=48&s2=616 http://chmr.gov.ua/ua/news.php?s=8&s1=48&s2=304 | CS44: yes | CT44: http://chernivtsy.eu/portal/29/departamentu-rozvytku-miskoyi-rady-informuye-pro-te-shho-08-08-2019-roku-vidbulycya-elektronni-torgy-3-ob-yektiv-komunalnoyi-vlasnosti-m-chernivtsiv-127077.html#more-127077 http://chernivtsy.eu/portal/29/departament-rozvytku-chernivetskoyi-miskoyi-rady-informuye-126109.html#more-126109 | CU44: yes | CV44: http://chernigiv-rada.gov.ua/news/id-36987/ | CW44: yes | CX44: http://shostka-rada.gov.ua/vddl-komunalno-vlasnost-nformu/
A45: Q44 | B45: Is the analysis of expediency of the sale/rental of property, including available financial maintenance expenses and the projected amount of revenues to the city budget published before every sale/rental on the City Council website? | C45: no | E45: no | G45: no | I45: no | K45: yes | L45: https://drive.google.com/file/d/lt%20KNjoaL4xRLd1JABxU21QgfZzETJ2Mf/view | M45: no | O45: no | Q45: no | S45: yes | U45: no | W45: no | Y45: no | AA45: no | AC45: no | AE45: no | AG45: no | AI45: no | AJ45: http://rada.konotop.org/2009-03-30-12-34-05/2011-08-01-07-24-24/2011-08-01-13-22-14 | AK45: no | AM45: no | AO45: no | AQ45: no | AS45: yes | AT45: https://data.gov.ua/dataset/a94794c6-9ee7-433e-b74f-79d277adb5e7 | AU45: no | AW45: no | AY45: yes | AZ45: https://city-adm.lviv.ua/competitions/267489-misto-peredaie-v-orendu-3-obiekty-nerukhomoho-maina | BA45: no | BC45: no | BE45: partially | BF45: https://mkrada.gov.ua/news/10955.html | BG45: no | BI45: yes | BJ45: http://www.nizhynrada.gov.ua/article/990/komunalne-mayno.html | BK45: no | BM45: no | BO45: no | BQ45: no | BS45: no | BU45: no | BW45: no | BY45: yes | BZ45: http://sed-rada.gov.ua/diyuchi-programi-sievierodoneckoyi-miskoyi-radi/programa-vidchuzhennya-obiektiv-komunalnoyi-vlasnosti-teritorialnoyi-gromadi-m-sievierodoneck-na-2019-rik http://sed-rada.gov.ua/zviti-za-2018-rik/zvit-pro-vikonannya-programi-vidchuzhennya-obiektiv-komunalnoyi-vlasnosti-teritorialnoyi-gromadi-m-sievierodoneck-za-2018-rik http://sed-rada.gov.ua/fond-komunalnogo-mayna-sievierodoneckoyi-miskoyi-radi/zvit-pro-robotu-fondu-komunalnogo-mayna-sievierodoneckoyi-miskoyi-radi-za-2018-rik | CA45: no | CC45: no | CE45: no | CG45: no | CI45: yes | CJ45: http://uman-rada.gov.ua/index.php/komunalne-maino | CK45: yes | CL45: https://www.city.kharkov.ua/uk/dokumentyi/komunaln-zakladi-kulturyi-shho-berut-uchast-u-vdkritomu-konkurs.html | CM45: no | CO45: yes | CP45: http://khm.gov.ua/uk/content/ogoloshennya-pro-namir-peredaty-mayno-v-orendu-stanom-na-23082019 | CQ45: no | CS45: no | CU45: no | CW45: no
A46: Q45 | B46: Are the results of competitions for the sale/rental of property published on the City Council website on a regular basis? | C46: yes | D46: http://artemrada.gov.ua/21844 | E46: yes | F46: The information is published on the main page of the portal | G46: yes | H46: https://bmr.gov.ua/index.php? id=800000396&no_cache=l https://bmr.gov.ua/index.php? id=800000384&no_cache=l | I46: yes | J46: "Administration of communal property and concession informs" | K46: yes | L46: http://brovary-rada.gov.ua/documents/28454.html | M46: yes | N46: https://www.vmr.gov.ua/Branches/Lists/GMDepkomunresursiv/ShowContent.aspx?ID=15 https://www.vmr.gov.ua/Branches/Lists/GMDepkomunresursiv/ShowContent.aspx?ID=16 | O46: yes | P46: https://dniprorada.gov.ua/uk/articles/category/konkursi/, https://dniprorada.gov.ua/uk/articles/category/ogoloshennya/ | Q46: no | S46: yes | T46: "Announcements" section | U46: yes | V46: https://zp.gov.ua/uk/page/karta-rozdilu-ekonomika https://zp.gov.ua/uk/page/admin-services https://zp.gov.ua/uk/page/orenda-ta-privatizaciya | W46: yes | X46: http://depkr.if.ua/index.php/2018-09-15-19-23-32/pryvatyzatsiia-komunalnoho-maina/povidomlennia-pro-zavershennia-pryvatyzatsii-komunalnoho-maina http://depkr.if.ua/index.php/2018-09-15-19-23-32/orenda-komunalnoho-maina/konkursy-na-pravo-orendy | Y46: yes | Z46: http://izmail-rada.gov.ua/component/content/article/55-2010-03-18-12-40-14/9124-2019-05-13-13-13-02 | AA46: yes | AB46: http://kam-pod.gov.ua/documents/of-docs-miskradi/rishennia-vikonkom | AC46: yes | AD46: http://kam.gov.ua/ua/news/pg/210219579504138_p9/ | AE46: yes | AF46: https://kyivcity.gov.ua/publichna_informatsiia_Tag_166122.html?number=&dt1=&dt2=&tag=0&cat=3# https://kmr.gov.ua/privatizac | AG46: yes | AH46: http://www.kovelrada.gov.ua/news.htm | AI46: no | AK46: no | AM46: no | AO46: no | AQ46: yes | AR46: https://kr.gov.ua/ua/news/pg/260719105639507_s/ | AS46: yes | AT46: https://data.gov.ua/dataset/a94794c6-9ee7-433e-b74f-79d277adb5e7 | AU46: no | AW46: no | AY46: yes | AZ46: https://city-adm.lviv.ua/competitions | BA46: yes | BB46: http://mariupolada.gov.ua/privatisation | BC46: no | BD46: - | BE46: yes | BF46: https://mkrada.gov.ua/content/informaciya-pro-hid-ta-rezultati-vidchuzhennya-komunalnogo-mayna-m-mikolaeva.html https://mkrada.gov.ua/news/8759.html | BG46: yes | BH46: https://mukachevo-rada.gov.ua/index.php/vidkryte-misto/komunalne-majno/auktsion/rezultati-ta-protokoli | BI46: yes | BJ46: http://www.nizhynrada.gov.ua/article/990/komunalne-mayno.html | BK46: no | BM46: no | BO46: yes | BP46: https://www.omr.gov.ua/ua/acts/mayor/100688/ https://www.omr.gov.ua/ua/acts/mayor/55088/ | BQ46: no | BS46: no | BU46: yes | BV46: http://data.gov.ua | BW46: no | BY46: yes | BZ46: http://sed-rada.gov.ua/fond-komunalnogo-mayna-sievierodoneckoyi-miskoyi-radi/zvit-pro-robotu-fondu-komunalnogo-mayna-sievierodoneckoyi-miskoyi-radi-za-2018-rik https://data.gov.ua/dataset/d7f7840d-b364-462c-92b6-24978a5aa454 https://data.gov.ua/dataset/d7f7840d-b364-462c-92b6-24978a5aa454 https://data.gov.ua/dataset/8ef999c7-bc89-4b8d-8d33-6673845452dc https://data.gov.ua/dataset/ | CA46: no | CC46: yes | CD46: https://smr.gov.ua/uk/2016-03-14-08-10-17/komunalne-majno-mista/privatizovano-shlyakhom-vikupu.html https://smr.gov.ua/uk/2016-03-14-08-10-17/komunalne-majno-mista/orenda-nerukhomogo-majna/6770-perelik-ob-ektiv-komunalnoji-vlasnosti-shcho-peredani-v-orendu-chi-inshe-pravo-koristuvannya.html https://smr.gov.ua/uk/2016-03-14-08-10-17/komunalne-majno-mista/orenda-nerukhomogo-majna/2226-orenda-nerukhomogo-majna.html https://smr.gov.ua/uk/2016-03-14-08-10-17/komunalne-majno-mista/orenda-nerukhomogo-majna/182-ogoloshennya-pro-provedennya-konkursu.html https://smr.gov.ua/uk/2016-03-14-08-10-17/komunalne-majno-mista/orenda-nerukhomogo-majna/192-pidsumki-konkursu.html | CE46: yes | CF46: "Auctions, Tenders, Announcements, Tenders" and "Announcements-Auctions" sections | CG46: yes | CH46: https://rada-uzhgorod.gov.ua/page/komunalna-vlasnist-2/ | CI46: yes | CJ46: http://uman-rada.gov.ua/index.php/komunalne-maino | CK46: yes | CL46: http://www.city.kharkov.ua/uk/dokumentyi/obyavleniya.html | CM46: yes | CN46: "Economic sphere. For the entrepreneur" section | CO46: yes | CP46: https://khm.gov.ua/uk/content/informaciya-pro-rezultaty-prodazhu-obyekta-maloyi-pryvatyzaciyi-miskoyi-komunalnoyi-2 https://khm.gov.ua/uk/content/informaciya-shchodo-provedennya-konkursu-po-vyznachennyu-orendariv-cilisnyh-maynovyh-4 | CQ46: yes | CR46: http://chmr.gov.ua/ua/news.php?s=8&s1=48&s2=221 | CS46: yes | CT46: http://chernivtsy.eu/portal/29/departamentu-rozvytku-miskoyi-rady-informuye-pro-te-shho-08-08-2019-roku-vidbulycya-elektronni-torgy-3-ob-yektiv-komunalnoyi-vlasnosti-m-chernivtsiv-127077.html#more-127077 http://chernivtsy.eu/portal/29/departament-rozvytku-chernivetskoyi-miskoyi-rady-informuye-126109.html#more-126109 | CU46: yes | CV46: http://chernigiv-rada.gov.ua/komvl-objekty/ | CW46: yes | CX46: http://shostka-rada.gov.ua/vddl-komunalno-vlasnost-nformu/
A47: Q46 | B47: Is the information regarding every sold/rented object with indication of the amount of revenues to the city budget and a person who has won the competition published on the City Council website? | C47: yes | D47: http://artemrada.gov.ua/16616 | E47: no | G47: yes | H47: https://bmr.gov.ua/index.php? id=800000396&no_cache= 1 https://bmr.gov.ua/index.php? id=800000384&no_cache=l | I47: no | K47: no | M47: yes | N47: https://www.vmr.gov.ua/Branches/Lists/GMDepkomunresursiv/ShowContent.aspx?ID=15 | O47: yes | P47: https://dniprorada.gov.ua/uk/articles/category/konkursi/, https://dniprorada.gov.ua/uk/articles/category/ogoloshennya/ | Q47: no | S47: yes | T47: "Announcements" section | U47: yes | V47: https://zp.gov.ua/uk/page/karta-rozdilu-ekonomika https://zp.gov.ua/uk/page/admin-services https://zp.gov.ua/uk/page/orenda-ta-privatizaciya | W47: yes | X47: http://depkr.if.ua/index.php/2018-09-15-19-23-32/pryvatyzatsiia-komunalnoho-maina/povidomlennia-pro-zavershennia-pryvatyzatsii-komunalnoho-maina http://depkr.if.ua/index.php/2018-09-15-19-23-32/orenda-komunalnoho-maina/konkursy-na-pravo-orendy | Y47: partially | Z47: http://izmail-rada.gov.ua/component/content/article/55-2010-03-18-12-40-14/9124-2019-05-13-13-13-02 http://izmail-rada.gov.ua/component/content/article/55-2010-03-18-12-40-14/9220-2019-07-01-13-28-44 | AA47: yes | AB47: http://kam-pod.gov.ua/documents/of-docs-miskradi/rishennia-vikonkom | AC47: yes | AD47: http://kam.gov.ua/ua/news/pg/210219579504138_p9/ http://kam.gov.ua/ua/news/pg/141118284469070_p9/ | AE47: yes | AF47: https://gukv.gov.ua/%d0%bf%d1%80%d0%be%d1%82%d0%be%d0%ba%d0%be%d0%bb%d0%b8/ https://gukv.gov.ua/wp-content/uploads/2019/09/перелік_ПРИВАТИЗОВАНИХ_%202019_04.09.2019.pdf | AG47: yes | AH47: http://www.kovelrada.gov.ua/news.htm | AI47: yes | AK47: no | AM47: no | AO47: no | AQ47: yes | AR47: https://kr.gov.ua/ua/news/pg/260719105639507_s/ | AS47: no | AU47: no | AW47: no | AY47: no | BA47: no | BC47: no | BE47: yes | BF47: https://mkrada.gov.ua/content/informaciya-pro-hid-ta-rezultati-vidchuzhennya-komunalnogo-mayna-m-mikolaeva.html https://mkrada.gov.ua/news/8759.html | BG47: yes | BH47: https://mukachevo-rada.gov.ua/index.php/vidkryte-misto/komunalne-majno/auktsion/rezultati-ta-protokoli/item/15368-rezultatyprotokoly | BI47: yes | BJ47: http://www.nizhynrada.gov.ua/article/990/komunalne-mayno.html | BK47: no | BM47: no | BO47: yes | BP47: https://www.omr.gov.ua/ua/acts/mayor/100688/ https://www.omr.gov.ua/ua/acts/mayor/55088/ | BQ47: no | BS47: no | BU47: yes | BV47: http://data.gov.ua | BW47: no | BY47: yes | BZ47: https://data.gov.ua/dataset/d7f7840d-b364-462c-92b6-24978a5aa454 https://data.gov.ua/dataset/8ef999c7-bc89-4b8d-8d33-6673845452dc | CA47: yes | CB47: http://slavrada.gov.ua/uploads/File/orenda/orenda_ukv.pdf http://www.slavrada.gov.ua/?view=km | CC47: yes | CD47: https://smr.gov.ua/uk/2016-03-14-08-10-17/komunalne-majno-mista/privatizovano-shlyakhom-vikupu/14080-privatizovanou-2019-rotsi.html https://smr.gov.ua/uk/2016-03-14-08-10-17/komunalne-majno-mista/5583-privatizovano-shlyakhom-prodazhu-na-auktsioni-16-02-2017.html https://smr.gov.ua/uk/2016-03-14-08-10-17/komunalne-majno-mista/orenda-nerukhomogo-majna/192-pidsumki-konkursu.html | CE47: partially | CF47: http://rada.te.ua/ogoloshennya-konkurs/ogoloshennya/49975.html | CG47: yes | CH47: https://rada-uzhgorod.gov.ua/rada_docs/biudzhet-2019 | CI47: yes | CJ47: http://uman-rada.gov.ua/index.php/komunalne-maino | CK47: no | CM47: yes | CN47: "Economic sphere. For the entrepreneur" section | CO47: yes | CP47: https://khm.gov.ua/uk/content/informaciya-pro-rezultaty-prodazhu-obyekta-maloyi-pryvatyzaciyi-miskoyi-komunalnoyi-2 https://khm.gov.ua/uk/content/vid-08082019-no-652-pro-peredachu-v-orendu-neruhomogo-mayna-miskoyi-komunalnoyi-vlasnosti | CQ47: yes | CR47: http://chmr.gov.ua/ua/news.php?s=8&s1=48&s2=616 http://chmr.gov.ua/ua/news.php?s=8&s1=48&s2=304 | CS47: yes | CT47: http://chernivtsy.eu/portal/29/departamentu-rozvytku-miskoyi-rady-informuye-pro-te-shho-08-08-2019-roku-vidbulycya-elektronni-torgy-3-ob-yektiv-komunalnoyi-vlasnosti-m-chernivtsiv-127077.html#more-127077 http://chernivtsy.eu/portal/29/departament-rozvytku-chernivetskoyi-miskoyi-rady-informuye-126109.html#more-126109 | CU47: yes | CV47: http://chernigiv-rada.gov.ua/komvl-objekty/ | CW47: yes | CX47: http://shostka-rada.gov.ua/vddl-komunalno-vlasnost-nformu/
